Workbook

Sheet Расчет дотаций
B1: Распределение дотаций местным бюджетам на поддержку мер по обеспечению сбалансированности местных бюджетов
A2: За 2019 год
A3: Наименование муниципального образования | B3: Отсутствие просроченной кредиторской задолженности местного бюджета (консолидированного бюджета городского округа с внутригородским делением, консолидированного бюджета муниципального района) по состоянию на конец отчетного периода | D3: Объем алкогольной продукции, зафиксированный в единой государственной автоматизированной информационной системе (дкл.) | H3: Эффективность муниципального земельного контроля (единиц) | L3: Уровень задолженности предприятий жилищно-коммунального хозяйства за ранее потребленные топливно-энергетические ресурсы по состоянию на конец отчетного периода (млн. рублей) | P3: Общая площадь введенного в эксплуатацию жилья с учетом индивидуального жилищного строительства (кв.м.) | T3: Валовой сбор зерна в весе после доработки (тыс. тонн) | X3: Производство молока во всех категориях хозяйств (тонн) | AB3: Производство скота и птицы на убой (в живом весе) во всех категориях хозяйств (тонн) | AF3: Численность занятых в сфере малого и среднего предпринимательства (чел.) | AJ3: Сводная оценка выполнения социально-экономических показателей | AK3: Годовое значение, тыс. рублей | AL3: Распределение за отчетный период, тыс. рублей | AM3: Отклонение от планируемого распределения, тыс. рублей | AN3: Ранее предоставленные стимулирующие субсидии в 2019 году, тыс. рублей | BA3: Удержано стимулирующих субсидий за март-ноябрь 2019 года в связи с исполнением показателей за 2018 год, тыс. рублей | BB3: Распределение за отчётный период за вычетом предоставлен-ных стимулирующих субсидий за январь-ноябрь 2019 года, тыс. рублей | BC3: Соблюдение условий предоставления стимулирующихдотаций*: | BI3: Распределение (+) / Взыскание (-) за отчётный период с учетом выполнения условий предоставления стимулирующих дотаций, тыс. рублей | BJ3: Распределение (+) / Взыскание (-) стимулирующих дотаций за отчётный период с учетом консолидации дотаций по поселениям (внутригородским районам) в бюджеты муниципальных районов (городского округа с внутригородским делением), тыс. рублей
AN4: Авансирование (распоряжение МУФ СО от 23.01.2019 № 01-08/4) | AO4: За январь | AP4: За февраль | AQ4: За март | AR4: За апрель | AS4: Авансирование (распоряжение МУФ СО от 19.06.2019 № 01-08/22) | AT4: За май | AU4: За июнь | AV4: За июль | AW4: За август | AX4: За сентябрь | AY4: За октябрь | AZ4: За ноябрь | BC4: Соблюдение норматива формирования расходов на содержание органов местного самоуправления | BD4: для муниципальных районов и городских округов (городских округов с внутригородским делением) | BF4: для всех поселений | BG4: для всех муниципальных образований | BH4: выполнение по итогам 2019 года соглашения о мерах по повышению эффективности использования бюджетных средств и увеличению поступлений налоговых и неналоговых доходов местного бюджета
BD5: доля дотаций на выравнивание бюджетной обеспеченности в доходах бюджета (без учета субвенций) за 2018 год > 20 % | BE5: муниципальный долг на 01.01.2020 > 90% от утвержденного общего годового объема доходов без учета утвержденного объема безвозмездных поступлений | BG5: неувеличение объема муниципального долга в части кредитов кредитных организаций в 2019 году
B6: Исполнение | C6: Вес | D6: Прогнозное значение | E6: Фактически сложившийся уровень | F6: Исполнение с уч. корректир. макс. перевыполнения | G6: Вес | H6: Прогнозное значение | I6: Фактически сложившийся уровень | J6: Исполнение с уч. корректир. макс. перевыполнения | K6: Вес | L6: Прогнозное значение | M6: Фактически сложившийся уровень | N6: Исполнение с уч. корректир. макс. перевыполнения | O6: Вес | P6: Прогнозное значение | Q6: Фактически сложившийся уровень | R6: Исполнение с уч. корректир. макс. перевыполнения | S6: Вес | T6: Прогнозное значение | U6: Фактически сложившийся уровень | V6: Исполнение с уч. корректир. макс. перевыполнения | W6: Вес | X6: Прогнозное значение | Y6: Фактически сложившийся уровень | Z6: Исполнение с уч. корректир. макс. перевыполнения | AA6: Вес | AB6: Прогнозное значение | AC6: Фактически сложившийся уровень | AD6: Исполнение с уч. корректир. макс. перевыполнения | AE6: Вес | AF6: Прогнозное значение | AG6: Фактически сложившийся уровень | AH6: Исполнение с уч. корректир. макс. перевыполнения | AI6: Вес | BD6: непривлечение кредитов кредитных организаций в 2019 году
A7: 1 | B7: 2 | C7: 3 | D7: 4 | E7: 5 | F7: 6=5/4 | G7: 7 | H7: 8 | I7: 9 | J7: 10=9/8 | K7: 11 | L7: 12 | M7: 13 | N7: 14=12/13 | O7: 15 | P7: 16 | Q7: 17 | R7: 18=17/16 | S7: 19 | T7: 20 | U7: 21 | V7: 22=21/20 | W7: 23 | X7: 24 | Y7: 25 | Z7: 26=25/24 | AA7: 27 | AB7: 28 | AC7: 29 | AD7: 30=29/28 | AE7: 31 | AF7: 32 | AG7: 33 | AH7: 34 | AI7: 35 | AJ7: 36 | AK7: 37 | AL7: 38=36*37 | AM7: 39=38-37 | AN7: 40 | AO7: 41 | AP7: 42 | AQ7: 43 | AR7: 44 | AS7: 45 | AT7: 46 | AU7: 47 | AV7: 48 | AW7: 49 | AX7: 50 | AY7: 51 | AZ7: 52 | BA7: 53 | BB7: 54=38-(40+…+53) | BC7: 55 | BD7: 56 | BE7: 57 | BF7: 58 | BG7: 59 | BH7: 60 | BI7: 61 | BJ7: 62
A8: Городские округа (городской округ с внутригородским делением) | D8: =SUM(D9:D18) -> 1434762 | E8: =SUM(E9:E18) -> 1541416.5 | F8: =IF(E8/D8>1.2,IF((E8/D8-1.2)*0.1+1.2>1.3,1.3,(E8/D8-1.2)*0.1+1.2),E8/D8) -> 1.074336 | H8: =SUM(H9:H18) -> 52700 | I8: =SUM(I9:I18) -> 65000 | J8: =IF(I8/H8>1.2,IF((I8/H8-1.2)*0.1+1.2>1.3,1.3,(I8/H8-1.2)*0.1+1.2),I8/H8) -> 1.2033397 | L8: =SUM(L9:L18) -> 3371.8 | M8: =SUM(M9:M18) -> 3188.8 | N8: =IF(L8/M8>1.2,IF((L8/M8-1.2)*0.1+1.2>1.3,1.3,(L8/M8-1.2)*0.1+1.2),L8/M8) -> 1.0573884 | P8: =SUM(P9:P18) -> 1286551 | Q8: =SUM(Q9:Q18) -> 957811 | R8: =IF(Q8/P8>1.2,IF((Q8/P8-1.2)*0.1+1.2>1.3,1.3,(Q8/P8-1.2)*0.1+1.2),Q8/P8) -> 0.74447962 | AK8: =SUM(AK9:AK18) -> 1827656 | AL8: =SUM(AL9:AL18) -> 1896960.8 | AM8: =SUM(AM9:AM18) -> 69304.8 | AN8: =SUM(AN9:AN18) -> 0 | AO8: =SUM(AO9:AO18) -> 152874.7 | AP8: =SUM(AP9:AP18) -> 152227.2 | AQ8: =SUM(AQ9:AQ18) -> 166414.7 | AR8: =SUM(AR9:AR18) -> 183190.2 | ... BB8: =SUM(BB9:BB18) -> -30055.6 | BI8: =SUM(BI9:BI18) -> -37210.1 | BJ8: =SUM(BJ9:BJ18) -> -37254.6
A9: Самара | B9: 1 | C9: 15 | D9: 765408 | E9: 831322.3 | F9: =IF(G9=0,0,IF(D9=0,1,IF(E9<0,0,IF(E9/D9>1.2,IF((E9/D9-1.2)*0.1+1.2>1.3,1.3,(E9/D9-1.2)*0.1+1.2),E9/D9)))) -> 1.0861166 | G9: 15 | H9: 6985 | I9: 11644 | J9: =IF(K9=0,0,IF(H9=0,1,IF(I9<0,0,IF(I9/H9>1.2,IF((I9/H9-1.2)*0.1+1.2>1.3,1.3,(I9/H9-1.2)*0.1+1.2),I9/H9)))) -> 1.2467001 | K9: 20 | L9: 1518 | M9: 1325.6 | N9: =IF(O9=0,0,IF(M9=0,1.3,IF(M9<0,0,IF(L9/M9>1.2,IF((L9/M9-1.2)*0.1+1.2>1.3,1.3,(L9/M9-1.2)*0.1+1.2),L9/M9)))) -> 1.1451418 | O9: 15 | P9: 868923 | Q9: 619267 | R9: =IF(S9=0,0,IF(P9=0,1,IF(Q9<0,0,IF(Q9/P9>1.2,IF((Q9/P9-1.2)*0.1+1.2>1.3,1.3,(Q9/P9-1.2)*0.1+1.2),Q9/P9)))) -> 0.7126834 | S9: 15 | T9: Х | U9: Х | V9: Х | W9: Х | X9: Х | Y9: Х | Z9: Х | AA9: Х | AB9: Х | AC9: Х | AD9: Х | AE9: Х | AF9: Х | AG9: Х | AH9: Х | AI9: Х | AJ9: =(B9*C9+F9*G9+J9*K9+N9*O9+R9*S9)/(C9+G9+K9+O9+S9) -> 1.0511641 | AK9: 296098 | AL9: =ROUND(AJ9*AK9,1) -> 311247.6 | AM9: =AL9-AK9 -> 15149.6 | AO9: 25174.8 | AP9: 26268.6 | AQ9: 29461.4 | AR9: 31975.9 | AT9: 24790.5 | AU9: 19458.4 | AV9: 40935.4 | AW9: 26475.8 | AX9: 37852.5 | AY9: 38684.4 | AZ9: 19763.6 | BA9: 1708.3 | BB9: =ROUND(AL9-SUM(AN9:BA9),1) -> -11302 | BI9: =IF(OR(BC9="+",BD9="+",BE9="+",BF9="+",BG9="+",BH9="+"),0,BB9) -> -11302 | BJ9: =ROUND(BI9+BI19,1) -> -11346.5
A10: Тольятти | B10: 1 | C10: 15 | D10: 328712 | E10: 354322.7 | F10: =IF(G10=0,0,IF(D10=0,1,IF(E10<0,0,IF(E10/D10>1.2,IF((E10/D10-1.2)*0.1+1.2>1.3,1.3,(E10/D10-1.2)*0.1+1.2),E10/D10)))) -> 1.0779123 | G10: 15 | H10: 11775 | I10: 12965 | J10: =IF(K10=0,0,IF(H10=0,1,IF(I10<0,0,IF(I10/H10>1.2,IF((I10/H10-1.2)*0.1+1.2>1.3,1.3,(I10/H10-1.2)*0.1+1.2),I10/H10)))) -> 1.1010616 | K10: 20 | L10: 281.1 | M10: 230.7 | N10: =IF(O10=0,0,IF(M10=0,1.3,IF(M10<0,0,IF(L10/M10>1.2,IF((L10/M10-1.2)*0.1+1.2>1.3,1.3,(L10/M10-1.2)*0.1+1.2),L10/M10)))) -> 1.2018466 | O10: 15 | P10: 262230 | Q10: 176442 | R10: =IF(S10=0,0,IF(P10=0,1,IF(Q10<0,0,IF(Q10/P10>1.2,IF((Q10/P10-1.2)*0.1+1.2>1.3,1.3,(Q10/P10-1.2)*0.1+1.2),Q10/P10)))) -> 0.67285208 | S10: 15 | T10: Х | U10: Х | V10: Х | W10: Х | X10: Х | Y10: Х | Z10: Х | AA10: Х | AB10: Х | AC10: Х | AD10: Х | AE10: Х | AF10: Х | AG10: Х | AH10: Х | AI10: Х | AJ10: =(B10*C10+F10*G10+J10*K10+N10*O10+R10*S10)/(C10+G10+K10+O10+S10) -> 1.0163799 | AK10: 712744 | AL10: =ROUND(AJ10*AK10,1) -> 724418.7 | AM10: =AL10-AK10 -> 11674.7 | AO10: 55175 | AP10: 55079.3 | AQ10: 72825.2 | AR10: 92364.6 | AT10: 66494.3 | AU10: 40997.3 | AV10: 98636.7 | AW10: 68728.3 | AX10: 94498.7 | AY10: 78599.5 | AZ10: 47573.4 | BB10: =ROUND(AL10-SUM(AN10:BA10),1) -> -46553.6 | BI10: =IF(OR(BC10="+",BD10="+",BE10="+",BF10="+",BG10="+",BH10="+"),0,BB10) -> -46553.6 | BJ10: =ROUND(BI10,1) -> -46553.6
A11: Сызрань | B11: 1 | C11: 15 | D11: 107838 | E11: 111082.3 | F11: =IF(G11=0,0,IF(D11=0,1,IF(E11<0,0,IF(E11/D11>1.2,IF((E11/D11-1.2)*0.1+1.2>1.3,1.3,(E11/D11-1.2)*0.1+1.2),E11/D11)))) -> 1.0300849 | G11: 15 | H11: 5888 | I11: 6296 | J11: =IF(K11=0,0,IF(H11=0,1,IF(I11<0,0,IF(I11/H11>1.2,IF((I11/H11-1.2)*0.1+1.2>1.3,1.3,(I11/H11-1.2)*0.1+1.2),I11/H11)))) -> 1.0692935 | K11: 20 | L11: 1106.9 | M11: 1292.4 | N11: =IF(O11=0,0,IF(M11=0,1.3,IF(M11<0,0,IF(L11/M11>1.2,IF((L11/M11-1.2)*0.1+1.2>1.3,1.3,(L11/M11-1.2)*0.1+1.2),L11/M11)))) -> 0.85646859 | O11: 15 | P11: 45123 | Q11: 43410 | R11: =IF(S11=0,0,IF(P11=0,1,IF(Q11<0,0,IF(Q11/P11>1.2,IF((Q11/P11-1.2)*0.1+1.2>1.3,1.3,(Q11/P11-1.2)*0.1+1.2),Q11/P11)))) -> 0.9620371 | S11: 15 | T11: Х | U11: Х | V11: Х | W11: Х | X11: Х | Y11: Х | Z11: Х | AA11: Х | AB11: Х | AC11: Х | AD11: Х | AE11: Х | AF11: Х | AG11: Х | AH11: Х | AI11: Х | AJ11: =(B11*C11+F11*G11+J11*K11+N11*O11+R11*S11)/(C11+G11+K11+O11+S11) -> 0.98893411 | AK11: 167666 | AL11: =ROUND(AJ11*AK11,1) -> 165810.6 | AM11: =AL11-AK11 -> -1855.4 | AO11: 14092 | AP11: 15633.9 | AQ11: 4420.1 | AR11: 10966.7 | AT11: 12429.7 | AU11: 14315.2 | AV11: 15155.1 | AW11: 16161.4 | AX11: 8742.3 | AY11: 22793.7 | AZ11: 15242.4 | BA11: 16395.6 | BB11: =ROUND(AL11-SUM(AN11:BA11),1) -> -537.5 | BI11: =IF(OR(BC11="+",BD11="+",BE11="+",BF11="+",BG11="+",BH11="+"),0,BB11) -> -537.5 | BJ11: =ROUND(BI11,1) -> -537.5
A12: Новокуйбышевск | B12: 1 | C12: 15 | D12: 71133 | E12: 73245.7 | F12: =IF(G12=0,0,IF(D12=0,1,IF(E12<0,0,IF(E12/D12>1.2,IF((E12/D12-1.2)*0.1+1.2>1.3,1.3,(E12/D12-1.2)*0.1+1.2),E12/D12)))) -> 1.0297007 | G12: 15 | H12: 4344 | I12: 4645 | J12: =IF(K12=0,0,IF(H12=0,1,IF(I12<0,0,IF(I12/H12>1.2,IF((I12/H12-1.2)*0.1+1.2>1.3,1.3,(I12/H12-1.2)*0.1+1.2),I12/H12)))) -> 1.069291 | K12: 20 | L12: 152.3 | M12: 80.8 | N12: =IF(O12=0,0,IF(M12=0,1.3,IF(M12<0,0,IF(L12/M12>1.2,IF((L12/M12-1.2)*0.1+1.2>1.3,1.3,(L12/M12-1.2)*0.1+1.2),L12/M12)))) -> 1.2684901 | O12: 15 | P12: 29000 | Q12: 30130 | R12: =IF(S12=0,0,IF(P12=0,1,IF(Q12<0,0,IF(Q12/P12>1.2,IF((Q12/P12-1.2)*0.1+1.2>1.3,1.3,(Q12/P12-1.2)*0.1+1.2),Q12/P12)))) -> 1.0389655 | S12: 15 | T12: Х | U12: Х | V12: Х | W12: Х | X12: Х | Y12: Х | Z12: Х | AA12: Х | AB12: Х | AC12: Х | AD12: Х | AE12: Х | AF12: Х | AG12: Х | AH12: Х | AI12: Х | AJ12: =(B12*C12+F12*G12+J12*K12+N12*O12+R12*S12)/(C12+G12+K12+O12+S12) -> 1.0805396 | AK12: 72029 | AL12: =ROUND(AJ12*AK12,1) -> 77830.2 | AM12: =AL12-AK12 -> 5801.2 | AO12: 7303.6 | AP12: 6389.4 | AQ12: 7588.6 | AR12: 0 | AT12: 6062 | AU12: 12606.7 | AV12: 0 | AW12: 6559 | AX12: 16450.6 | AY12: 7715.8 | AZ12: 0 | BB12: =ROUND(AL12-SUM(AN12:BA12),1) -> 7154.5 | BG12: + | BI12: =IF(OR(BC12="+",BD12="+",BE12="+",BF12="+",BG12="+",BH12="+"),0,BB12) -> 0 | BJ12: =ROUND(BI12,1) -> 0
A13: Чапаевск | B13: 1 | C13: 15 | D13: 30975 | E13: 34743.3 | F13: =IF(G13=0,0,IF(D13=0,1,IF(E13<0,0,IF(E13/D13>1.2,IF((E13/D13-1.2)*0.1+1.2>1.3,1.3,(E13/D13-1.2)*0.1+1.2),E13/D13)))) -> 1.1216562 | G13: 15 | H13: 4344 | I13: 6677 | J13: =IF(K13=0,0,IF(H13=0,1,IF(I13<0,0,IF(I13/H13>1.2,IF((I13/H13-1.2)*0.1+1.2>1.3,1.3,(I13/H13-1.2)*0.1+1.2),I13/H13)))) -> 1.2337063 | K13: 20 | L13: 57.4 | M13: 56 | N13: =IF(O13=0,0,IF(M13=0,1.3,IF(M13<0,0,IF(L13/M13>1.2,IF((L13/M13-1.2)*0.1+1.2>1.3,1.3,(L13/M13-1.2)*0.1+1.2),L13/M13)))) -> 1.025 | O13: 15 | P13: 9146 | Q13: 10334 | R13: =IF(S13=0,0,IF(P13=0,1,IF(Q13<0,0,IF(Q13/P13>1.2,IF((Q13/P13-1.2)*0.1+1.2>1.3,1.3,(Q13/P13-1.2)*0.1+1.2),Q13/P13)))) -> 1.1298928 | S13: 15 | T13: Х | U13: Х | V13: Х | W13: Х | X13: Х | Y13: Х | Z13: Х | AA13: Х | AB13: Х | AC13: Х | AD13: Х | AE13: Х | AF13: Х | AG13: Х | AH13: Х | AI13: Х | AJ13: =(B13*C13+F13*G13+J13*K13+N13*O13+R13*S13)/(C13+G13+K13+O13+S13) -> 1.1102795 | AK13: 138220 | AL13: =ROUND(AJ13*AK13,1) -> 153462.8 | AM13: =AL13-AK13 -> 15242.8 | AO13: 12378.7 | AP13: 14025.2 | AQ13: 12348.7 | AR13: 15547.4 | AT13: 14100.5 | AU13: 4550.2 | AV13: 19489.8 | AW13: 10989.1 | AX13: 22829.5 | AY13: 17100.8 | AZ13: 9225.8 | BB13: =ROUND(AL13-SUM(AN13:BA13),1) -> 877.1 | BI13: =IF(OR(BC13="+",BD13="+",BE13="+",BF13="+",BG13="+",BH13="+"),0,BB13) -> 877.1 | BJ13: =ROUND(BI13,1) -> 877.1
A14: Отрадный | B14: 1 | C14: 15 | D14: 34040 | E14: 34858.1 | F14: =IF(G14=0,0,IF(D14=0,1,IF(E14<0,0,IF(E14/D14>1.2,IF((E14/D14-1.2)*0.1+1.2>1.3,1.3,(E14/D14-1.2)*0.1+1.2),E14/D14)))) -> 1.0240335 | G14: 15 | H14: 4344 | I14: 4359 | J14: =IF(K14=0,0,IF(H14=0,1,IF(I14<0,0,IF(I14/H14>1.2,IF((I14/H14-1.2)*0.1+1.2>1.3,1.3,(I14/H14-1.2)*0.1+1.2),I14/H14)))) -> 1.003453 | K14: 20 | L14: 17.9 | M14: 9.5 | N14: =IF(O14=0,0,IF(M14=0,1.3,IF(M14<0,0,IF(L14/M14>1.2,IF((L14/M14-1.2)*0.1+1.2>1.3,1.3,(L14/M14-1.2)*0.1+1.2),L14/M14)))) -> 1.2684211 | O14: 15 | P14: 7300 | Q14: 8011 | R14: =IF(S14=0,0,IF(P14=0,1,IF(Q14<0,0,IF(Q14/P14>1.2,IF((Q14/P14-1.2)*0.1+1.2>1.3,1.3,(Q14/P14-1.2)*0.1+1.2),Q14/P14)))) -> 1.0973973 | S14: 15 | T14: Х | U14: Х | V14: Х | W14: Х | X14: Х | Y14: Х | Z14: Х | AA14: Х | AB14: Х | AC14: Х | AD14: Х | AE14: Х | AF14: Х | AG14: Х | AH14: Х | AI14: Х | AJ14: =(B14*C14+F14*G14+J14*K14+N14*O14+R14*S14)/(C14+G14+K14+O14+S14) -> 1.0739605 | AK14: 49201 | AL14: =ROUND(AJ14*AK14,1) -> 52839.9 | AM14: =AL14-AK14 -> 3638.9 | AO14: 4373.5 | AP14: 4578 | AQ14: 4822.3 | AR14: 2908.9 | AT14: 4404.7 | AU14: 5081.9 | AV14: 3279.2 | AW14: 4314.4 | AX14: 6643.1 | AY14: 4429.6 | AZ14: 4444.3 | BB14: =ROUND(AL14-SUM(AN14:BA14),1) -> 3560 | BI14: =IF(OR(BC14="+",BD14="+",BE14="+",BF14="+",BG14="+",BH14="+"),0,BB14) -> 3560 | BJ14: =ROUND(BI14,1) -> 3560
A15: Жигулевск | B15: 1 | C15: 15 | D15: 31974 | E15: 33380.4 | F15: =IF(G15=0,0,IF(D15=0,1,IF(E15<0,0,IF(E15/D15>1.2,IF((E15/D15-1.2)*0.1+1.2>1.3,1.3,(E15/D15-1.2)*0.1+1.2),E15/D15)))) -> 1.0439857 | G15: 15 | H15: 4344 | I15: 4529 | J15: =IF(K15=0,0,IF(H15=0,1,IF(I15<0,0,IF(I15/H15>1.2,IF((I15/H15-1.2)*0.1+1.2>1.3,1.3,(I15/H15-1.2)*0.1+1.2),I15/H15)))) -> 1.0425875 | K15: 20 | L15: 84.9 | M15: 124.6 | N15: =IF(O15=0,0,IF(M15=0,1.3,IF(M15<0,0,IF(L15/M15>1.2,IF((L15/M15-1.2)*0.1+1.2>1.3,1.3,(L15/M15-1.2)*0.1+1.2),L15/M15)))) -> 0.68138042 | O15: 15 | P15: 11229 | Q15: 12315 | R15: =IF(S15=0,0,IF(P15=0,1,IF(Q15<0,0,IF(Q15/P15>1.2,IF((Q15/P15-1.2)*0.1+1.2>1.3,1.3,(Q15/P15-1.2)*0.1+1.2),Q15/P15)))) -> 1.0967139 | S15: 15 | T15: Х | U15: Х | V15: Х | W15: Х | X15: Х | Y15: Х | Z15: Х | AA15: Х | AB15: Х | AC15: Х | AD15: Х | AE15: Х | AF15: Х | AG15: Х | AH15: Х | AI15: Х | AJ15: =(B15*C15+F15*G15+J15*K15+N15*O15+R15*S15)/(C15+G15+K15+O15+S15) -> 0.97728687 | AK15: 120632 | AL15: =ROUND(AJ15*AK15,1) -> 117892.1 | AM15: =AL15-AK15 -> -2739.9 | AO15: 11428.8 | AP15: 9658.9 | AQ15: 10222.9 | AR15: 12393.8 | AT15: 11216 | AU15: 11145.3 | AV15: 10156 | AW15: 11425.1 | AX15: 0 | AY15: 17127.8 | AZ15: 10966.5 | BA15: 417 | BB15: =ROUND(AL15-SUM(AN15:BA15),1) -> 1734 | BI15: =IF(OR(BC15="+",BD15="+",BE15="+",BF15="+",BG15="+",BH15="+"),0,BB15) -> 1734 | BJ15: =ROUND(BI15,1) -> 1734
A16: Октябрьск | B16: 1 | C16: 15 | D16: 11954 | E16: 12638.7 | F16: =IF(G16=0,0,IF(D16=0,1,IF(E16<0,0,IF(E16/D16>1.2,IF((E16/D16-1.2)*0.1+1.2>1.3,1.3,(E16/D16-1.2)*0.1+1.2),E16/D16)))) -> 1.0572779 | G16: 15 | H16: 3166 | I16: 3296 | J16: =IF(K16=0,0,IF(H16=0,1,IF(I16<0,0,IF(I16/H16>1.2,IF((I16/H16-1.2)*0.1+1.2>1.3,1.3,(I16/H16-1.2)*0.1+1.2),I16/H16)))) -> 1.0410613 | K16: 20 | L16: 56.5 | M16: 55.1 | N16: =IF(O16=0,0,IF(M16=0,1.3,IF(M16<0,0,IF(L16/M16>1.2,IF((L16/M16-1.2)*0.1+1.2>1.3,1.3,(L16/M16-1.2)*0.1+1.2),L16/M16)))) -> 1.0254083 | O16: 15 | P16: 5600 | Q16: 6129 | R16: =IF(S16=0,0,IF(P16=0,1,IF(Q16<0,0,IF(Q16/P16>1.2,IF((Q16/P16-1.2)*0.1+1.2>1.3,1.3,(Q16/P16-1.2)*0.1+1.2),Q16/P16)))) -> 1.0944643 | S16: 15 | T16: Х | U16: Х | V16: Х | W16: Х | X16: Х | Y16: Х | Z16: Х | AA16: Х | AB16: Х | AC16: Х | AD16: Х | AE16: Х | AF16: Х | AG16: Х | AH16: Х | AI16: Х | AJ16: =(B16*C16+F16*G16+J16*K16+N16*O16+R16*S16)/(C16+G16+K16+O16+S16) -> 1.043481 | AK16: 95134 | AL16: =ROUND(AJ16*AK16,1) -> 99270.5 | AM16: =AL16-AK16 -> 4136.5 | AO16: 8061.9 | AP16: 6373.3 | AQ16: 8386.3 | AR16: 7276.2 | AT16: 7255 | AU16: 6820.6 | AV16: 6339.4 | AW16: 7553.6 | AX16: 6183.8 | AY16: 8300.7 | AZ16: 22764.9 | BB16: =ROUND(AL16-SUM(AN16:BA16),1) -> 3954.8 | BI16: =IF(OR(BC16="+",BD16="+",BE16="+",BF16="+",BG16="+",BH16="+"),0,BB16) -> 3954.8 | BJ16: =ROUND(BI16,1) -> 3954.8
A17: Кинель | B17: 1 | C17: 15 | D17: 37067 | E17: 38906.7 | F17: =IF(G17=0,0,IF(D17=0,1,IF(E17<0,0,IF(E17/D17>1.2,IF((E17/D17-1.2)*0.1+1.2>1.3,1.3,(E17/D17-1.2)*0.1+1.2),E17/D17)))) -> 1.0496317 | G17: 15 | H17: 4344 | I17: 4349 | J17: =IF(K17=0,0,IF(H17=0,1,IF(I17<0,0,IF(I17/H17>1.2,IF((I17/H17-1.2)*0.1+1.2>1.3,1.3,(I17/H17-1.2)*0.1+1.2),I17/H17)))) -> 1.001151 | K17: 20 | L17: 70 | M17: 14 | N17: =IF(O17=0,0,IF(M17=0,1.3,IF(M17<0,0,IF(L17/M17>1.2,IF((L17/M17-1.2)*0.1+1.2>1.3,1.3,(L17/M17-1.2)*0.1+1.2),L17/M17)))) -> 1.3 | O17: 15 | P17: 40000 | Q17: 43729 | R17: =IF(S17=0,0,IF(P17=0,1,IF(Q17<0,0,IF(Q17/P17>1.2,IF((Q17/P17-1.2)*0.1+1.2>1.3,1.3,(Q17/P17-1.2)*0.1+1.2),Q17/P17)))) -> 1.093225 | S17: 15 | T17: Х | U17: Х | V17: Х | W17: Х | X17: Х | Y17: Х | Z17: Х | AA17: Х | AB17: Х | AC17: Х | AD17: Х | AE17: Х | AF17: Х | AG17: Х | AH17: Х | AI17: Х | AJ17: =(B17*C17+F17*G17+J17*K17+N17*O17+R17*S17)/(C17+G17+K17+O17+S17) -> 1.0833234 | AK17: 114188 | AL17: =ROUND(AJ17*AK17,1) -> 123702.5 | AM17: =AL17-AK17 -> 9514.5 | AO17: 9327.5 | AP17: 8938.8 | AQ17: 11723.9 | AR17: 5685.5 | AT17: 9448.8 | AU17: 14357.8 | AV17: 3821.1 | AW17: 10468.6 | AX17: 29704.8 | AY17: 0 | AZ17: 10380.7 | BB17: =ROUND(AL17-SUM(AN17:BA17),1) -> 9845 | BI17: =IF(OR(BC17="+",BD17="+",BE17="+",BF17="+",BG17="+",BH17="+"),0,BB17) -> 9845 | BJ17: =ROUND(BI17,1) -> 9845
A18: Похвистнево | B18: 1 | C18: 15 | D18: 15661 | E18: 16916.3 | F18: =IF(G18=0,0,IF(D18=0,1,IF(E18<0,0,IF(E18/D18>1.2,IF((E18/D18-1.2)*0.1+1.2>1.3,1.3,(E18/D18-1.2)*0.1+1.2),E18/D18)))) -> 1.0801545 | G18: 15 | H18: 3166 | I18: 6240 | J18: =IF(K18=0,0,IF(H18=0,1,IF(I18<0,0,IF(I18/H18>1.2,IF((I18/H18-1.2)*0.1+1.2>1.3,1.3,(I18/H18-1.2)*0.1+1.2),I18/H18)))) -> 1.2770941 | K18: 20 | L18: 26.8 | M18: 0.1 | N18: =IF(O18=0,0,IF(M18=0,1.3,IF(M18<0,0,IF(L18/M18>1.2,IF((L18/M18-1.2)*0.1+1.2>1.3,1.3,(L18/M18-1.2)*0.1+1.2),L18/M18)))) -> 1.3 | O18: 15 | P18: 8000 | Q18: 8044 | R18: =IF(S18=0,0,IF(P18=0,1,IF(Q18<0,0,IF(Q18/P18>1.2,IF((Q18/P18-1.2)*0.1+1.2>1.3,1.3,(Q18/P18-1.2)*0.1+1.2),Q18/P18)))) -> 1.0055 | S18: 15 | T18: Х | U18: Х | V18: Х | W18: Х | X18: Х | Y18: Х | Z18: Х | AA18: Х | AB18: Х | AC18: Х | AD18: Х | AE18: Х | AF18: Х | AG18: Х | AH18: Х | AI18: Х | AJ18: =(B18*C18+F18*G18+J18*K18+N18*O18+R18*S18)/(C18+G18+K18+O18+S18) -> 1.1415838 | AK18: 61744 | AL18: =ROUND(AJ18*AK18,1) -> 70485.9 | AM18: =AL18-AK18 -> 8741.9 | AO18: 5558.9 | AP18: 5281.8 | AQ18: 4615.3 | AR18: 4071.2 | AT18: 4760.7 | AU18: 3705.8 | AV18: 9764.6 | AW18: 4868.4 | AX18: 9185.6 | AY18: 8321.5 | AZ18: 4549.2 | BA18: 4590.8 | BB18: =ROUND(AL18-SUM(AN18:BA18),1) -> 1212.1 | BI18: =IF(OR(BC18="+",BD18="+",BE18="+",BF18="+",BG18="+",BH18="+"),0,BB18) -> 1212.1 | BJ18: =ROUND(BI18,1) -> 1212.1
A19: Внутригородские районы г.о.Самара | F19: =F9 -> 1.0861166 | H19: =SUM(H20:H28) -> 6985 | I19: =SUM(I20:I28) -> 11644 | J19: =IF(I19/H19>1.2,IF((I19/H19-1.2)*0.1+1.2>1.3,1.3,(I19/H19-1.2)*0.1+1.2),I19/H19) -> 1.2467001 | N19: =N9 -> 1.1451418 | R19: =R9 -> 0.7126834 | AK19: =SUM(AK20:AK28) -> 1175 | AL19: =SUM(AL20:AL28) -> 1250.8 | AM19: =SUM(AM20:AM28) -> 75.8 | AN19: =SUM(AN20:AN28) -> 235 | AO19: =SUM(AO20:AO28) -> 120.6 | AP19: =SUM(AP20:AP28) -> 116.4 | AQ19: =SUM(AQ20:AQ28) -> 0 | AR19: =SUM(AR20:AR28) -> 112.6 | ... BB19: =SUM(BB20:BB28) -> -44.5 | BI19: =SUM(BI20:BI28) -> -44.5 | BJ19: =SUM(BJ20:BJ28) -> 0
A20: Железнодорожный | B20: =B$9 -> 1 | C20: 15 | F20: =F$9 -> 1.0861166 | G20: 15 | H20: 533 | I20: 908 | J20: =IF(K20=0,0,IF(H20=0,1,IF(I20<0,0,IF(I20/H20>1.2,IF((I20/H20-1.2)*0.1+1.2>1.3,1.3,(I20/H20-1.2)*0.1+1.2),I20/H20)))) -> 1.2503565 | K20: 20 | N20: =N$9 -> 1.1451418 | O20: 15 | R20: =R$9 -> 0.7126834 | S20: 15 | T20: Х | U20: Х | V20: Х | W20: Х | X20: Х | Y20: Х | Z20: Х | AA20: Х | AB20: Х | AC20: Х | AD20: Х | AE20: Х | AF20: Х | AG20: Х | AH20: Х | AI20: Х | AJ20: =(B20*C20+F20*G20+J20*K20+N20*O20+R20*S20)/(C20+G20+K20+O20+S20) -> 1.0520782 | AK20: 0 | AL20: =ROUND(AJ20*AK20,1) -> 0 | AM20: =AL20-AK20 -> 0 | AO20: 0 | AP20: 0 | AQ20: 0 | AR20: 0 | AT20: 0 | AU20: 0 | AV20: 0 | AW20: 0 | AX20: 0 | AY20: 0 | AZ20: 0 | BB20: =ROUND(AL20-SUM(AN20:BA20),1) -> 0 | BI20: =IF(OR(BC20="+",BD20="+",BE20="+",BF20="+",BG20="+",BH20="+"),0,BB20) -> 0
A21: Кировский | B21: =B$9 -> 1 | C21: 15 | F21: =F$9 -> 1.0861166 | G21: 15 | H21: 1750 | I21: 3286 | J21: =IF(K21=0,0,IF(H21=0,1,IF(I21<0,0,IF(I21/H21>1.2,IF((I21/H21-1.2)*0.1+1.2>1.3,1.3,(I21/H21-1.2)*0.1+1.2),I21/H21)))) -> 1.2677714 | K21: 20 | N21: =N$9 -> 1.1451418 | O21: 15 | R21: =R$9 -> 0.7126834 | S21: 15 | T21: Х | U21: Х | V21: Х | W21: Х | X21: Х | Y21: Х | Z21: Х | AA21: Х | AB21: Х | AC21: Х | AD21: Х | AE21: Х | AF21: Х | AG21: Х | AH21: Х | AI21: Х | AJ21: =(B21*C21+F21*G21+J21*K21+N21*O21+R21*S21)/(C21+G21+K21+O21+S21) -> 1.0564319 | AK21: 0 | AL21: =ROUND(AJ21*AK21,1) -> 0 | AM21: =AL21-AK21 -> 0 | AO21: 0 | AP21: 0 | AQ21: 0 | AR21: 0 | AT21: 0 | AU21: 0 | AV21: 0 | AW21: 0 | AX21: 0 | AY21: 0 | AZ21: 0 | BB21: =ROUND(AL21-SUM(AN21:BA21),1) -> 0 | BI21: =IF(OR(BC21="+",BD21="+",BE21="+",BF21="+",BG21="+",BH21="+"),0,BB21) -> 0
A22: Красноглинский | B22: =B$9 -> 1 | C22: 15 | F22: =F$9 -> 1.0861166 | G22: 15 | H22: 1681 | I22: 2128 | J22: =IF(K22=0,0,IF(H22=0,1,IF(I22<0,0,IF(I22/H22>1.2,IF((I22/H22-1.2)*0.1+1.2>1.3,1.3,(I22/H22-1.2)*0.1+1.2),I22/H22)))) -> 1.2065913 | K22: 20 | N22: =N$9 -> 1.1451418 | O22: 15 | R22: =R$9 -> 0.7126834 | S22: 15 | T22: Х | U22: Х | V22: Х | W22: Х | X22: Х | Y22: Х | Z22: Х | AA22: Х | AB22: Х | AC22: Х | AD22: Х | AE22: Х | AF22: Х | AG22: Х | AH22: Х | AI22: Х | AJ22: =(B22*C22+F22*G22+J22*K22+N22*O22+R22*S22)/(C22+G22+K22+O22+S22) -> 1.0411369 | AK22: 0 | AL22: =ROUND(AJ22*AK22,1) -> 0 | AM22: =AL22-AK22 -> 0 | AO22: 0 | AP22: 0 | AQ22: 0 | AR22: 0 | AT22: 0 | AU22: 0 | AV22: 0 | AW22: 0 | AX22: 0 | AY22: 0 | AZ22: 0 | BB22: =ROUND(AL22-SUM(AN22:BA22),1) -> 0 | BI22: =IF(OR(BC22="+",BD22="+",BE22="+",BF22="+",BG22="+",BH22="+"),0,BB22) -> 0
A23: Куйбышевский | B23: =B$9 -> 1 | C23: 15 | F23: =F$9 -> 1.0861166 | G23: 15 | H23: 669 | I23: 1006 | J23: =IF(K23=0,0,IF(H23=0,1,IF(I23<0,0,IF(I23/H23>1.2,IF((I23/H23-1.2)*0.1+1.2>1.3,1.3,(I23/H23-1.2)*0.1+1.2),I23/H23)))) -> 1.2303737 | K23: 20 | N23: =N$9 -> 1.1451418 | O23: 15 | R23: =R$9 -> 0.7126834 | S23: 15 | T23: Х | U23: Х | V23: Х | W23: Х | X23: Х | Y23: Х | Z23: Х | AA23: Х | AB23: Х | AC23: Х | AD23: Х | AE23: Х | AF23: Х | AG23: Х | AH23: Х | AI23: Х | AJ23: =(B23*C23+F23*G23+J23*K23+N23*O23+R23*S23)/(C23+G23+K23+O23+S23) -> 1.0470825 | AK23: 0 | AL23: =ROUND(AJ23*AK23,1) -> 0 | AM23: =AL23-AK23 -> 0 | AO23: 0 | AP23: 0 | AQ23: 0 | AR23: 0 | AT23: 0 | AU23: 0 | AV23: 0 | AW23: 0 | AX23: 0 | AY23: 0 | AZ23: 0 | BB23: =ROUND(AL23-SUM(AN23:BA23),1) -> 0 | BI23: =IF(OR(BC23="+",BD23="+",BE23="+",BF23="+",BG23="+",BH23="+"),0,BB23) -> 0
A24: Ленинский | B24: =B$9 -> 1 | C24: 15 | F24: =F$9 -> 1.0861166 | G24: 15 | H24: 160 | I24: 221 | J24: =IF(K24=0,0,IF(H24=0,1,IF(I24<0,0,IF(I24/H24>1.2,IF((I24/H24-1.2)*0.1+1.2>1.3,1.3,(I24/H24-1.2)*0.1+1.2),I24/H24)))) -> 1.218125 | K24: 20 | N24: =N$9 -> 1.1451418 | O24: 15 | R24: =R$9 -> 0.7126834 | S24: 15 | T24: Х | U24: Х | V24: Х | W24: Х | X24: Х | Y24: Х | Z24: Х | AA24: Х | AB24: Х | AC24: Х | AD24: Х | AE24: Х | AF24: Х | AG24: Х | AH24: Х | AI24: Х | AJ24: =(B24*C24+F24*G24+J24*K24+N24*O24+R24*S24)/(C24+G24+K24+O24+S24) -> 1.0440203 | AK24: 0 | AL24: =ROUND(AJ24*AK24,1) -> 0 | AM24: =AL24-AK24 -> 0 | AO24: 0 | AP24: 0 | AQ24: 0 | AR24: 0 | AT24: 0 | AU24: 0 | AV24: 0 | AW24: 0 | AX24: 0 | AY24: 0 | AZ24: 0 | BB24: =ROUND(AL24-SUM(AN24:BA24),1) -> 0 | BI24: =IF(OR(BC24="+",BD24="+",BE24="+",BF24="+",BG24="+",BH24="+"),0,BB24) -> 0
A25: Октябрьский | B25: =B$9 -> 1 | C25: 15 | F25: =F$9 -> 1.0861166 | G25: 15 | H25: 578 | I25: 867 | J25: =IF(K25=0,0,IF(H25=0,1,IF(I25<0,0,IF(I25/H25>1.2,IF((I25/H25-1.2)*0.1+1.2>1.3,1.3,(I25/H25-1.2)*0.1+1.2),I25/H25)))) -> 1.23 | K25: 20 | N25: =N$9 -> 1.1451418 | O25: 15 | R25: =R$9 -> 0.7126834 | S25: 15 | T25: Х | U25: Х | V25: Х | W25: Х | X25: Х | Y25: Х | Z25: Х | AA25: Х | AB25: Х | AC25: Х | AD25: Х | AE25: Х | AF25: Х | AG25: Х | AH25: Х | AI25: Х | AJ25: =(B25*C25+F25*G25+J25*K25+N25*O25+R25*S25)/(C25+G25+K25+O25+S25) -> 1.0469891 | AK25: 0 | AL25: =ROUND(AJ25*AK25,1) -> 0 | AM25: =AL25-AK25 -> 0 | AO25: 0 | AP25: 0 | AQ25: 0 | AR25: 0 | AT25: 0 | AU25: 0 | AV25: 0 | AW25: 0 | AX25: 0 | AY25: 0 | AZ25: 0 | BB25: =ROUND(AL25-SUM(AN25:BA25),1) -> 0 | BI25: =IF(OR(BC25="+",BD25="+",BE25="+",BF25="+",BG25="+",BH25="+"),0,BB25) -> 0
A26: Промышленный | B26: =B$9 -> 1 | C26: 15 | F26: =F$9 -> 1.0861166 | G26: 15 | H26: 956 | I26: 1594 | J26: =IF(K26=0,0,IF(H26=0,1,IF(I26<0,0,IF(I26/H26>1.2,IF((I26/H26-1.2)*0.1+1.2>1.3,1.3,(I26/H26-1.2)*0.1+1.2),I26/H26)))) -> 1.2467364 | K26: 20 | N26: =N$9 -> 1.1451418 | O26: 15 | R26: =R$9 -> 0.7126834 | S26: 15 | T26: Х | U26: Х | V26: Х | W26: Х | X26: Х | Y26: Х | Z26: Х | AA26: Х | AB26: Х | AC26: Х | AD26: Х | AE26: Х | AF26: Х | AG26: Х | AH26: Х | AI26: Х | AJ26: =(B26*C26+F26*G26+J26*K26+N26*O26+R26*S26)/(C26+G26+K26+O26+S26) -> 1.0511732 | AK26: 0 | AL26: =ROUND(AJ26*AK26,1) -> 0 | AM26: =AL26-AK26 -> 0 | AO26: 0 | AP26: 0 | AQ26: 0 | AR26: 0 | AT26: 0 | AU26: 0 | AV26: 0 | AW26: 0 | AX26: 0 | AY26: 0 | AZ26: 0 | BB26: =ROUND(AL26-SUM(AN26:BA26),1) -> 0 | BI26: =IF(OR(BC26="+",BD26="+",BE26="+",BF26="+",BG26="+",BH26="+"),0,BB26) -> 0
A27: Самарский | B27: =B$9 -> 1 | C27: 15 | F27: =F$9 -> 1.0861166 | G27: 15 | H27: 187 | I27: 304 | J27: =IF(K27=0,0,IF(H27=0,1,IF(I27<0,0,IF(I27/H27>1.2,IF((I27/H27-1.2)*0.1+1.2>1.3,1.3,(I27/H27-1.2)*0.1+1.2),I27/H27)))) -> 1.2425668 | K27: 20 | N27: =N$9 -> 1.1451418 | O27: 15 | R27: =R$9 -> 0.7126834 | S27: 15 | T27: Х | U27: Х | V27: Х | W27: Х | X27: Х | Y27: Х | Z27: Х | AA27: Х | AB27: Х | AC27: Х | AD27: Х | AE27: Х | AF27: Х | AG27: Х | AH27: Х | AI27: Х | AJ27: =(B27*C27+F27*G27+J27*K27+N27*O27+R27*S27)/(C27+G27+K27+O27+S27) -> 1.0501308 | AK27: 0 | AL27: =ROUND(AJ27*AK27,1) -> 0 | AM27: =AL27-AK27 -> 0 | AO27: 0 | AP27: 0 | AQ27: 0 | AR27: 0 | AT27: 0 | AU27: 0 | AV27: 0 | AW27: 0 | AX27: 0 | AY27: 0 | AZ27: 0 | BB27: =ROUND(AL27-SUM(AN27:BA27),1) -> 0 | BI27: =IF(OR(BC27="+",BD27="+",BE27="+",BF27="+",BG27="+",BH27="+"),0,BB27) -> 0
A28: Советский | B28: =B$9 -> 1 | C28: 15 | F28: =F$9 -> 1.0861166 | G28: 15 | H28: 471 | I28: 1330 | J28: =IF(K28=0,0,IF(H28=0,1,IF(I28<0,0,IF(I28/H28>1.2,IF((I28/H28-1.2)*0.1+1.2>1.3,1.3,(I28/H28-1.2)*0.1+1.2),I28/H28)))) -> 1.3 | K28: 20 | N28: =N$9 -> 1.1451418 | O28: 15 | R28: =R$9 -> 0.7126834 | S28: 15 | T28: Х | U28: Х | V28: Х | W28: Х | X28: Х | Y28: Х | Z28: Х | AA28: Х | AB28: Х | AC28: Х | AD28: Х | AE28: Х | AF28: Х | AG28: Х | AH28: Х | AI28: Х | AJ28: =(B28*C28+F28*G28+J28*K28+N28*O28+R28*S28)/(C28+G28+K28+O28+S28) -> 1.0644891 | AK28: 1175 | AL28: =ROUND(AJ28*AK28,1) -> 1250.8 | AM28: =AL28-AK28 -> 75.8 | AN28: 235 | AO28: 120.6 | AP28: 116.4 | AQ28: 0 | AR28: 112.6 | AT28: 62.5 | AU28: 0 | AV28: 141.4 | AW28: 125.1 | AX28: 134.4 | AY28: 168.9 | AZ28: 78.4 | BB28: =ROUND(AL28-SUM(AN28:BA28),1) -> -44.5 | BI28: =IF(OR(BC28="+",BD28="+",BE28="+",BF28="+",BG28="+",BH28="+"),0,BB28) -> -44.5
A29: Муниципальные районы | D29: =SUM(D30:D56) -> 269330 | E29: =SUM(E30:E56) -> 284875.1 | F29: =IF(E29/D29>1.2,IF((E29/D29-1.2)*0.1+1.2>1.3,1.3,(E29/D29-1.2)*0.1+1.2),E29/D29) -> 1.0577177 | H29: =SUM(H30:H56) -> 27082 | I29: =SUM(I30:I56) -> 34366 | J29: =IF(I29/H29>1.2,IF((I29/H29-1.2)*0.1+1.2>1.3,1.3,(I29/H29-1.2)*0.1+1.2),I29/H29) -> 1.2068961 | L29: =SUM(L30:L56) -> 625.4 | M29: =SUM(M30:M56) -> 565.4 | N29: =IF(L29/M29>1.2,IF((L29/M29-1.2)*0.1+1.2>1.3,1.3,(L29/M29-1.2)*0.1+1.2),L29/M29) -> 1.1061196 | P29: =SUM(P30:P56) -> 699449 | Q29: =SUM(Q30:Q56) -> 883173 | R29: =IF(Q29/P29>1.2,IF((Q29/P29-1.2)*0.1+1.2>1.3,1.3,(Q29/P29-1.2)*0.1+1.2),Q29/P29) -> 1.206267 | T29: =SUM(T30:T56) -> 1774.5 | U29: =SUM(U30:U56) -> 1892.5475 | V29: =IF(U29/T29>1.2,IF((U29/T29-1.2)*0.1+1.2>1.3,1.3,(U29/T29-1.2)*0.1+1.2),U29/T29) -> 1.0665244 | X29: =SUM(X30:X56) -> 443537.4 | Y29: =SUM(Y30:Y56) -> 442865.03 | Z29: =IF(Y29/X29>1.2,IF((Y29/X29-1.2)*0.1+1.2>1.3,1.3,(Y29/X29-1.2)*0.1+1.2),Y29/X29) -> 0.99848407 | AB29: =SUM(AB30:AB56) -> 151305.9 | AC29: =SUM(AC30:AC56) -> 156351.55 | AD29: =IF(AC29/AB29>1.2,IF((AC29/AB29-1.2)*0.1+1.2>1.3,1.3,(AC29/AB29-1.2)*0.1+1.2),AC29/AB29) -> 1.0333473 | AK29: =SUM(AK30:AK56) -> 982597 | AL29: =SUM(AL30:AL56) -> 1045333.9 | AM29: =SUM(AM30:AM56) -> 62736.9 | AN29: =SUM(AN30:AN56) -> 0 | AO29: =SUM(AO30:AO56) -> 85676.1 | AP29: =SUM(AP30:AP56) -> 86160.9 | AQ29: =SUM(AQ30:AQ56) -> 75919.5 | AR29: =SUM(AR30:AR56) -> 96632.4 | ... BB29: =SUM(BB30:BB56) -> 30727.5 | BI29: =SUM(BI30:BI56) -> 29209.7 | BJ29: =SUM(BJ30:BJ56) -> 45843.3
A30: Алексеевский | B30: 1 | C30: 10 | D30: 2586 | E30: 2424.5 | F30: =IF(G30=0,0,IF(D30=0,1,IF(E30<0,0,IF(E30/D30>1.2,IF((E30/D30-1.2)*0.1+1.2>1.3,1.3,(E30/D30-1.2)*0.1+1.2),E30/D30)))) -> 0.93754834 | G30: 10 | H30: 760 | I30: 723 | J30: =IF(K30=0,0,IF(H30=0,1,IF(I30<0,0,IF(I30/H30>1.2,IF((I30/H30-1.2)*0.1+1.2>1.3,1.3,(I30/H30-1.2)*0.1+1.2),I30/H30)))) -> 0.95131579 | K30: 15 | L30: 7 | M30: 1.8 | N30: =IF(O30=0,0,IF(M30=0,1.3,IF(M30<0,0,IF(L30/M30>1.2,IF((L30/M30-1.2)*0.1+1.2>1.3,1.3,(L30/M30-1.2)*0.1+1.2),L30/M30)))) -> 1.3 | O30: 15 | P30: 2600 | Q30: 2621 | R30: =IF(S30=0,0,IF(P30=0,1,IF(Q30<0,0,IF(Q30/P30>1.2,IF((Q30/P30-1.2)*0.1+1.2>1.3,1.3,(Q30/P30-1.2)*0.1+1.2),Q30/P30)))) -> 1.0080769 | S30: 5 | T30: 45.4 | U30: 45.8276 | V30: =IF(W30=0,0,IF(T30=0,1,IF(U30<0,0,IF(U30/T30>1.2,IF((U30/T30-1.2)*0.1+1.2>1.3,1.3,(U30/T30-1.2)*0.1+1.2),U30/T30)))) -> 1.0094185 | W30: 10 | X30: 16535 | Y30: 19300.259 | Z30: =IF(AA30=0,0,IF(X30=0,1,IF(Y30<0,0,IF(Y30/X30>1.2,IF((Y30/X30-1.2)*0.1+1.2>1.3,1.3,(Y30/X30-1.2)*0.1+1.2),Y30/X30)))) -> 1.1672367 | AA30: 10 | AB30: 4782.3 | AC30: 5725.773 | AD30: =IF(AE30=0,0,IF(AB30=0,1,IF(AC30<0,0,IF(AC30/AB30>1.2,IF((AC30/AB30-1.2)*0.1+1.2>1.3,1.3,(AC30/AB30-1.2)*0.1+1.2),AC30/AB30)))) -> 1.1972844 | AE30: 10 | AF30: Х | AG30: Х | AH30: Х | AI30: Х | AJ30: =(B30*C30+F30*G30+J30*K30+N30*O30+R30*S30+V30*W30+Z30*AA30+AD30*AE30)/(C30+G30+K30+O30+S30+W30+AA30+AE30) -> 1.0814706 | AK30: 32550 | AL30: =ROUND(AJ30*AK30,1) -> 35201.9 | AM30: =AL30-AK30 -> 2651.9 | AO30: 2619.9 | AP30: 3007.4 | AQ30: 3404.7 | AR30: 1130.7 | AT30: 3402.9 | AU30: 4942.2 | AV30: 0 | AW30: 3238.9 | AX30: 7525.2 | AY30: 0 | AZ30: 2959.1 | BB30: =ROUND(AL30-SUM(AN30:BA30),1) -> 2970.9 | BI30: =IF(OR(BC30="+",BD30="+",BE30="+",BF30="+",BG30="+",BH30="+"),0,BB30) -> 2970.9 | BJ30: =ROUND(BI30+SUM(BI59:BI63),1) -> 3800.8
A31: Безенчукский | B31: 1 | C31: 10 | D31: 16937 | E31: 18759.6 | F31: =IF(G31=0,0,IF(D31=0,1,IF(E31<0,0,IF(E31/D31>1.2,IF((E31/D31-1.2)*0.1+1.2>1.3,1.3,(E31/D31-1.2)*0.1+1.2),E31/D31)))) -> 1.1076106 | G31: 10 | H31: 1004 | I31: 1047 | J31: =IF(K31=0,0,IF(H31=0,1,IF(I31<0,0,IF(I31/H31>1.2,IF((I31/H31-1.2)*0.1+1.2>1.3,1.3,(I31/H31-1.2)*0.1+1.2),I31/H31)))) -> 1.0428287 | K31: 15 | L31: 12.3 | M31: 6 | N31: =IF(O31=0,0,IF(M31=0,1.3,IF(M31<0,0,IF(L31/M31>1.2,IF((L31/M31-1.2)*0.1+1.2>1.3,1.3,(L31/M31-1.2)*0.1+1.2),L31/M31)))) -> 1.285 | O31: 15 | P31: 11000 | Q31: 14716 | R31: =IF(S31=0,0,IF(P31=0,1,IF(Q31<0,0,IF(Q31/P31>1.2,IF((Q31/P31-1.2)*0.1+1.2>1.3,1.3,(Q31/P31-1.2)*0.1+1.2),Q31/P31)))) -> 1.2137818 | S31: 5 | T31: 68.3 | U31: 74.11898 | V31: =IF(W31=0,0,IF(T31=0,1,IF(U31<0,0,IF(U31/T31>1.2,IF((U31/T31-1.2)*0.1+1.2>1.3,1.3,(U31/T31-1.2)*0.1+1.2),U31/T31)))) -> 1.0851974 | W31: 10 | X31: 19668.2 | Y31: 20997.864 | Z31: =IF(AA31=0,0,IF(X31=0,1,IF(Y31<0,0,IF(Y31/X31>1.2,IF((Y31/X31-1.2)*0.1+1.2>1.3,1.3,(Y31/X31-1.2)*0.1+1.2),Y31/X31)))) -> 1.0676048 | AA31: 10 | AB31: 3148 | AC31: 3234.2 | AD31: =IF(AE31=0,0,IF(AB31=0,1,IF(AC31<0,0,IF(AC31/AB31>1.2,IF((AC31/AB31-1.2)*0.1+1.2>1.3,1.3,(AC31/AB31-1.2)*0.1+1.2),AC31/AB31)))) -> 1.0273825 | AE31: 10 | AF31: Х | AG31: Х | AH31: Х | AI31: Х | AJ31: =(B31*C31+F31*G31+J31*K31+N31*O31+R31*S31+V31*W31+Z31*AA31+AD31*AE31)/(C31+G31+K31+O31+S31+W31+AA31+AE31) -> 1.1042858 | AK31: 38433 | AL31: =ROUND(AJ31*AK31,1) -> 42441 | AM31: =AL31-AK31 -> 4008 | AO31: 3925 | AP31: 3620.4 | AQ31: 4058.3 | AR31: 3751.1 | AT31: 3176.3 | AU31: 1801.3 | AV31: 6012.5 | AW31: 3453.7 | AX31: 6301.7 | AY31: 2628.2 | AZ31: 2565.3 | BB31: =ROUND(AL31-SUM(AN31:BA31),1) -> 1147.2 | BI31: =IF(OR(BC31="+",BD31="+",BE31="+",BF31="+",BG31="+",BH31="+"),0,BB31) -> 1147.2 | BJ31: =ROUND(BI31+SUM(BI65:BI76),1) -> 1433.7
A32: Богатовский | B32: 1 | C32: 10 | D32: 5419 | E32: 5264 | F32: =IF(G32=0,0,IF(D32=0,1,IF(E32<0,0,IF(E32/D32>1.2,IF((E32/D32-1.2)*0.1+1.2>1.3,1.3,(E32/D32-1.2)*0.1+1.2),E32/D32)))) -> 0.97139694 | G32: 10 | H32: 1004 | I32: 1004 | J32: =IF(K32=0,0,IF(H32=0,1,IF(I32<0,0,IF(I32/H32>1.2,IF((I32/H32-1.2)*0.1+1.2>1.3,1.3,(I32/H32-1.2)*0.1+1.2),I32/H32)))) -> 1 | K32: 15 | L32: 10.5 | M32: 0.7 | N32: =IF(O32=0,0,IF(M32=0,1.3,IF(M32<0,0,IF(L32/M32>1.2,IF((L32/M32-1.2)*0.1+1.2>1.3,1.3,(L32/M32-1.2)*0.1+1.2),L32/M32)))) -> 1.3 | O32: 15 | P32: 3420 | Q32: 5517 | R32: =IF(S32=0,0,IF(P32=0,1,IF(Q32<0,0,IF(Q32/P32>1.2,IF((Q32/P32-1.2)*0.1+1.2>1.3,1.3,(Q32/P32-1.2)*0.1+1.2),Q32/P32)))) -> 1.2413158 | S32: 5 | T32: 41.3 | U32: 44.9936 | V32: =IF(W32=0,0,IF(T32=0,1,IF(U32<0,0,IF(U32/T32>1.2,IF((U32/T32-1.2)*0.1+1.2>1.3,1.3,(U32/T32-1.2)*0.1+1.2),U32/T32)))) -> 1.0894334 | W32: 10 | X32: 16836 | Y32: 15829.038 | Z32: =IF(AA32=0,0,IF(X32=0,1,IF(Y32<0,0,IF(Y32/X32>1.2,IF((Y32/X32-1.2)*0.1+1.2>1.3,1.3,(Y32/X32-1.2)*0.1+1.2),Y32/X32)))) -> 0.94018995 | AA32: 10 | AB32: 3858.6 | AC32: 3347.027 | AD32: =IF(AE32=0,0,IF(AB32=0,1,IF(AC32<0,0,IF(AC32/AB32>1.2,IF((AC32/AB32-1.2)*0.1+1.2>1.3,1.3,(AC32/AB32-1.2)*0.1+1.2),AC32/AB32)))) -> 0.86742005 | AE32: 10 | AF32: Х | AG32: Х | AH32: Х | AI32: Х | AJ32: =(B32*C32+F32*G32+J32*K32+N32*O32+R32*S32+V32*W32+Z32*AA32+AD32*AE32)/(C32+G32+K32+O32+S32+W32+AA32+AE32) -> 1.0516586 | AK32: 32641 | AL32: =ROUND(AJ32*AK32,1) -> 34327.2 | AM32: =AL32-AK32 -> 1686.2 | AO32: 2759 | AP32: 2740.5 | AQ32: 3898.9 | AR32: 2513.2 | AT32: 2760.3 | AU32: 2191.9 | AV32: 4175.2 | AW32: 2855.1 | AX32: 6534.4 | AY32: 1850.7 | AZ32: 2274.9 | BB32: =ROUND(AL32-SUM(AN32:BA32),1) -> -226.9 | BI32: =IF(OR(BC32="+",BD32="+",BE32="+",BF32="+",BG32="+",BH32="+"),0,BB32) -> -226.9 | BJ32: =ROUND(BI32+SUM(BI78:BI82),1) -> -295.4
A33: Большеглушицкий | B33: 1 | C33: 10 | D33: 5063 | E33: 5034.6 | F33: =IF(G33=0,0,IF(D33=0,1,IF(E33<0,0,IF(E33/D33>1.2,IF((E33/D33-1.2)*0.1+1.2>1.3,1.3,(E33/D33-1.2)*0.1+1.2),E33/D33)))) -> 0.99439068 | G33: 10 | H33: 760 | I33: 767 | J33: =IF(K33=0,0,IF(H33=0,1,IF(I33<0,0,IF(I33/H33>1.2,IF((I33/H33-1.2)*0.1+1.2>1.3,1.3,(I33/H33-1.2)*0.1+1.2),I33/H33)))) -> 1.0092105 | K33: 15 | L33: 3.1 | M33: 3 | N33: =IF(O33=0,0,IF(M33=0,1.3,IF(M33<0,0,IF(L33/M33>1.2,IF((L33/M33-1.2)*0.1+1.2>1.3,1.3,(L33/M33-1.2)*0.1+1.2),L33/M33)))) -> 1.0333333 | O33: 15 | P33: 4280 | Q33: 4331 | R33: =IF(S33=0,0,IF(P33=0,1,IF(Q33<0,0,IF(Q33/P33>1.2,IF((Q33/P33-1.2)*0.1+1.2>1.3,1.3,(Q33/P33-1.2)*0.1+1.2),Q33/P33)))) -> 1.0119159 | S33: 5 | T33: 79.3 | U33: 82.9335 | V33: =IF(W33=0,0,IF(T33=0,1,IF(U33<0,0,IF(U33/T33>1.2,IF((U33/T33-1.2)*0.1+1.2>1.3,1.3,(U33/T33-1.2)*0.1+1.2),U33/T33)))) -> 1.0458197 | W33: 10 | X33: 16933.7 | Y33: 17482.117 | Z33: =IF(AA33=0,0,IF(X33=0,1,IF(Y33<0,0,IF(Y33/X33>1.2,IF((Y33/X33-1.2)*0.1+1.2>1.3,1.3,(Y33/X33-1.2)*0.1+1.2),Y33/X33)))) -> 1.0323861 | AA33: 10 | AB33: 4530.8 | AC33: 3930.854 | AD33: =IF(AE33=0,0,IF(AB33=0,1,IF(AC33<0,0,IF(AC33/AB33>1.2,IF((AC33/AB33-1.2)*0.1+1.2>1.3,1.3,(AC33/AB33-1.2)*0.1+1.2),AC33/AB33)))) -> 0.86758497 | AE33: 10 | AF33: Х | AG33: Х | AH33: Х | AI33: Х | AJ33: =(B33*C33+F33*G33+J33*K33+N33*O33+R33*S33+V33*W33+Z33*AA33+AD33*AE33)/(C33+G33+K33+O33+S33+W33+AA33+AE33) -> 1.0011712 | AK33: 31736 | AL33: =ROUND(AJ33*AK33,1) -> 31773.2 | AM33: =AL33-AK33 -> 37.2 | AO33: 2112.8 | AP33: 2383 | AQ33: 3845.7 | AR33: 2902.7 | AT33: 2230.1 | AU33: 3012.9 | AV33: 3091.3 | AW33: 2582.8 | AX33: 4290.9 | AY33: 1238.2 | AZ33: 4473 | BB33: =ROUND(AL33-SUM(AN33:BA33),1) -> -390.2 | BI33: =IF(OR(BC33="+",BD33="+",BE33="+",BF33="+",BG33="+",BH33="+"),0,BB33) -> -390.2 | BJ33: =ROUND(BI33+SUM(BI84:BI91),1) -> -481.3
A34: Большечерниговский | B34: 1 | C34: 10 | D34: 4093 | E34: 4259.9 | F34: =IF(G34=0,0,IF(D34=0,1,IF(E34<0,0,IF(E34/D34>1.2,IF((E34/D34-1.2)*0.1+1.2>1.3,1.3,(E34/D34-1.2)*0.1+1.2),E34/D34)))) -> 1.0407769 | G34: 10 | H34: 760 | I34: 779 | J34: =IF(K34=0,0,IF(H34=0,1,IF(I34<0,0,IF(I34/H34>1.2,IF((I34/H34-1.2)*0.1+1.2>1.3,1.3,(I34/H34-1.2)*0.1+1.2),I34/H34)))) -> 1.025 | K34: 15 | L34: 2.5 | M34: 4 | N34: =IF(O34=0,0,IF(M34=0,1.3,IF(M34<0,0,IF(L34/M34>1.2,IF((L34/M34-1.2)*0.1+1.2>1.3,1.3,(L34/M34-1.2)*0.1+1.2),L34/M34)))) -> 0.625 | O34: 15 | P34: 2500 | Q34: 2630 | R34: =IF(S34=0,0,IF(P34=0,1,IF(Q34<0,0,IF(Q34/P34>1.2,IF((Q34/P34-1.2)*0.1+1.2>1.3,1.3,(Q34/P34-1.2)*0.1+1.2),Q34/P34)))) -> 1.052 | S34: 5 | T34: 70 | U34: 70.4107 | V34: =IF(W34=0,0,IF(T34=0,1,IF(U34<0,0,IF(U34/T34>1.2,IF((U34/T34-1.2)*0.1+1.2>1.3,1.3,(U34/T34-1.2)*0.1+1.2),U34/T34)))) -> 1.0058671 | W34: 10 | X34: 32355 | Y34: 32247.293 | Z34: =IF(AA34=0,0,IF(X34=0,1,IF(Y34<0,0,IF(Y34/X34>1.2,IF((Y34/X34-1.2)*0.1+1.2>1.3,1.3,(Y34/X34-1.2)*0.1+1.2),Y34/X34)))) -> 0.99667109 | AA34: 10 | AB34: 5359 | AC34: 5293.872 | AD34: =IF(AE34=0,0,IF(AB34=0,1,IF(AC34<0,0,IF(AC34/AB34>1.2,IF((AC34/AB34-1.2)*0.1+1.2>1.3,1.3,(AC34/AB34-1.2)*0.1+1.2),AC34/AB34)))) -> 0.98784699 | AE34: 10 | AF34: Х | AG34: Х | AH34: Х | AI34: Х | AJ34: =(B34*C34+F34*G34+J34*K34+N34*O34+R34*S34+V34*W34+Z34*AA34+AD34*AE34)/(C34+G34+K34+O34+S34+W34+AA34+AE34) -> 0.94496025 | AK34: 41942 | AL34: =ROUND(AJ34*AK34,1) -> 39633.5 | AM34: =AL34-AK34 -> -2308.5 | AO34: 4074.1 | AP34: 3771.8 | AQ34: 3615.6 | AR34: 3967.3 | AT34: 3618.6 | AU34: 4475.2 | AV34: 1449 | AW34: 4338.8 | AX34: 9402.5 | AY34: 140.8 | AZ34: 3620.3 | BB34: =ROUND(AL34-SUM(AN34:BA34),1) -> -2840.5 | BI34: =IF(OR(BC34="+",BD34="+",BE34="+",BF34="+",BG34="+",BH34="+"),0,BB34) -> -2840.5 | BJ34: =ROUND(BI34+SUM(BI93:BI101),1) -> -4104.3
A35: Борский | B35: 1 | C35: 10 | D35: 5666 | E35: 6164.9 | F35: =IF(G35=0,0,IF(D35=0,1,IF(E35<0,0,IF(E35/D35>1.2,IF((E35/D35-1.2)*0.1+1.2>1.3,1.3,(E35/D35-1.2)*0.1+1.2),E35/D35)))) -> 1.0880515 | G35: 10 | H35: 1004 | I35: 1007 | J35: =IF(K35=0,0,IF(H35=0,1,IF(I35<0,0,IF(I35/H35>1.2,IF((I35/H35-1.2)*0.1+1.2>1.3,1.3,(I35/H35-1.2)*0.1+1.2),I35/H35)))) -> 1.002988 | K35: 15 | L35: 7 | M35: 0 | N35: =IF(O35=0,0,IF(M35=0,1.3,IF(M35<0,0,IF(L35/M35>1.2,IF((L35/M35-1.2)*0.1+1.2>1.3,1.3,(L35/M35-1.2)*0.1+1.2),L35/M35)))) -> 1.3 | O35: 15 | P35: 4740 | Q35: 10238 | R35: =IF(S35=0,0,IF(P35=0,1,IF(Q35<0,0,IF(Q35/P35>1.2,IF((Q35/P35-1.2)*0.1+1.2>1.3,1.3,(Q35/P35-1.2)*0.1+1.2),Q35/P35)))) -> 1.2959916 | S35: 5 | T35: 53.9 | U35: 50.0045 | V35: =IF(W35=0,0,IF(T35=0,1,IF(U35<0,0,IF(U35/T35>1.2,IF((U35/T35-1.2)*0.1+1.2>1.3,1.3,(U35/T35-1.2)*0.1+1.2),U35/T35)))) -> 0.92772727 | W35: 10 | X35: 12350 | Y35: 12353.3 | Z35: =IF(AA35=0,0,IF(X35=0,1,IF(Y35<0,0,IF(Y35/X35>1.2,IF((Y35/X35-1.2)*0.1+1.2>1.3,1.3,(Y35/X35-1.2)*0.1+1.2),Y35/X35)))) -> 1.0002672 | AA35: 10 | AB35: 3595.6 | AC35: 2706.38 | AD35: =IF(AE35=0,0,IF(AB35=0,1,IF(AC35<0,0,IF(AC35/AB35>1.2,IF((AC35/AB35-1.2)*0.1+1.2>1.3,1.3,(AC35/AB35-1.2)*0.1+1.2),AC35/AB35)))) -> 0.75269218 | AE35: 10 | AF35: Х | AG35: Х | AH35: Х | AI35: Х | AJ35: =(B35*C35+F35*G35+J35*K35+N35*O35+R35*S35+V35*W35+Z35*AA35+AD35*AE35)/(C35+G35+K35+O35+S35+W35+AA35+AE35) -> 1.0436725 | AK35: 43648 | AL35: =ROUND(AJ35*AK35,1) -> 45554.2 | AM35: =AL35-AK35 -> 1906.2 | AO35: 4584.6 | AP35: 4462.8 | AQ35: 4666.4 | AR35: 4531 | AT35: 4171.9 | AU35: 2588.9 | AV35: 4957.9 | AW35: 3993 | AX35: 7036.7 | AY35: 806.8 | AZ35: 3404.5 | BB35: =ROUND(AL35-SUM(AN35:BA35),1) -> 349.7 | BI35: =IF(OR(BC35="+",BD35="+",BE35="+",BF35="+",BG35="+",BH35="+"),0,BB35) -> 349.7 | BJ35: =ROUND(BI35+SUM(BI103:BI115),1) -> 497.7
A36: Волжский | B36: 1 | C36: 10 | D36: 39139 | E36: 44777.9 | F36: =IF(G36=0,0,IF(D36=0,1,IF(E36<0,0,IF(E36/D36>1.2,IF((E36/D36-1.2)*0.1+1.2>1.3,1.3,(E36/D36-1.2)*0.1+1.2),E36/D36)))) -> 1.1440737 | G36: 10 | H36: 1562 | I36: 2359 | J36: =IF(K36=0,0,IF(H36=0,1,IF(I36<0,0,IF(I36/H36>1.2,IF((I36/H36-1.2)*0.1+1.2>1.3,1.3,(I36/H36-1.2)*0.1+1.2),I36/H36)))) -> 1.2310243 | K36: 15 | L36: 96.5 | M36: 90.8 | N36: =IF(O36=0,0,IF(M36=0,1.3,IF(M36<0,0,IF(L36/M36>1.2,IF((L36/M36-1.2)*0.1+1.2>1.3,1.3,(L36/M36-1.2)*0.1+1.2),L36/M36)))) -> 1.0627753 | O36: 15 | P36: 367010 | Q36: 398809 | R36: =IF(S36=0,0,IF(P36=0,1,IF(Q36<0,0,IF(Q36/P36>1.2,IF((Q36/P36-1.2)*0.1+1.2>1.3,1.3,(Q36/P36-1.2)*0.1+1.2),Q36/P36)))) -> 1.0866434 | S36: 5 | T36: 52.9 | U36: 53.40305 | V36: =IF(W36=0,0,IF(T36=0,1,IF(U36<0,0,IF(U36/T36>1.2,IF((U36/T36-1.2)*0.1+1.2>1.3,1.3,(U36/T36-1.2)*0.1+1.2),U36/T36)))) -> 1.0095095 | W36: 10 | X36: 17004 | Y36: 17843.563 | Z36: =IF(AA36=0,0,IF(X36=0,1,IF(Y36<0,0,IF(Y36/X36>1.2,IF((Y36/X36-1.2)*0.1+1.2>1.3,1.3,(Y36/X36-1.2)*0.1+1.2),Y36/X36)))) -> 1.0493744 | AA36: 10 | AB36: 4127 | AC36: 4341.89 | AD36: =IF(AE36=0,0,IF(AB36=0,1,IF(AC36<0,0,IF(AC36/AB36>1.2,IF((AC36/AB36-1.2)*0.1+1.2>1.3,1.3,(AC36/AB36-1.2)*0.1+1.2),AC36/AB36)))) -> 1.0520693 | AE36: 10 | AF36: Х | AG36: Х | AH36: Х | AI36: Х | AJ36: =(B36*C36+F36*G36+J36*K36+N36*O36+R36*S36+V36*W36+Z36*AA36+AD36*AE36)/(C36+G36+K36+O36+S36+W36+AA36+AE36) -> 1.0869468 | AK36: 29860 | AL36: =ROUND(AJ36*AK36,1) -> 32456.2 | AM36: =AL36-AK36 -> 2596.2 | AO36: 2730.5 | AP36: 3041.6 | AQ36: 1590 | AR36: 3066.1 | AT36: 2467.9 | AU36: 2395.7 | AV36: 3609.6 | AW36: 2787.8 | AX36: 2619.2 | AY36: 4209.1 | AZ36: 2349.8 | BA36: 1145 | BB36: =ROUND(AL36-SUM(AN36:BA36),1) -> 443.9 | BI36: =IF(OR(BC36="+",BD36="+",BE36="+",BF36="+",BG36="+",BH36="+"),0,BB36) -> 443.9 | BJ36: =ROUND(BI36+SUM(BI117:BI131),1) -> 1348.7
A37: Елховский | B37: 1 | C37: 10 | D37: 2312 | E37: 2385.3 | F37: =IF(G37=0,0,IF(D37=0,1,IF(E37<0,0,IF(E37/D37>1.2,IF((E37/D37-1.2)*0.1+1.2>1.3,1.3,(E37/D37-1.2)*0.1+1.2),E37/D37)))) -> 1.0317042 | G37: 10 | H37: 760 | I37: 819 | J37: =IF(K37=0,0,IF(H37=0,1,IF(I37<0,0,IF(I37/H37>1.2,IF((I37/H37-1.2)*0.1+1.2>1.3,1.3,(I37/H37-1.2)*0.1+1.2),I37/H37)))) -> 1.0776316 | K37: 15 | L37: 7.5 | M37: 9 | N37: =IF(O37=0,0,IF(M37=0,1.3,IF(M37<0,0,IF(L37/M37>1.2,IF((L37/M37-1.2)*0.1+1.2>1.3,1.3,(L37/M37-1.2)*0.1+1.2),L37/M37)))) -> 0.83333333 | O37: 15 | P37: 2500 | Q37: 2631 | R37: =IF(S37=0,0,IF(P37=0,1,IF(Q37<0,0,IF(Q37/P37>1.2,IF((Q37/P37-1.2)*0.1+1.2>1.3,1.3,(Q37/P37-1.2)*0.1+1.2),Q37/P37)))) -> 1.0524 | S37: 5 | T37: 53.3 | U37: 47.9179 | V37: =IF(W37=0,0,IF(T37=0,1,IF(U37<0,0,IF(U37/T37>1.2,IF((U37/T37-1.2)*0.1+1.2>1.3,1.3,(U37/T37-1.2)*0.1+1.2),U37/T37)))) -> 0.89902251 | W37: 10 | X37: 6698 | Y37: 5931.414 | Z37: =IF(AA37=0,0,IF(X37=0,1,IF(Y37<0,0,IF(Y37/X37>1.2,IF((Y37/X37-1.2)*0.1+1.2>1.3,1.3,(Y37/X37-1.2)*0.1+1.2),Y37/X37)))) -> 0.88555001 | AA37: 10 | AB37: 1304 | AC37: 913.799 | AD37: =IF(AE37=0,0,IF(AB37=0,1,IF(AC37<0,0,IF(AC37/AB37>1.2,IF((AC37/AB37-1.2)*0.1+1.2>1.3,1.3,(AC37/AB37-1.2)*0.1+1.2),AC37/AB37)))) -> 0.7007661 | AE37: 10 | AF37: Х | AG37: Х | AH37: Х | AI37: Х | AJ37: =(B37*C37+F37*G37+J37*K37+N37*O37+R37*S37+V37*W37+Z37*AA37+AD37*AE37)/(C37+G37+K37+O37+S37+W37+AA37+AE37) -> 0.93055178 | AK37: 21008 | AL37: =ROUND(AJ37*AK37,1) -> 19549 | AM37: =AL37-AK37 -> -1459 | AO37: 1926.3 | AP37: 1488.6 | AQ37: 1179.4 | AR37: 2052.1 | AT37: 1958.8 | AU37: 1965.1 | AV37: 1516.1 | AW37: 1289.9 | AX37: 367.3 | AY37: 2234.8 | AZ37: 3856.9 | BB37: =ROUND(AL37-SUM(AN37:BA37),1) -> -286.3 | BI37: =IF(OR(BC37="+",BD37="+",BE37="+",BF37="+",BG37="+",BH37="+"),0,BB37) -> -286.3 | BJ37: =ROUND(BI37+SUM(BI133:BI139),1) -> -420.8
A38: Исаклинский | B38: 1 | C38: 10 | D38: 3168 | E38: 3165 | F38: =IF(G38=0,0,IF(D38=0,1,IF(E38<0,0,IF(E38/D38>1.2,IF((E38/D38-1.2)*0.1+1.2>1.3,1.3,(E38/D38-1.2)*0.1+1.2),E38/D38)))) -> 0.99905303 | G38: 10 | H38: 760 | I38: 1334 | J38: =IF(K38=0,0,IF(H38=0,1,IF(I38<0,0,IF(I38/H38>1.2,IF((I38/H38-1.2)*0.1+1.2>1.3,1.3,(I38/H38-1.2)*0.1+1.2),I38/H38)))) -> 1.2555263 | K38: 15 | L38: 2.4 | M38: 1.6 | N38: =IF(O38=0,0,IF(M38=0,1.3,IF(M38<0,0,IF(L38/M38>1.2,IF((L38/M38-1.2)*0.1+1.2>1.3,1.3,(L38/M38-1.2)*0.1+1.2),L38/M38)))) -> 1.23 | O38: 15 | P38: 4000 | Q38: 4814 | R38: =IF(S38=0,0,IF(P38=0,1,IF(Q38<0,0,IF(Q38/P38>1.2,IF((Q38/P38-1.2)*0.1+1.2>1.3,1.3,(Q38/P38-1.2)*0.1+1.2),Q38/P38)))) -> 1.20035 | S38: 5 | T38: 36 | U38: 36.6533 | V38: =IF(W38=0,0,IF(T38=0,1,IF(U38<0,0,IF(U38/T38>1.2,IF((U38/T38-1.2)*0.1+1.2>1.3,1.3,(U38/T38-1.2)*0.1+1.2),U38/T38)))) -> 1.0181472 | W38: 10 | X38: 23501 | Y38: 22910.901 | Z38: =IF(AA38=0,0,IF(X38=0,1,IF(Y38<0,0,IF(Y38/X38>1.2,IF((Y38/X38-1.2)*0.1+1.2>1.3,1.3,(Y38/X38-1.2)*0.1+1.2),Y38/X38)))) -> 0.97489047 | AA38: 10 | AB38: 2800 | AC38: 2878.631 | AD38: =IF(AE38=0,0,IF(AB38=0,1,IF(AC38<0,0,IF(AC38/AB38>1.2,IF((AC38/AB38-1.2)*0.1+1.2>1.3,1.3,(AC38/AB38-1.2)*0.1+1.2),AC38/AB38)))) -> 1.0280825 | AE38: 10 | AF38: Х | AG38: Х | AH38: Х | AI38: Х | AJ38: =(B38*C38+F38*G38+J38*K38+N38*O38+R38*S38+V38*W38+Z38*AA38+AD38*AE38)/(C38+G38+K38+O38+S38+W38+AA38+AE38) -> 1.0998397 | AK38: 44585 | AL38: =ROUND(AJ38*AK38,1) -> 49036.4 | AM38: =AL38-AK38 -> 4451.4 | AO38: 4100.8 | AP38: 4264.7 | AQ38: 4478.2 | AR38: 4105.4 | AT38: 3976.6 | AU38: 3481.7 | AV38: 7558.8 | AW38: 4548.7 | AX38: 3210.9 | AY38: 5925.9 | AZ38: 2975.9 | BB38: =ROUND(AL38-SUM(AN38:BA38),1) -> 408.8 | BI38: =IF(OR(BC38="+",BD38="+",BE38="+",BF38="+",BG38="+",BH38="+"),0,BB38) -> 408.8 | BJ38: =ROUND(BI38+SUM(BI141:BI148),1) -> 491.9
A39: Камышлинский | B39: 1 | C39: 10 | D39: 2400 | E39: 2512.6 | F39: =IF(G39=0,0,IF(D39=0,1,IF(E39<0,0,IF(E39/D39>1.2,IF((E39/D39-1.2)*0.1+1.2>1.3,1.3,(E39/D39-1.2)*0.1+1.2),E39/D39)))) -> 1.0469167 | G39: 10 | H39: 760 | I39: 763 | J39: =IF(K39=0,0,IF(H39=0,1,IF(I39<0,0,IF(I39/H39>1.2,IF((I39/H39-1.2)*0.1+1.2>1.3,1.3,(I39/H39-1.2)*0.1+1.2),I39/H39)))) -> 1.0039474 | K39: 15 | L39: 2.5 | M39: 2.1 | N39: =IF(O39=0,0,IF(M39=0,1.3,IF(M39<0,0,IF(L39/M39>1.2,IF((L39/M39-1.2)*0.1+1.2>1.3,1.3,(L39/M39-1.2)*0.1+1.2),L39/M39)))) -> 1.1904762 | O39: 15 | P39: 2200 | Q39: 2236 | R39: =IF(S39=0,0,IF(P39=0,1,IF(Q39<0,0,IF(Q39/P39>1.2,IF((Q39/P39-1.2)*0.1+1.2>1.3,1.3,(Q39/P39-1.2)*0.1+1.2),Q39/P39)))) -> 1.0163636 | S39: 5 | T39: 13.2 | U39: 26.9921 | V39: =IF(W39=0,0,IF(T39=0,1,IF(U39<0,0,IF(U39/T39>1.2,IF((U39/T39-1.2)*0.1+1.2>1.3,1.3,(U39/T39-1.2)*0.1+1.2),U39/T39)))) -> 1.2844856 | W39: 10 | X39: 4400 | Y39: 4143.519 | Z39: =IF(AA39=0,0,IF(X39=0,1,IF(Y39<0,0,IF(Y39/X39>1.2,IF((Y39/X39-1.2)*0.1+1.2>1.3,1.3,(Y39/X39-1.2)*0.1+1.2),Y39/X39)))) -> 0.94170886 | AA39: 10 | AB39: 820.9 | AC39: 988.063 | AD39: =IF(AE39=0,0,IF(AB39=0,1,IF(AC39<0,0,IF(AC39/AB39>1.2,IF((AC39/AB39-1.2)*0.1+1.2>1.3,1.3,(AC39/AB39-1.2)*0.1+1.2),AC39/AB39)))) -> 1.2003634 | AE39: 10 | AF39: Х | AG39: Х | AH39: Х | AI39: Х | AJ39: =(B39*C39+F39*G39+J39*K39+N39*O39+R39*S39+V39*W39+Z39*AA39+AD39*AE39)/(C39+G39+K39+O39+S39+W39+AA39+AE39) -> 1.0909755 | AK39: 47144 | AL39: =ROUND(AJ39*AK39,1) -> 51432.9 | AM39: =AL39-AK39 -> 4288.9 | AO39: 2452.1 | AP39: 2515.4 | AQ39: 1635.1 | AR39: 9027.6 | AS39: 7590 | AT39: 3329.7 | AU39: 0 | AV39: 2972.7 | AW39: 4234.8 | AX39: 6123.2 | AY39: 3016.4 | AZ39: 6918.6 | BB39: =ROUND(AL39-SUM(AN39:BA39),1) -> 1617.3 | BI39: =IF(OR(BC39="+",BD39="+",BE39="+",BF39="+",BG39="+",BH39="+"),0,BB39) -> 1617.3 | BJ39: =ROUND(BI39+SUM(BI150:BI155),1) -> 1899.3
A40: Кинельский | B40: 1 | C40: 10 | D40: 7025 | E40: 7139.8 | F40: =IF(G40=0,0,IF(D40=0,1,IF(E40<0,0,IF(E40/D40>1.2,IF((E40/D40-1.2)*0.1+1.2>1.3,1.3,(E40/D40-1.2)*0.1+1.2),E40/D40)))) -> 1.0163416 | G40: 10 | H40: 1900 | I40: 1901 | J40: =IF(K40=0,0,IF(H40=0,1,IF(I40<0,0,IF(I40/H40>1.2,IF((I40/H40-1.2)*0.1+1.2>1.3,1.3,(I40/H40-1.2)*0.1+1.2),I40/H40)))) -> 1.0005263 | K40: 15 | L40: 1.6 | M40: 0.9 | N40: =IF(O40=0,0,IF(M40=0,1.3,IF(M40<0,0,IF(L40/M40>1.2,IF((L40/M40-1.2)*0.1+1.2>1.3,1.3,(L40/M40-1.2)*0.1+1.2),L40/M40)))) -> 1.2577778 | O40: 15 | P40: 23500 | Q40: 30338 | R40: =IF(S40=0,0,IF(P40=0,1,IF(Q40<0,0,IF(Q40/P40>1.2,IF((Q40/P40-1.2)*0.1+1.2>1.3,1.3,(Q40/P40-1.2)*0.1+1.2),Q40/P40)))) -> 1.2090979 | S40: 5 | T40: 64.2 | U40: 81.0492 | V40: =IF(W40=0,0,IF(T40=0,1,IF(U40<0,0,IF(U40/T40>1.2,IF((U40/T40-1.2)*0.1+1.2>1.3,1.3,(U40/T40-1.2)*0.1+1.2),U40/T40)))) -> 1.2062449 | W40: 10 | X40: 23000 | Y40: 25204.816 | Z40: =IF(AA40=0,0,IF(X40=0,1,IF(Y40<0,0,IF(Y40/X40>1.2,IF((Y40/X40-1.2)*0.1+1.2>1.3,1.3,(Y40/X40-1.2)*0.1+1.2),Y40/X40)))) -> 1.0958616 | AA40: 10 | AB40: 8600 | AC40: 11378.817 | AD40: =IF(AE40=0,0,IF(AB40=0,1,IF(AC40<0,0,IF(AC40/AB40>1.2,IF((AC40/AB40-1.2)*0.1+1.2>1.3,1.3,(AC40/AB40-1.2)*0.1+1.2),AC40/AB40)))) -> 1.2123118 | AE40: 10 | AF40: Х | AG40: Х | AH40: Х | AI40: Х | AJ40: =(B40*C40+F40*G40+J40*K40+N40*O40+R40*S40+V40*W40+Z40*AA40+AD40*AE40)/(C40+G40+K40+O40+S40+W40+AA40+AE40) -> 1.1203253 | AK40: 7497 | AL40: =ROUND(AJ40*AK40,1) -> 8399.1 | AM40: =AL40-AK40 -> 902.1 | AO40: 668.7 | AP40: 646.1 | AQ40: 710.9 | AR40: 848.2 | AT40: 595.7 | AU40: 659.1 | AV40: 753.4 | AW40: 671.5 | AX40: 1428.9 | AY40: 432.3 | AZ40: 522.2 | BB40: =ROUND(AL40-SUM(AN40:BA40),1) -> 462.1 | BI40: =IF(OR(BC40="+",BD40="+",BE40="+",BF40="+",BG40="+",BH40="+"),0,BB40) -> 462.1 | BJ40: =ROUND(BI40+SUM(BI157:BI168),1) -> 2094.6
A41: Кинель-Черкасский | B41: 1 | C41: 10 | D41: 13009 | E41: 13636.3 | F41: =IF(G41=0,0,IF(D41=0,1,IF(E41<0,0,IF(E41/D41>1.2,IF((E41/D41-1.2)*0.1+1.2>1.3,1.3,(E41/D41-1.2)*0.1+1.2),E41/D41)))) -> 1.0482205 | G41: 10 | H41: 1004 | I41: 1227 | J41: =IF(K41=0,0,IF(H41=0,1,IF(I41<0,0,IF(I41/H41>1.2,IF((I41/H41-1.2)*0.1+1.2>1.3,1.3,(I41/H41-1.2)*0.1+1.2),I41/H41)))) -> 1.2022112 | K41: 15 | L41: 10.9 | M41: 6.7 | N41: =IF(O41=0,0,IF(M41=0,1.3,IF(M41<0,0,IF(L41/M41>1.2,IF((L41/M41-1.2)*0.1+1.2>1.3,1.3,(L41/M41-1.2)*0.1+1.2),L41/M41)))) -> 1.2426866 | O41: 15 | P41: 15950 | Q41: 22064 | R41: =IF(S41=0,0,IF(P41=0,1,IF(Q41<0,0,IF(Q41/P41>1.2,IF((Q41/P41-1.2)*0.1+1.2>1.3,1.3,(Q41/P41-1.2)*0.1+1.2),Q41/P41)))) -> 1.2183323 | S41: 5 | T41: 112.6 | U41: 129.62851 | V41: =IF(W41=0,0,IF(T41=0,1,IF(U41<0,0,IF(U41/T41>1.2,IF((U41/T41-1.2)*0.1+1.2>1.3,1.3,(U41/T41-1.2)*0.1+1.2),U41/T41)))) -> 1.1512301 | W41: 10 | X41: 18470.7 | Y41: 11708.476 | Z41: =IF(AA41=0,0,IF(X41=0,1,IF(Y41<0,0,IF(Y41/X41>1.2,IF((Y41/X41-1.2)*0.1+1.2>1.3,1.3,(Y41/X41-1.2)*0.1+1.2),Y41/X41)))) -> 0.63389455 | AA41: 10 | AB41: 48882.1 | AC41: 49923.175 | AD41: =IF(AE41=0,0,IF(AB41=0,1,IF(AC41<0,0,IF(AC41/AB41>1.2,IF((AC41/AB41-1.2)*0.1+1.2>1.3,1.3,(AC41/AB41-1.2)*0.1+1.2),AC41/AB41)))) -> 1.0212977 | AE41: 10 | AF41: Х | AG41: Х | AH41: Х | AI41: Х | AJ41: =(B41*C41+F41*G41+J41*K41+N41*O41+R41*S41+V41*W41+Z41*AA41+AD41*AE41)/(C41+G41+K41+O41+S41+W41+AA41+AE41) -> 1.0742536 | AK41: 19492 | AL41: =ROUND(AJ41*AK41,1) -> 20939.4 | AM41: =AL41-AK41 -> 1447.4 | AO41: 1545.4 | AP41: 1558.9 | AQ41: 2066.3 | AR41: 602.1 | AT41: 1533.4 | AU41: 2950.3 | AV41: 2043.8 | AW41: 1582.1 | AX41: 2594.3 | AY41: 1820.5 | AZ41: 1618.6 | BB41: =ROUND(AL41-SUM(AN41:BA41),1) -> 1023.7 | BI41: =IF(OR(BC41="+",BD41="+",BE41="+",BF41="+",BG41="+",BH41="+"),0,BB41) -> 1023.7 | BJ41: =ROUND(BI41+SUM(BI170:BI182),1) -> 2817.7
A42: Клявлинский | B42: 1 | C42: 10 | D42: 3305 | E42: 3599.4 | F42: =IF(G42=0,0,IF(D42=0,1,IF(E42<0,0,IF(E42/D42>1.2,IF((E42/D42-1.2)*0.1+1.2>1.3,1.3,(E42/D42-1.2)*0.1+1.2),E42/D42)))) -> 1.0890772 | G42: 10 | H42: 760 | I42: 776 | J42: =IF(K42=0,0,IF(H42=0,1,IF(I42<0,0,IF(I42/H42>1.2,IF((I42/H42-1.2)*0.1+1.2>1.3,1.3,(I42/H42-1.2)*0.1+1.2),I42/H42)))) -> 1.0210526 | K42: 15 | L42: 5.4 | M42: 3.8 | N42: =IF(O42=0,0,IF(M42=0,1.3,IF(M42<0,0,IF(L42/M42>1.2,IF((L42/M42-1.2)*0.1+1.2>1.3,1.3,(L42/M42-1.2)*0.1+1.2),L42/M42)))) -> 1.2221053 | O42: 15 | P42: 3900 | Q42: 4982 | R42: =IF(S42=0,0,IF(P42=0,1,IF(Q42<0,0,IF(Q42/P42>1.2,IF((Q42/P42-1.2)*0.1+1.2>1.3,1.3,(Q42/P42-1.2)*0.1+1.2),Q42/P42)))) -> 1.2077436 | S42: 5 | T42: 37.3 | U42: 37.3647 | V42: =IF(W42=0,0,IF(T42=0,1,IF(U42<0,0,IF(U42/T42>1.2,IF((U42/T42-1.2)*0.1+1.2>1.3,1.3,(U42/T42-1.2)*0.1+1.2),U42/T42)))) -> 1.0017346 | W42: 10 | X42: 6563.4 | Y42: 6693.879 | Z42: =IF(AA42=0,0,IF(X42=0,1,IF(Y42<0,0,IF(Y42/X42>1.2,IF((Y42/X42-1.2)*0.1+1.2>1.3,1.3,(Y42/X42-1.2)*0.1+1.2),Y42/X42)))) -> 1.0198798 | AA42: 10 | AB42: 1258.4 | AC42: 1312.804 | AD42: =IF(AE42=0,0,IF(AB42=0,1,IF(AC42<0,0,IF(AC42/AB42>1.2,IF((AC42/AB42-1.2)*0.1+1.2>1.3,1.3,(AC42/AB42-1.2)*0.1+1.2),AC42/AB42)))) -> 1.0432327 | AE42: 10 | AF42: Х | AG42: Х | AH42: Х | AI42: Х | AJ42: =(B42*C42+F42*G42+J42*K42+N42*O42+R42*S42+V42*W42+Z42*AA42+AD42*AE42)/(C42+G42+K42+O42+S42+W42+AA42+AE42) -> 1.0732392 | AK42: 25949 | AL42: =ROUND(AJ42*AK42,1) -> 27849.5 | AM42: =AL42-AK42 -> 1900.5 | AO42: 1320.7 | AP42: 1494.6 | AQ42: 2089 | AR42: 2068.8 | AT42: 1602.3 | AU42: 828.2 | AV42: 2808.9 | AW42: 1424.3 | AX42: 3144.2 | AY42: 1093 | AZ42: 9741.2 | BB42: =ROUND(AL42-SUM(AN42:BA42),1) -> 234.3 | BI42: =IF(OR(BC42="+",BD42="+",BE42="+",BF42="+",BG42="+",BH42="+"),0,BB42) -> 234.3 | BJ42: =ROUND(BI42+SUM(BI184:BI189),1) -> 314.8
A43: Кошкинский | B43: 1 | C43: 10 | D43: 11934 | E43: 12008.9 | F43: =IF(G43=0,0,IF(D43=0,1,IF(E43<0,0,IF(E43/D43>1.2,IF((E43/D43-1.2)*0.1+1.2>1.3,1.3,(E43/D43-1.2)*0.1+1.2),E43/D43)))) -> 1.0062762 | G43: 10 | H43: 1004 | I43: 1240 | J43: =IF(K43=0,0,IF(H43=0,1,IF(I43<0,0,IF(I43/H43>1.2,IF((I43/H43-1.2)*0.1+1.2>1.3,1.3,(I43/H43-1.2)*0.1+1.2),I43/H43)))) -> 1.203506 | K43: 15 | L43: 7 | M43: 0 | N43: =IF(O43=0,0,IF(M43=0,1.3,IF(M43<0,0,IF(L43/M43>1.2,IF((L43/M43-1.2)*0.1+1.2>1.3,1.3,(L43/M43-1.2)*0.1+1.2),L43/M43)))) -> 1.3 | O43: 15 | P43: 5600 | Q43: 5814 | R43: =IF(S43=0,0,IF(P43=0,1,IF(Q43<0,0,IF(Q43/P43>1.2,IF((Q43/P43-1.2)*0.1+1.2>1.3,1.3,(Q43/P43-1.2)*0.1+1.2),Q43/P43)))) -> 1.0382143 | S43: 5 | T43: 104.5 | U43: 130.3427 | V43: =IF(W43=0,0,IF(T43=0,1,IF(U43<0,0,IF(U43/T43>1.2,IF((U43/T43-1.2)*0.1+1.2>1.3,1.3,(U43/T43-1.2)*0.1+1.2),U43/T43)))) -> 1.2047299 | W43: 10 | X43: 30348 | Y43: 27562.242 | Z43: =IF(AA43=0,0,IF(X43=0,1,IF(Y43<0,0,IF(Y43/X43>1.2,IF((Y43/X43-1.2)*0.1+1.2>1.3,1.3,(Y43/X43-1.2)*0.1+1.2),Y43/X43)))) -> 0.90820621 | AA43: 10 | AB43: 5105.3 | AC43: 5224.062 | AD43: =IF(AE43=0,0,IF(AB43=0,1,IF(AC43<0,0,IF(AC43/AB43>1.2,IF((AC43/AB43-1.2)*0.1+1.2>1.3,1.3,(AC43/AB43-1.2)*0.1+1.2),AC43/AB43)))) -> 1.0232625 | AE43: 10 | AF43: Х | AG43: Х | AH43: Х | AI43: Х | AJ43: =(B43*C43+F43*G43+J43*K43+N43*O43+R43*S43+V43*W43+Z43*AA43+AD43*AE43)/(C43+G43+K43+O43+S43+W43+AA43+AE43) -> 1.1078636 | AK43: 41493 | AL43: =ROUND(AJ43*AK43,1) -> 45968.6 | AM43: =AL43-AK43 -> 4475.6 | AO43: 4290.1 | AP43: 3450.5 | AQ43: 5073.6 | AR43: 3927.3 | AT43: 3055.7 | AU43: 2966.4 | AV43: 5874.3 | AW43: 3961.7 | AX43: 5913.7 | AY43: 4485.1 | AZ43: 2769.5 | BB43: =ROUND(AL43-SUM(AN43:BA43),1) -> 200.7 | BI43: =IF(OR(BC43="+",BD43="+",BE43="+",BF43="+",BG43="+",BH43="+"),0,BB43) -> 200.7 | BJ43: =ROUND(BI43+SUM(BI191:BI203),1) -> 283.1
A44: Красноармейский | B44: 1 | C44: 10 | D44: 4552 | E44: 4460.8 | F44: =IF(G44=0,0,IF(D44=0,1,IF(E44<0,0,IF(E44/D44>1.2,IF((E44/D44-1.2)*0.1+1.2>1.3,1.3,(E44/D44-1.2)*0.1+1.2),E44/D44)))) -> 0.97996485 | G44: 10 | H44: 1004 | I44: 1004 | J44: =IF(K44=0,0,IF(H44=0,1,IF(I44<0,0,IF(I44/H44>1.2,IF((I44/H44-1.2)*0.1+1.2>1.3,1.3,(I44/H44-1.2)*0.1+1.2),I44/H44)))) -> 1 | K44: 15 | L44: 74 | M44: 59.3 | N44: =IF(O44=0,0,IF(M44=0,1.3,IF(M44<0,0,IF(L44/M44>1.2,IF((L44/M44-1.2)*0.1+1.2>1.3,1.3,(L44/M44-1.2)*0.1+1.2),L44/M44)))) -> 1.2047892 | O44: 15 | P44: 3200 | Q44: 4574 | R44: =IF(S44=0,0,IF(P44=0,1,IF(Q44<0,0,IF(Q44/P44>1.2,IF((Q44/P44-1.2)*0.1+1.2>1.3,1.3,(Q44/P44-1.2)*0.1+1.2),Q44/P44)))) -> 1.2229375 | S44: 5 | T44: 94.7 | U44: 82.0411 | V44: =IF(W44=0,0,IF(T44=0,1,IF(U44<0,0,IF(U44/T44>1.2,IF((U44/T44-1.2)*0.1+1.2>1.3,1.3,(U44/T44-1.2)*0.1+1.2),U44/T44)))) -> 0.86632629 | W44: 10 | X44: 15155 | Y44: 16659.463 | Z44: =IF(AA44=0,0,IF(X44=0,1,IF(Y44<0,0,IF(Y44/X44>1.2,IF((Y44/X44-1.2)*0.1+1.2>1.3,1.3,(Y44/X44-1.2)*0.1+1.2),Y44/X44)))) -> 1.0992717 | AA44: 10 | AB44: 6388.7 | AC44: 8545.658 | AD44: =IF(AE44=0,0,IF(AB44=0,1,IF(AC44<0,0,IF(AC44/AB44>1.2,IF((AC44/AB44-1.2)*0.1+1.2>1.3,1.3,(AC44/AB44-1.2)*0.1+1.2),AC44/AB44)))) -> 1.2137621 | AE44: 10 | AF44: Х | AG44: Х | AH44: Х | AI44: Х | AJ44: =(B44*C44+F44*G44+J44*K44+N44*O44+R44*S44+V44*W44+Z44*AA44+AD44*AE44)/(C44+G44+K44+O44+S44+W44+AA44+AE44) -> 1.0679974 | AK44: 30618 | AL44: =ROUND(AJ44*AK44,1) -> 32699.9 | AM44: =AL44-AK44 -> 2081.9 | AO44: 2415.9 | AP44: 3271.2 | AQ44: 1709.2 | AR44: 2581.3 | AT44: 2548.4 | AU44: 2171.3 | AV44: 3024.3 | AW44: 2396.5 | AX44: 2417.6 | AY44: 3042.3 | AZ44: 2783.5 | BA44: 1842.5 | BB44: =ROUND(AL44-SUM(AN44:BA44),1) -> 2495.9 | BI44: =IF(OR(BC44="+",BD44="+",BE44="+",BF44="+",BG44="+",BH44="+"),0,BB44) -> 2495.9 | BJ44: =ROUND(BI44+SUM(BI205:BI216),1) -> 4818
A45: Красноярский | B45: 1 | C45: 10 | D45: 29680 | E45: 30813.5 | F45: =IF(G45=0,0,IF(D45=0,1,IF(E45<0,0,IF(E45/D45>1.2,IF((E45/D45-1.2)*0.1+1.2>1.3,1.3,(E45/D45-1.2)*0.1+1.2),E45/D45)))) -> 1.0381907 | G45: 10 | H45: 1562 | I45: 2996 | J45: =IF(K45=0,0,IF(H45=0,1,IF(I45<0,0,IF(I45/H45>1.2,IF((I45/H45-1.2)*0.1+1.2>1.3,1.3,(I45/H45-1.2)*0.1+1.2),I45/H45)))) -> 1.2718054 | K45: 15 | L45: 29.7 | M45: 29.6 | N45: =IF(O45=0,0,IF(M45=0,1.3,IF(M45<0,0,IF(L45/M45>1.2,IF((L45/M45-1.2)*0.1+1.2>1.3,1.3,(L45/M45-1.2)*0.1+1.2),L45/M45)))) -> 1.0033784 | O45: 15 | P45: 56518 | Q45: 93472 | R45: =IF(S45=0,0,IF(P45=0,1,IF(Q45<0,0,IF(Q45/P45>1.2,IF((Q45/P45-1.2)*0.1+1.2>1.3,1.3,(Q45/P45-1.2)*0.1+1.2),Q45/P45)))) -> 1.2453845 | S45: 5 | T45: 59 | U45: 65.079848 | V45: =IF(W45=0,0,IF(T45=0,1,IF(U45<0,0,IF(U45/T45>1.2,IF((U45/T45-1.2)*0.1+1.2>1.3,1.3,(U45/T45-1.2)*0.1+1.2),U45/T45)))) -> 1.1030483 | W45: 10 | X45: 17900 | Y45: 17543.937 | Z45: =IF(AA45=0,0,IF(X45=0,1,IF(Y45<0,0,IF(Y45/X45>1.2,IF((Y45/X45-1.2)*0.1+1.2>1.3,1.3,(Y45/X45-1.2)*0.1+1.2),Y45/X45)))) -> 0.98010821 | AA45: 10 | AB45: 5180 | AC45: 4753.3 | AD45: =IF(AE45=0,0,IF(AB45=0,1,IF(AC45<0,0,IF(AC45/AB45>1.2,IF((AC45/AB45-1.2)*0.1+1.2>1.3,1.3,(AC45/AB45-1.2)*0.1+1.2),AC45/AB45)))) -> 0.91762548 | AE45: 10 | AF45: Х | AG45: Х | AH45: Х | AI45: Х | AJ45: =(B45*C45+F45*G45+J45*K45+N45*O45+R45*S45+V45*W45+Z45*AA45+AD45*AE45)/(C45+G45+K45+O45+S45+W45+AA45+AE45) -> 1.0675812 | AK45: 42719 | AL45: =ROUND(AJ45*AK45,1) -> 45606 | AM45: =AL45-AK45 -> 2887 | AO45: 3604.8 | AP45: 3633.2 | AQ45: 3969.5 | AR45: 4546.5 | AT45: 3784.8 | AU45: 2737.5 | AV45: 5760.3 | AW45: 3144.4 | AX45: 4634.2 | AY45: 6642.3 | AZ45: 2920.8 | BB45: =ROUND(AL45-SUM(AN45:BA45),1) -> 227.7 | BI45: =IF(OR(BC45="+",BD45="+",BE45="+",BF45="+",BG45="+",BH45="+"),0,BB45) -> 227.7 | BJ45: =ROUND(BI45+SUM(BI218:BI230),1) -> 318.7
A46: Нефтегорский | B46: 1 | C46: 10 | D46: 15531 | E46: 16033.5 | F46: =IF(G46=0,0,IF(D46=0,1,IF(E46<0,0,IF(E46/D46>1.2,IF((E46/D46-1.2)*0.1+1.2>1.3,1.3,(E46/D46-1.2)*0.1+1.2),E46/D46)))) -> 1.0323546 | G46: 10 | H46: 1004 | I46: 1072 | J46: =IF(K46=0,0,IF(H46=0,1,IF(I46<0,0,IF(I46/H46>1.2,IF((I46/H46-1.2)*0.1+1.2>1.3,1.3,(I46/H46-1.2)*0.1+1.2),I46/H46)))) -> 1.0677291 | K46: 15 | L46: 98.1 | M46: 127.8 | N46: =IF(O46=0,0,IF(M46=0,1.3,IF(M46<0,0,IF(L46/M46>1.2,IF((L46/M46-1.2)*0.1+1.2>1.3,1.3,(L46/M46-1.2)*0.1+1.2),L46/M46)))) -> 0.76760563 | O46: 15 | P46: 6000 | Q46: 6347 | R46: =IF(S46=0,0,IF(P46=0,1,IF(Q46<0,0,IF(Q46/P46>1.2,IF((Q46/P46-1.2)*0.1+1.2>1.3,1.3,(Q46/P46-1.2)*0.1+1.2),Q46/P46)))) -> 1.0578333 | S46: 5 | T46: 64.2 | U46: 66.009734 | V46: =IF(W46=0,0,IF(T46=0,1,IF(U46<0,0,IF(U46/T46>1.2,IF((U46/T46-1.2)*0.1+1.2>1.3,1.3,(U46/T46-1.2)*0.1+1.2),U46/T46)))) -> 1.028189 | W46: 10 | X46: 8714 | Y46: 8875.036 | Z46: =IF(AA46=0,0,IF(X46=0,1,IF(Y46<0,0,IF(Y46/X46>1.2,IF((Y46/X46-1.2)*0.1+1.2>1.3,1.3,(Y46/X46-1.2)*0.1+1.2),Y46/X46)))) -> 1.0184801 | AA46: 10 | AB46: 2137 | AC46: 2348.133 | AD46: =IF(AE46=0,0,IF(AB46=0,1,IF(AC46<0,0,IF(AC46/AB46>1.2,IF((AC46/AB46-1.2)*0.1+1.2>1.3,1.3,(AC46/AB46-1.2)*0.1+1.2),AC46/AB46)))) -> 1.0987988 | AE46: 10 | AF46: Х | AG46: Х | AH46: Х | AI46: Х | AJ46: =(B46*C46+F46*G46+J46*K46+N46*O46+R46*S46+V46*W46+Z46*AA46+AD46*AE46)/(C46+G46+K46+O46+S46+W46+AA46+AE46) -> 0.99526368 | AK46: 38544 | AL46: =ROUND(AJ46*AK46,1) -> 38361.4 | AM46: =AL46-AK46 -> -182.6 | AO46: 3038.9 | AP46: 3113.8 | AQ46: 4838.3 | AR46: 3938.7 | AT46: 3215.4 | AU46: 1869 | AV46: 3212.2 | AW46: 3117.1 | AX46: 1520.2 | AY46: 5476 | AZ46: 3504 | BB46: =ROUND(AL46-SUM(AN46:BA46),1) -> 1517.8 | BG46: + | BI46: =IF(OR(BC46="+",BD46="+",BE46="+",BF46="+",BG46="+",BH46="+"),0,BB46) -> 0 | BJ46: =ROUND(BI46+SUM(BI232:BI240),1) -> 468.7
A47: Пестравский | B47: 1 | C47: 10 | D47: 3674 | E47: 3794.3 | F47: =IF(G47=0,0,IF(D47=0,1,IF(E47<0,0,IF(E47/D47>1.2,IF((E47/D47-1.2)*0.1+1.2>1.3,1.3,(E47/D47-1.2)*0.1+1.2),E47/D47)))) -> 1.0327436 | G47: 10 | H47: 760 | I47: 739 | J47: =IF(K47=0,0,IF(H47=0,1,IF(I47<0,0,IF(I47/H47>1.2,IF((I47/H47-1.2)*0.1+1.2>1.3,1.3,(I47/H47-1.2)*0.1+1.2),I47/H47)))) -> 0.97236842 | K47: 15 | L47: 7.2 | M47: 4.1 | N47: =IF(O47=0,0,IF(M47=0,1.3,IF(M47<0,0,IF(L47/M47>1.2,IF((L47/M47-1.2)*0.1+1.2>1.3,1.3,(L47/M47-1.2)*0.1+1.2),L47/M47)))) -> 1.2556098 | O47: 15 | P47: 2000 | Q47: 3740 | R47: =IF(S47=0,0,IF(P47=0,1,IF(Q47<0,0,IF(Q47/P47>1.2,IF((Q47/P47-1.2)*0.1+1.2>1.3,1.3,(Q47/P47-1.2)*0.1+1.2),Q47/P47)))) -> 1.267 | S47: 5 | T47: 87.4 | U47: 91.0834 | V47: =IF(W47=0,0,IF(T47=0,1,IF(U47<0,0,IF(U47/T47>1.2,IF((U47/T47-1.2)*0.1+1.2>1.3,1.3,(U47/T47-1.2)*0.1+1.2),U47/T47)))) -> 1.0421442 | W47: 10 | X47: 7502.6 | Y47: 6675.997 | Z47: =IF(AA47=0,0,IF(X47=0,1,IF(Y47<0,0,IF(Y47/X47>1.2,IF((Y47/X47-1.2)*0.1+1.2>1.3,1.3,(Y47/X47-1.2)*0.1+1.2),Y47/X47)))) -> 0.88982446 | AA47: 10 | AB47: 2332.9 | AC47: 2171.86 | AD47: =IF(AE47=0,0,IF(AB47=0,1,IF(AC47<0,0,IF(AC47/AB47>1.2,IF((AC47/AB47-1.2)*0.1+1.2>1.3,1.3,(AC47/AB47-1.2)*0.1+1.2),AC47/AB47)))) -> 0.93097004 | AE47: 10 | AF47: Х | AG47: Х | AH47: Х | AI47: Х | AJ47: =(B47*C47+F47*G47+J47*K47+N47*O47+R47*S47+V47*W47+Z47*AA47+AD47*AE47)/(C47+G47+K47+O47+S47+W47+AA47+AE47) -> 1.0436647 | AK47: 27283 | AL47: =ROUND(AJ47*AK47,1) -> 28474.3 | AM47: =AL47-AK47 -> 1191.3 | AO47: 2703.2 | AP47: 2882 | AQ47: 343.3 | AR47: 2570.8 | AT47: 2363.5 | AU47: 3150.5 | AV47: 2885.3 | AW47: 2312.1 | AX47: 0 | AY47: 2480.3 | AZ47: 2480.3 | BA47: 1996.8 | BB47: =ROUND(AL47-SUM(AN47:BA47),1) -> 2306.2 | BI47: =IF(OR(BC47="+",BD47="+",BE47="+",BF47="+",BG47="+",BH47="+"),0,BB47) -> 2306.2 | BJ47: =ROUND(BI47+SUM(BI242:BI249),1) -> 3925.4
A48: Похвистневский | B48: 1 | C48: 10 | D48: 5092 | E48: 5173.9 | F48: =IF(G48=0,0,IF(D48=0,1,IF(E48<0,0,IF(E48/D48>1.2,IF((E48/D48-1.2)*0.1+1.2>1.3,1.3,(E48/D48-1.2)*0.1+1.2),E48/D48)))) -> 1.0160841 | G48: 10 | H48: 1004 | I48: 1012 | J48: =IF(K48=0,0,IF(H48=0,1,IF(I48<0,0,IF(I48/H48>1.2,IF((I48/H48-1.2)*0.1+1.2>1.3,1.3,(I48/H48-1.2)*0.1+1.2),I48/H48)))) -> 1.0079681 | K48: 15 | L48: 10.9 | M48: 2.2 | N48: =IF(O48=0,0,IF(M48=0,1.3,IF(M48<0,0,IF(L48/M48>1.2,IF((L48/M48-1.2)*0.1+1.2>1.3,1.3,(L48/M48-1.2)*0.1+1.2),L48/M48)))) -> 1.3 | O48: 15 | P48: 13174 | Q48: 16037 | R48: =IF(S48=0,0,IF(P48=0,1,IF(Q48<0,0,IF(Q48/P48>1.2,IF((Q48/P48-1.2)*0.1+1.2>1.3,1.3,(Q48/P48-1.2)*0.1+1.2),Q48/P48)))) -> 1.2017322 | S48: 5 | T48: 73.9 | U48: 84.53742 | V48: =IF(W48=0,0,IF(T48=0,1,IF(U48<0,0,IF(U48/T48>1.2,IF((U48/T48-1.2)*0.1+1.2>1.3,1.3,(U48/T48-1.2)*0.1+1.2),U48/T48)))) -> 1.1439434 | W48: 10 | X48: 21735.2 | Y48: 19407.929 | Z48: =IF(AA48=0,0,IF(X48=0,1,IF(Y48<0,0,IF(Y48/X48>1.2,IF((Y48/X48-1.2)*0.1+1.2>1.3,1.3,(Y48/X48-1.2)*0.1+1.2),Y48/X48)))) -> 0.89292618 | AA48: 10 | AB48: 9631 | AC48: 9457.383 | AD48: =IF(AE48=0,0,IF(AB48=0,1,IF(AC48<0,0,IF(AC48/AB48>1.2,IF((AC48/AB48-1.2)*0.1+1.2>1.3,1.3,(AC48/AB48-1.2)*0.1+1.2),AC48/AB48)))) -> 0.98197311 | AE48: 10 | AF48: Х | AG48: Х | AH48: Х | AI48: Х | AJ48: =(B48*C48+F48*G48+J48*K48+N48*O48+R48*S48+V48*W48+Z48*AA48+AD48*AE48)/(C48+G48+K48+O48+S48+W48+AA48+AE48) -> 1.0703229 | AK48: 51618 | AL48: =ROUND(AJ48*AK48,1) -> 55247.9 | AM48: =AL48-AK48 -> 3629.9 | AO48: 4632.7 | AP48: 4853.2 | AQ48: 4826.6 | AR48: 5496.3 | AT48: 4588.2 | AU48: 4014.1 | AV48: 7120.9 | AW48: 4946.9 | AX48: 7228.8 | AY48: 3022.7 | AZ48: 3681.2 | BB48: =ROUND(AL48-SUM(AN48:BA48),1) -> 836.3 | BI48: =IF(OR(BC48="+",BD48="+",BE48="+",BF48="+",BG48="+",BH48="+"),0,BB48) -> 836.3 | BJ48: =ROUND(BI48+SUM(BI251:BI265),1) -> 1401.1
A49: Приволжский | B49: 1 | C49: 10 | D49: 5279 | E49: 6075.2 | F49: =IF(G49=0,0,IF(D49=0,1,IF(E49<0,0,IF(E49/D49>1.2,IF((E49/D49-1.2)*0.1+1.2>1.3,1.3,(E49/D49-1.2)*0.1+1.2),E49/D49)))) -> 1.150824 | G49: 10 | H49: 760 | I49: 1008 | J49: =IF(K49=0,0,IF(H49=0,1,IF(I49<0,0,IF(I49/H49>1.2,IF((I49/H49-1.2)*0.1+1.2>1.3,1.3,(I49/H49-1.2)*0.1+1.2),I49/H49)))) -> 1.2126316 | K49: 15 | L49: 19.6 | M49: 17.8 | N49: =IF(O49=0,0,IF(M49=0,1.3,IF(M49<0,0,IF(L49/M49>1.2,IF((L49/M49-1.2)*0.1+1.2>1.3,1.3,(L49/M49-1.2)*0.1+1.2),L49/M49)))) -> 1.1011236 | O49: 15 | P49: 4280 | Q49: 4342 | R49: =IF(S49=0,0,IF(P49=0,1,IF(Q49<0,0,IF(Q49/P49>1.2,IF((Q49/P49-1.2)*0.1+1.2>1.3,1.3,(Q49/P49-1.2)*0.1+1.2),Q49/P49)))) -> 1.014486 | S49: 5 | T49: 67.9 | U49: 72.58754 | V49: =IF(W49=0,0,IF(T49=0,1,IF(U49<0,0,IF(U49/T49>1.2,IF((U49/T49-1.2)*0.1+1.2>1.3,1.3,(U49/T49-1.2)*0.1+1.2),U49/T49)))) -> 1.0690359 | W49: 10 | X49: 9675.8 | Y49: 9828.908 | Z49: =IF(AA49=0,0,IF(X49=0,1,IF(Y49<0,0,IF(Y49/X49>1.2,IF((Y49/X49-1.2)*0.1+1.2>1.3,1.3,(Y49/X49-1.2)*0.1+1.2),Y49/X49)))) -> 1.0158238 | AA49: 10 | AB49: 3782 | AC49: 3620.301 | AD49: =IF(AE49=0,0,IF(AB49=0,1,IF(AC49<0,0,IF(AC49/AB49>1.2,IF((AC49/AB49-1.2)*0.1+1.2>1.3,1.3,(AC49/AB49-1.2)*0.1+1.2),AC49/AB49)))) -> 0.95724511 | AE49: 10 | AF49: Х | AG49: Х | AH49: Х | AI49: Х | AJ49: =(B49*C49+F49*G49+J49*K49+N49*O49+R49*S49+V49*W49+Z49*AA49+AD49*AE49)/(C49+G49+K49+O49+S49+W49+AA49+AE49) -> 1.0789182 | AK49: 40697 | AL49: =ROUND(AJ49*AK49,1) -> 43908.7 | AM49: =AL49-AK49 -> 3211.7 | AO49: 3910.7 | AP49: 4150.5 | AQ49: 496.5 | AR49: 2803.8 | AT49: 3283.1 | AU49: 3775 | AV49: 2668.6 | AW49: 3426.7 | AX49: 4417.6 | AY49: 6157.7 | AZ49: 3699.7 | BA49: 3630.4 | BB49: =ROUND(AL49-SUM(AN49:BA49),1) -> 1488.4 | BI49: =IF(OR(BC49="+",BD49="+",BE49="+",BF49="+",BG49="+",BH49="+"),0,BB49) -> 1488.4 | BJ49: =ROUND(BI49+SUM(BI267:BI273),1) -> 1952.1
A50: Сергиевский | B50: 1 | C50: 10 | D50: 16445 | E50: 17182.2 | F50: =IF(G50=0,0,IF(D50=0,1,IF(E50<0,0,IF(E50/D50>1.2,IF((E50/D50-1.2)*0.1+1.2>1.3,1.3,(E50/D50-1.2)*0.1+1.2),E50/D50)))) -> 1.0448282 | G50: 10 | H50: 1004 | I50: 2344 | J50: =IF(K50=0,0,IF(H50=0,1,IF(I50<0,0,IF(I50/H50>1.2,IF((I50/H50-1.2)*0.1+1.2>1.3,1.3,(I50/H50-1.2)*0.1+1.2),I50/H50)))) -> 1.3 | K50: 15 | L50: 28.1 | M50: 23.6 | N50: =IF(O50=0,0,IF(M50=0,1.3,IF(M50<0,0,IF(L50/M50>1.2,IF((L50/M50-1.2)*0.1+1.2>1.3,1.3,(L50/M50-1.2)*0.1+1.2),L50/M50)))) -> 1.190678 | O50: 15 | P50: 15000 | Q50: 16169 | R50: =IF(S50=0,0,IF(P50=0,1,IF(Q50<0,0,IF(Q50/P50>1.2,IF((Q50/P50-1.2)*0.1+1.2>1.3,1.3,(Q50/P50-1.2)*0.1+1.2),Q50/P50)))) -> 1.0779333 | S50: 5 | T50: 78.1 | U50: 82.4988 | V50: =IF(W50=0,0,IF(T50=0,1,IF(U50<0,0,IF(U50/T50>1.2,IF((U50/T50-1.2)*0.1+1.2>1.3,1.3,(U50/T50-1.2)*0.1+1.2),U50/T50)))) -> 1.0563227 | W50: 10 | X50: 11263 | Y50: 10690.777 | Z50: =IF(AA50=0,0,IF(X50=0,1,IF(Y50<0,0,IF(Y50/X50>1.2,IF((Y50/X50-1.2)*0.1+1.2>1.3,1.3,(Y50/X50-1.2)*0.1+1.2),Y50/X50)))) -> 0.94919444 | AA50: 10 | AB50: 2541.3 | AC50: 2277.895 | AD50: =IF(AE50=0,0,IF(AB50=0,1,IF(AC50<0,0,IF(AC50/AB50>1.2,IF((AC50/AB50-1.2)*0.1+1.2>1.3,1.3,(AC50/AB50-1.2)*0.1+1.2),AC50/AB50)))) -> 0.89635029 | AE50: 10 | AF50: Х | AG50: Х | AH50: Х | AI50: Х | AJ50: =(B50*C50+F50*G50+J50*K50+N50*O50+R50*S50+V50*W50+Z50*AA50+AD50*AE50)/(C50+G50+K50+O50+S50+W50+AA50+AE50) -> 1.0849034 | AK50: 35165 | AL50: =ROUND(AJ50*AK50,1) -> 38150.6 | AM50: =AL50-AK50 -> 2985.6 | AO50: 3424.7 | AP50: 2952.5 | AQ50: 2684.2 | AR50: 3644.7 | AT50: 3321.1 | AU50: 2354 | AV50: 5192 | AW50: 3357.3 | AX50: 4092.4 | AY50: 4755.8 | AZ50: 2347.1 | BA50: 1183 | BB50: =ROUND(AL50-SUM(AN50:BA50),1) -> -1158.2 | BI50: =IF(OR(BC50="+",BD50="+",BE50="+",BF50="+",BG50="+",BH50="+"),0,BB50) -> -1158.2 | BJ50: =ROUND(BI50+SUM(BI275:BI291),1) -> -1662.9
A51: Ставропольский | B51: 1 | C51: 10 | D51: 37749 | E51: 40536.2 | F51: =IF(G51=0,0,IF(D51=0,1,IF(E51<0,0,IF(E51/D51>1.2,IF((E51/D51-1.2)*0.1+1.2>1.3,1.3,(E51/D51-1.2)*0.1+1.2),E51/D51)))) -> 1.0738351 | G51: 10 | H51: 1894 | I51: 2088 | J51: =IF(K51=0,0,IF(H51=0,1,IF(I51<0,0,IF(I51/H51>1.2,IF((I51/H51-1.2)*0.1+1.2>1.3,1.3,(I51/H51-1.2)*0.1+1.2),I51/H51)))) -> 1.1024287 | K51: 15 | L51: 122.2 | M51: 124.3 | N51: =IF(O51=0,0,IF(M51=0,1.3,IF(M51<0,0,IF(L51/M51>1.2,IF((L51/M51-1.2)*0.1+1.2>1.3,1.3,(L51/M51-1.2)*0.1+1.2),L51/M51)))) -> 0.98310539 | O51: 15 | P51: 120000 | Q51: 190058 | R51: =IF(S51=0,0,IF(P51=0,1,IF(Q51<0,0,IF(Q51/P51>1.2,IF((Q51/P51-1.2)*0.1+1.2>1.3,1.3,(Q51/P51-1.2)*0.1+1.2),Q51/P51)))) -> 1.2383817 | S51: 5 | T51: 132.4 | U51: 132.51092 | V51: =IF(W51=0,0,IF(T51=0,1,IF(U51<0,0,IF(U51/T51>1.2,IF((U51/T51-1.2)*0.1+1.2>1.3,1.3,(U51/T51-1.2)*0.1+1.2),U51/T51)))) -> 1.0008378 | W51: 10 | X51: 36051.8 | Y51: 36003.241 | Z51: =IF(AA51=0,0,IF(X51=0,1,IF(Y51<0,0,IF(Y51/X51>1.2,IF((Y51/X51-1.2)*0.1+1.2>1.3,1.3,(Y51/X51-1.2)*0.1+1.2),Y51/X51)))) -> 0.99865308 | AA51: 10 | AB51: 4586 | AC51: 4616.466 | AD51: =IF(AE51=0,0,IF(AB51=0,1,IF(AC51<0,0,IF(AC51/AB51>1.2,IF((AC51/AB51-1.2)*0.1+1.2>1.3,1.3,(AC51/AB51-1.2)*0.1+1.2),AC51/AB51)))) -> 1.0066433 | AE51: 10 | AF51: Х | AG51: Х | AH51: Х | AI51: Х | AJ51: =(B51*C51+F51*G51+J51*K51+N51*O51+R51*S51+V51*W51+Z51*AA51+AD51*AE51)/(C51+G51+K51+O51+S51+W51+AA51+AE51) -> 1.0385248 | AK51: 75304 | AL51: =ROUND(AJ51*AK51,1) -> 78205.1 | AM51: =AL51-AK51 -> 2901.1 | AO51: 6862.3 | AP51: 6235.3 | AQ51: 4910.5 | AR51: 7713.1 | AT51: 5938.6 | AU51: 5878.7 | AV51: 7496.5 | AW51: 6481.7 | AX51: 4805.7 | AY51: 8675 | AZ51: 6845.8 | BB51: =ROUND(AL51-SUM(AN51:BA51),1) -> 6361.9 | BI51: =IF(OR(BC51="+",BD51="+",BE51="+",BF51="+",BG51="+",BH51="+"),0,BB51) -> 6361.9 | BJ51: =ROUND(BI51+SUM(BI293:BI316),1) -> 7283.2
A52: Сызранский | B52: 1 | C52: 10 | D52: 7637 | E52: 7960.8 | F52: =IF(G52=0,0,IF(D52=0,1,IF(E52<0,0,IF(E52/D52>1.2,IF((E52/D52-1.2)*0.1+1.2>1.3,1.3,(E52/D52-1.2)*0.1+1.2),E52/D52)))) -> 1.0423988 | G52: 10 | H52: 1004 | I52: 2132 | J52: =IF(K52=0,0,IF(H52=0,1,IF(I52<0,0,IF(I52/H52>1.2,IF((I52/H52-1.2)*0.1+1.2>1.3,1.3,(I52/H52-1.2)*0.1+1.2),I52/H52)))) -> 1.2923506 | K52: 15 | L52: 13.8 | M52: 15.8 | N52: =IF(O52=0,0,IF(M52=0,1.3,IF(M52<0,0,IF(L52/M52>1.2,IF((L52/M52-1.2)*0.1+1.2>1.3,1.3,(L52/M52-1.2)*0.1+1.2),L52/M52)))) -> 0.87341772 | O52: 15 | P52: 12000 | Q52: 17712 | R52: =IF(S52=0,0,IF(P52=0,1,IF(Q52<0,0,IF(Q52/P52>1.2,IF((Q52/P52-1.2)*0.1+1.2>1.3,1.3,(Q52/P52-1.2)*0.1+1.2),Q52/P52)))) -> 1.2276 | S52: 5 | T52: 49.4 | U52: 43.6436 | V52: =IF(W52=0,0,IF(T52=0,1,IF(U52<0,0,IF(U52/T52>1.2,IF((U52/T52-1.2)*0.1+1.2>1.3,1.3,(U52/T52-1.2)*0.1+1.2),U52/T52)))) -> 0.88347368 | W52: 10 | X52: 11471.3 | Y52: 11039.989 | Z52: =IF(AA52=0,0,IF(X52=0,1,IF(Y52<0,0,IF(Y52/X52>1.2,IF((Y52/X52-1.2)*0.1+1.2>1.3,1.3,(Y52/X52-1.2)*0.1+1.2),Y52/X52)))) -> 0.96240086 | AA52: 10 | AB52: 2576.7 | AC52: 2570.168 | AD52: =IF(AE52=0,0,IF(AB52=0,1,IF(AC52<0,0,IF(AC52/AB52>1.2,IF((AC52/AB52-1.2)*0.1+1.2>1.3,1.3,(AC52/AB52-1.2)*0.1+1.2),AC52/AB52)))) -> 0.99746497 | AE52: 10 | AF52: Х | AG52: Х | AH52: Х | AI52: Х | AJ52: =(B52*C52+F52*G52+J52*K52+N52*O52+R52*S52+V52*W52+Z52*AA52+AD52*AE52)/(C52+G52+K52+O52+S52+W52+AA52+AE52) -> 1.0291989 | AK52: 35659 | AL52: =ROUND(AJ52*AK52,1) -> 36700.2 | AM52: =AL52-AK52 -> 1041.2 | AO52: 3394.5 | AP52: 3024.1 | AQ52: 954.2 | AR52: 3860.4 | AT52: 2696 | AU52: 3566.6 | AV52: 3481.6 | AW52: 3143.6 | AX52: 0 | AY52: 5582.5 | AZ52: 3241.7 | BA52: 2236.5 | BB52: =ROUND(AL52-SUM(AN52:BA52),1) -> 1518.5 | BI52: =IF(OR(BC52="+",BD52="+",BE52="+",BF52="+",BG52="+",BH52="+"),0,BB52) -> 1518.5 | BJ52: =ROUND(BI52+SUM(BI318:BI332),1) -> 1946.9
A53: Хворостянский | B53: 1 | C53: 10 | D53: 3768 | E53: 3854.6 | F53: =IF(G53=0,0,IF(D53=0,1,IF(E53<0,0,IF(E53/D53>1.2,IF((E53/D53-1.2)*0.1+1.2>1.3,1.3,(E53/D53-1.2)*0.1+1.2),E53/D53)))) -> 1.022983 | G53: 10 | H53: 760 | I53: 855 | J53: =IF(K53=0,0,IF(H53=0,1,IF(I53<0,0,IF(I53/H53>1.2,IF((I53/H53-1.2)*0.1+1.2>1.3,1.3,(I53/H53-1.2)*0.1+1.2),I53/H53)))) -> 1.125 | K53: 15 | L53: 22.3 | M53: 21.7 | N53: =IF(O53=0,0,IF(M53=0,1.3,IF(M53<0,0,IF(L53/M53>1.2,IF((L53/M53-1.2)*0.1+1.2>1.3,1.3,(L53/M53-1.2)*0.1+1.2),L53/M53)))) -> 1.0276498 | O53: 15 | P53: 2077 | Q53: 2575 | R53: =IF(S53=0,0,IF(P53=0,1,IF(Q53<0,0,IF(Q53/P53>1.2,IF((Q53/P53-1.2)*0.1+1.2>1.3,1.3,(Q53/P53-1.2)*0.1+1.2),Q53/P53)))) -> 1.2039769 | S53: 5 | T53: 93.1 | U53: 94.3894 | V53: =IF(W53=0,0,IF(T53=0,1,IF(U53<0,0,IF(U53/T53>1.2,IF((U53/T53-1.2)*0.1+1.2>1.3,1.3,(U53/T53-1.2)*0.1+1.2),U53/T53)))) -> 1.0138496 | W53: 10 | X53: 22786 | Y53: 27164.4 | Z53: =IF(AA53=0,0,IF(X53=0,1,IF(Y53<0,0,IF(Y53/X53>1.2,IF((Y53/X53-1.2)*0.1+1.2>1.3,1.3,(Y53/X53-1.2)*0.1+1.2),Y53/X53)))) -> 1.1921531 | AA53: 10 | AB53: 3184 | AC53: 3427.439 | AD53: =IF(AE53=0,0,IF(AB53=0,1,IF(AC53<0,0,IF(AC53/AB53>1.2,IF((AC53/AB53-1.2)*0.1+1.2>1.3,1.3,(AC53/AB53-1.2)*0.1+1.2),AC53/AB53)))) -> 1.076457 | AE53: 10 | AF53: Х | AG53: Х | AH53: Х | AI53: Х | AJ53: =(B53*C53+F53*G53+J53*K53+N53*O53+R53*S53+V53*W53+Z53*AA53+AD53*AE53)/(C53+G53+K53+O53+S53+W53+AA53+AE53) -> 1.0748713 | AK53: 34883 | AL53: =ROUND(AJ53*AK53,1) -> 37494.7 | AM53: =AL53-AK53 -> 2611.7 | AO53: 3124 | AP53: 2829.9 | AQ53: 1068.2 | AR53: 2342.7 | AT53: 2560.3 | AU53: 2641.9 | AV53: 3781.4 | AW53: 3351.6 | AX53: 0 | AY53: 5145.9 | AZ53: 4931.7 | BA53: 2362 | BB53: =ROUND(AL53-SUM(AN53:BA53),1) -> 3355.1 | BI53: =IF(OR(BC53="+",BD53="+",BE53="+",BF53="+",BG53="+",BH53="+"),0,BB53) -> 3355.1 | BJ53: =ROUND(BI53+SUM(BI334:BI344),1) -> 5865.8
A54: Челно-Вершинский | B54: 1 | C54: 10 | D54: 3484 | E54: 4054.7 | F54: =IF(G54=0,0,IF(D54=0,1,IF(E54<0,0,IF(E54/D54>1.2,IF((E54/D54-1.2)*0.1+1.2>1.3,1.3,(E54/D54-1.2)*0.1+1.2),E54/D54)))) -> 1.163806 | G54: 10 | H54: 760 | I54: 831 | J54: =IF(K54=0,0,IF(H54=0,1,IF(I54<0,0,IF(I54/H54>1.2,IF((I54/H54-1.2)*0.1+1.2>1.3,1.3,(I54/H54-1.2)*0.1+1.2),I54/H54)))) -> 1.0934211 | K54: 15 | L54: 2.8 | M54: 1.6 | N54: =IF(O54=0,0,IF(M54=0,1.3,IF(M54<0,0,IF(L54/M54>1.2,IF((L54/M54-1.2)*0.1+1.2>1.3,1.3,(L54/M54-1.2)*0.1+1.2),L54/M54)))) -> 1.255 | O54: 15 | P54: 2400 | Q54: 2465 | R54: =IF(S54=0,0,IF(P54=0,1,IF(Q54<0,0,IF(Q54/P54>1.2,IF((Q54/P54-1.2)*0.1+1.2>1.3,1.3,(Q54/P54-1.2)*0.1+1.2),Q54/P54)))) -> 1.0270833 | S54: 5 | T54: 49.7 | U54: 74.0764 | V54: =IF(W54=0,0,IF(T54=0,1,IF(U54<0,0,IF(U54/T54>1.2,IF((U54/T54-1.2)*0.1+1.2>1.3,1.3,(U54/T54-1.2)*0.1+1.2),U54/T54)))) -> 1.2290471 | W54: 10 | X54: 15311.3 | Y54: 14956.957 | Z54: =IF(AA54=0,0,IF(X54=0,1,IF(Y54<0,0,IF(Y54/X54>1.2,IF((Y54/X54-1.2)*0.1+1.2>1.3,1.3,(Y54/X54-1.2)*0.1+1.2),Y54/X54)))) -> 0.97685742 | AA54: 10 | AB54: 3349 | AC54: 4052.8 | AD54: =IF(AE54=0,0,IF(AB54=0,1,IF(AC54<0,0,IF(AC54/AB54>1.2,IF((AC54/AB54-1.2)*0.1+1.2>1.3,1.3,(AC54/AB54-1.2)*0.1+1.2),AC54/AB54)))) -> 1.2010152 | AE54: 10 | AF54: Х | AG54: Х | AH54: Х | AI54: Х | AJ54: =(B54*C54+F54*G54+J54*K54+N54*O54+R54*S54+V54*W54+Z54*AA54+AD54*AE54)/(C54+G54+K54+O54+S54+W54+AA54+AE54) -> 1.1302234 | AK54: 35463 | AL54: =ROUND(AJ54*AK54,1) -> 40081.1 | AM54: =AL54-AK54 -> 4618.1 | AO54: 2875.4 | AP54: 3055.6 | AQ54: 3086.8 | AR54: 3665 | AT54: 3308.5 | AU54: 2560.6 | AV54: 4719.9 | AW54: 3364.6 | AX54: 4561.1 | AY54: 2805.5 | AZ54: 2755.1 | BB54: =ROUND(AL54-SUM(AN54:BA54),1) -> 3323 | BI54: =IF(OR(BC54="+",BD54="+",BE54="+",BF54="+",BG54="+",BH54="+"),0,BB54) -> 3323 | BJ54: =ROUND(BI54+SUM(BI346:BI356),1) -> 4933.7
A55: Шенталинский | B55: 1 | C55: 10 | D55: 6880 | E55: 6375.9 | F55: =IF(G55=0,0,IF(D55=0,1,IF(E55<0,0,IF(E55/D55>1.2,IF((E55/D55-1.2)*0.1+1.2>1.3,1.3,(E55/D55-1.2)*0.1+1.2),E55/D55)))) -> 0.92672965 | G55: 10 | H55: 760 | I55: 1136 | J55: =IF(K55=0,0,IF(H55=0,1,IF(I55<0,0,IF(I55/H55>1.2,IF((I55/H55-1.2)*0.1+1.2>1.3,1.3,(I55/H55-1.2)*0.1+1.2),I55/H55)))) -> 1.2294737 | K55: 15 | L55: 4.9 | M55: 3 | N55: =IF(O55=0,0,IF(M55=0,1.3,IF(M55<0,0,IF(L55/M55>1.2,IF((L55/M55-1.2)*0.1+1.2>1.3,1.3,(L55/M55-1.2)*0.1+1.2),L55/M55)))) -> 1.2433333 | O55: 15 | P55: 2600 | Q55: 4357 | R55: =IF(S55=0,0,IF(P55=0,1,IF(Q55<0,0,IF(Q55/P55>1.2,IF((Q55/P55-1.2)*0.1+1.2>1.3,1.3,(Q55/P55-1.2)*0.1+1.2),Q55/P55)))) -> 1.2475769 | S55: 5 | T55: 43.5 | U55: 45.949 | V55: =IF(W55=0,0,IF(T55=0,1,IF(U55<0,0,IF(U55/T55>1.2,IF((U55/T55-1.2)*0.1+1.2>1.3,1.3,(U55/T55-1.2)*0.1+1.2),U55/T55)))) -> 1.0562989 | W55: 10 | X55: 12358.4 | Y55: 13095.087 | Z55: =IF(AA55=0,0,IF(X55=0,1,IF(Y55<0,0,IF(Y55/X55>1.2,IF((Y55/X55-1.2)*0.1+1.2>1.3,1.3,(Y55/X55-1.2)*0.1+1.2),Y55/X55)))) -> 1.0596102 | AA55: 10 | AB55: 5022.5 | AC55: 4424.343 | AD55: =IF(AE55=0,0,IF(AB55=0,1,IF(AC55<0,0,IF(AC55/AB55>1.2,IF((AC55/AB55-1.2)*0.1+1.2>1.3,1.3,(AC55/AB55-1.2)*0.1+1.2),AC55/AB55)))) -> 0.88090453 | AE55: 10 | AF55: Х | AG55: Х | AH55: Х | AI55: Х | AJ55: =(B55*C55+F55*G55+J55*K55+N55*O55+R55*S55+V55*W55+Z55*AA55+AD55*AE55)/(C55+G55+K55+O55+S55+W55+AA55+AE55) -> 1.089005 | AK55: 33094 | AL55: =ROUND(AJ55*AK55,1) -> 36039.5 | AM55: =AL55-AK55 -> 2945.5 | AO55: 2821.4 | AP55: 3413.5 | AQ55: 2900.4 | AR55: 3522.8 | AT55: 3414.4 | AU55: 2271.6 | AV55: 3996.4 | AW55: 2467.7 | AX55: 1929.4 | AY55: 5064.5 | AZ55: 2552.3 | BB55: =ROUND(AL55-SUM(AN55:BA55),1) -> 1685.1 | BI55: =IF(OR(BC55="+",BD55="+",BE55="+",BF55="+",BG55="+",BH55="+"),0,BB55) -> 1685.1 | BJ55: =ROUND(BI55+SUM(BI358:BI367),1) -> 2387.6
A56: Шигонский | B56: 1 | C56: 10 | D56: 7503 | E56: 7426.8 | F56: =IF(G56=0,0,IF(D56=0,1,IF(E56<0,0,IF(E56/D56>1.2,IF((E56/D56-1.2)*0.1+1.2>1.3,1.3,(E56/D56-1.2)*0.1+1.2),E56/D56)))) -> 0.98984406 | G56: 10 | H56: 1004 | I56: 1403 | J56: =IF(K56=0,0,IF(H56=0,1,IF(I56<0,0,IF(I56/H56>1.2,IF((I56/H56-1.2)*0.1+1.2>1.3,1.3,(I56/H56-1.2)*0.1+1.2),I56/H56)))) -> 1.219741 | K56: 15 | L56: 15.6 | M56: 4.2 | N56: =IF(O56=0,0,IF(M56=0,1.3,IF(M56<0,0,IF(L56/M56>1.2,IF((L56/M56-1.2)*0.1+1.2>1.3,1.3,(L56/M56-1.2)*0.1+1.2),L56/M56)))) -> 1.3 | O56: 15 | P56: 7000 | Q56: 9584 | R56: =IF(S56=0,0,IF(P56=0,1,IF(Q56<0,0,IF(Q56/P56>1.2,IF((Q56/P56-1.2)*0.1+1.2>1.3,1.3,(Q56/P56-1.2)*0.1+1.2),Q56/P56)))) -> 1.2169143 | S56: 5 | T56: 49 | U56: 46.5 | V56: =IF(W56=0,0,IF(T56=0,1,IF(U56<0,0,IF(U56/T56>1.2,IF((U56/T56-1.2)*0.1+1.2>1.3,1.3,(U56/T56-1.2)*0.1+1.2),U56/T56)))) -> 0.94897959 | W56: 10 | X56: 8950 | Y56: 10714.626 | Z56: =IF(AA56=0,0,IF(X56=0,1,IF(Y56<0,0,IF(Y56/X56>1.2,IF((Y56/X56-1.2)*0.1+1.2>1.3,1.3,(Y56/X56-1.2)*0.1+1.2),Y56/X56)))) -> 1.1971649 | AA56: 10 | AB56: 2422.8 | AC56: 2886.453 | AD56: =IF(AE56=0,0,IF(AB56=0,1,IF(AC56<0,0,IF(AC56/AB56>1.2,IF((AC56/AB56-1.2)*0.1+1.2>1.3,1.3,(AC56/AB56-1.2)*0.1+1.2),AC56/AB56)))) -> 1.1913707 | AE56: 10 | AF56: Х | AG56: Х | AH56: Х | AI56: Х | AJ56: =(B56*C56+F56*G56+J56*K56+N56*O56+R56*S56+V56*W56+Z56*AA56+AD56*AE56)/(C56+G56+K56+O56+S56+W56+AA56+AE56) -> 1.1429915 | AK56: 43572 | AL56: =ROUND(AJ56*AK56,1) -> 49802.4 | AM56: =AL56-AK56 -> 6230.4 | AO56: 3757.6 | AP56: 4299.8 | AQ56: 1819.7 | AR56: 5452.7 | AT56: 3396.5 | AU56: 3143.9 | AV56: 4254.4 | AW56: 3279.3 | AX56: 9812.8 | AY56: 5018.5 | AZ56: 2908.3 | BA56: 1003.8 | BB56: =ROUND(AL56-SUM(AN56:BA56),1) -> 1655.1 | BI56: =IF(OR(BC56="+",BD56="+",BE56="+",BF56="+",BG56="+",BH56="+"),0,BB56) -> 1655.1 | BJ56: =ROUND(BI56+SUM(BI369:BI380),1) -> 2524.5
A57: Городские и сельские поселения | F57: =F29 -> 1.0577177 | J57: =J29 -> 1.2068961 | N57: =N29 -> 1.1061196 | R57: =R29 -> 1.206267 | AK57: =SUM(AK58:AK380) -> 479865 | AL57: =SUM(AL58:AL380) -> 513880.1 | AM57: =SUM(AM58:AM380) -> 34015.1 | AN57: =SUM(AN58:AN380) -> 0 | AO57: =SUM(AO58:AO380) -> 39603.3 | AP57: =SUM(AP58:AP380) -> 40077.2 | AQ57: =SUM(AQ58:AQ380) -> 40331.1 | AR57: =SUM(AR58:AR380) -> 41729.7 | ... BB57: =SUM(BB58:BB380) -> 16828.4 | BI57: =SUM(BI58:BI380) -> 16633.6 | BJ57: =SUM(BJ58:BJ380) -> 0
A58: Муниципальный район Алексеевский
A59: Сельское поселение Авангард | B59: 1 | C59: 10 | F59: =F$30 -> 0.93754834 | G59: 10 | J59: =J$30 -> 0.95131579 | K59: 15 | N59: =N$30 -> 1.3 | O59: 15 | R59: =R$30 -> 1.0080769 | S59: 5 | V59: =V$30 -> 1.0094185 | W59: 10 | Z59: =Z$30 -> 1.1672367 | AA59: 10 | AD59: =AD$30 -> 1.1972844 | AE59: 10 | AF59: Х | AG59: Х | AH59: Х | AI59: Х | AJ59: =(B59*C59+F59*G59+J59*K59+N59*O59+R59*S59+V59*W59+Z59*AA59+AD59*AE59)/(C59+G59+K59+O59+S59+W59+AA59+AE59) -> 1.0814706 | AK59: 1726 | AL59: =ROUND(AJ59*AK59,1) -> 1866.6 | AM59: =AL59-AK59 -> 140.6 | AO59: 172.6 | AP59: 164.8 | AQ59: 76.1 | AR59: 41.9 | AT59: 120.9 | AU59: 283.4 | AV59: 0 | AW59: 176.2 | AX59: 516.3 | AY59: 0 | AZ59: 156.9 | BB59: =ROUND(AL59-SUM(AN59:BA59),1) -> 157.5 | BI59: =IF(OR(BC59="+",BD59="+",BE59="+",BF59="+",BG59="+",BH59="+"),0,BB59) -> 157.5
A60: Сельское поселение Алексеевка | B60: 1 | C60: 10 | F60: =F$30 -> 0.93754834 | G60: 10 | J60: =J$30 -> 0.95131579 | K60: 15 | N60: =N$30 -> 1.3 | O60: 15 | R60: =R$30 -> 1.0080769 | S60: 5 | V60: =V$30 -> 1.0094185 | W60: 10 | Z60: =Z$30 -> 1.1672367 | AA60: 10 | AD60: =AD$30 -> 1.1972844 | AE60: 10 | AF60: Х | AG60: Х | AH60: Х | AI60: Х | AJ60: =(B60*C60+F60*G60+J60*K60+N60*O60+R60*S60+V60*W60+Z60*AA60+AD60*AE60)/(C60+G60+K60+O60+S60+W60+AA60+AE60) -> 1.0814706 | AK60: 2007 | AL60: =ROUND(AJ60*AK60,1) -> 2170.5 | AM60: =AL60-AK60 -> 163.5 | AO60: 136.8 | AP60: 188.1 | AQ60: 184.1 | AR60: 44.3 | AT60: 181.9 | AU60: 250.3 | AV60: 0 | AW60: 197.3 | AX60: 622.1 | AY60: 0 | AZ60: 182.5 | BB60: =ROUND(AL60-SUM(AN60:BA60),1) -> 183.1 | BI60: =IF(OR(BC60="+",BD60="+",BE60="+",BF60="+",BG60="+",BH60="+"),0,BB60) -> 183.1
A61: Сельское поселение Гавриловка | B61: 1 | C61: 10 | F61: =F$30 -> 0.93754834 | G61: 10 | J61: =J$30 -> 0.95131579 | K61: 15 | N61: =N$30 -> 1.3 | O61: 15 | R61: =R$30 -> 1.0080769 | S61: 5 | V61: =V$30 -> 1.0094185 | W61: 10 | Z61: =Z$30 -> 1.1672367 | AA61: 10 | AD61: =AD$30 -> 1.1972844 | AE61: 10 | AF61: Х | AG61: Х | AH61: Х | AI61: Х | AJ61: =(B61*C61+F61*G61+J61*K61+N61*O61+R61*S61+V61*W61+Z61*AA61+AD61*AE61)/(C61+G61+K61+O61+S61+W61+AA61+AE61) -> 1.0814706 | AK61: 1829 | AL61: =ROUND(AJ61*AK61,1) -> 1978 | AM61: =AL61-AK61 -> 149 | AO61: 112.7 | AP61: 177.6 | AQ61: 128.3 | AR61: 50 | AT61: 128.1 | AU61: 314.6 | AV61: 0 | AW61: 196.2 | AX61: 537.3 | AY61: 0 | AZ61: 166.3 | BB61: =ROUND(AL61-SUM(AN61:BA61),1) -> 166.9 | BI61: =IF(OR(BC61="+",BD61="+",BE61="+",BF61="+",BG61="+",BH61="+"),0,BB61) -> 166.9
A62: Сельское поселение Герасимовка | B62: 1 | C62: 10 | F62: =F$30 -> 0.93754834 | G62: 10 | J62: =J$30 -> 0.95131579 | K62: 15 | N62: =N$30 -> 1.3 | O62: 15 | R62: =R$30 -> 1.0080769 | S62: 5 | V62: =V$30 -> 1.0094185 | W62: 10 | Z62: =Z$30 -> 1.1672367 | AA62: 10 | AD62: =AD$30 -> 1.1972844 | AE62: 10 | AF62: Х | AG62: Х | AH62: Х | AI62: Х | AJ62: =(B62*C62+F62*G62+J62*K62+N62*O62+R62*S62+V62*W62+Z62*AA62+AD62*AE62)/(C62+G62+K62+O62+S62+W62+AA62+AE62) -> 1.0814706 | AK62: 1055 | AL62: =ROUND(AJ62*AK62,1) -> 1141 | AM62: =AL62-AK62 -> 86 | AO62: 80.5 | AP62: 66.4 | AQ62: 149 | AR62: 44.9 | AT62: 111.3 | AU62: 180.9 | AV62: 0 | AW62: 113.2 | AX62: 202.5 | AY62: 0 | AZ62: 95.9 | BB62: =ROUND(AL62-SUM(AN62:BA62),1) -> 96.4 | BI62: =IF(OR(BC62="+",BD62="+",BE62="+",BF62="+",BG62="+",BH62="+"),0,BB62) -> 96.4
A63: Сельское поселение Летниково | B63: 1 | C63: 10 | F63: =F$30 -> 0.93754834 | G63: 10 | J63: =J$30 -> 0.95131579 | K63: 15 | N63: =N$30 -> 1.3 | O63: 15 | R63: =R$30 -> 1.0080769 | S63: 5 | V63: =V$30 -> 1.0094185 | W63: 10 | Z63: =Z$30 -> 1.1672367 | AA63: 10 | AD63: =AD$30 -> 1.1972844 | AE63: 10 | AF63: Х | AG63: Х | AH63: Х | AI63: Х | AJ63: =(B63*C63+F63*G63+J63*K63+N63*O63+R63*S63+V63*W63+Z63*AA63+AD63*AE63)/(C63+G63+K63+O63+S63+W63+AA63+AE63) -> 1.0814706 | AK63: 2476 | AL63: =ROUND(AJ63*AK63,1) -> 2677.7 | AM63: =AL63-AK63 -> 201.7 | AO63: 215.2 | AP63: 233.5 | AQ63: 176.9 | AR63: 108.5 | AT63: 205.6 | AU63: 439.4 | AV63: 0 | AW63: 265.6 | AX63: 581.9 | AY63: 0 | AZ63: 225.1 | BB63: =ROUND(AL63-SUM(AN63:BA63),1) -> 226 | BI63: =IF(OR(BC63="+",BD63="+",BE63="+",BF63="+",BG63="+",BH63="+"),0,BB63) -> 226
A64: Муниципальный район Безенчукский
A65: Городское поселение Безенчук | B65: 1 | C65: 10 | F65: =F$31 -> 1.1076106 | G65: 10 | J65: =J$31 -> 1.0428287 | K65: 15 | N65: =N$31 -> 1.285 | O65: 15 | R65: =R$31 -> 1.2137818 | S65: 5 | V65: =V$31 -> 1.0851974 | W65: 10 | Z65: =Z$31 -> 1.0676048 | AA65: 10 | AD65: =AD$31 -> 1.0273825 | AE65: 10 | AF65: Х | AG65: Х | AH65: Х | AI65: Х | AJ65: =(B65*C65+F65*G65+J65*K65+N65*O65+R65*S65+V65*W65+Z65*AA65+AD65*AE65)/(C65+G65+K65+O65+S65+W65+AA65+AE65) -> 1.1042858 | AK65: 57 | AL65: =ROUND(AJ65*AK65,1) -> 62.9 | AM65: =AL65-AK65 -> 5.9 | AO65: 5.4 | AP65: 4.4 | AQ65: 6.4 | AR65: 5.1 | AT65: 4.1 | AU65: 1.6 | AV65: 9.4 | AW65: 4.5 | AX65: 12.6 | AY65: 4 | AZ65: 3.8 | BB65: =ROUND(AL65-SUM(AN65:BA65),1) -> 1.6 | BI65: =IF(OR(BC65="+",BD65="+",BE65="+",BF65="+",BG65="+",BH65="+"),0,BB65) -> 1.6
A66: Сельское поселение Васильевка | B66: 1 | C66: 10 | F66: =F$31 -> 1.1076106 | G66: 10 | J66: =J$31 -> 1.0428287 | K66: 15 | N66: =N$31 -> 1.285 | O66: 15 | R66: =R$31 -> 1.2137818 | S66: 5 | V66: =V$31 -> 1.0851974 | W66: 10 | Z66: =Z$31 -> 1.0676048 | AA66: 10 | AD66: =AD$31 -> 1.0273825 | AE66: 10 | AF66: Х | AG66: Х | AH66: Х | AI66: Х | AJ66: =(B66*C66+F66*G66+J66*K66+N66*O66+R66*S66+V66*W66+Z66*AA66+AD66*AE66)/(C66+G66+K66+O66+S66+W66+AA66+AE66) -> 1.1042858 | AK66: 887 | AL66: =ROUND(AJ66*AK66,1) -> 979.5 | AM66: =AL66-AK66 -> 92.5 | AO66: 95.2 | AP66: 95.2 | AQ66: 86.5 | AR66: 89.9 | AT66: 76.6 | AU66: 95.4 | AV66: 82.8 | AW66: 94.8 | AX66: 106.3 | AY66: 60.6 | AZ66: 60.2 | BA66: 10.5 | BB66: =ROUND(AL66-SUM(AN66:BA66),1) -> 25.5 | BI66: =IF(OR(BC66="+",BD66="+",BE66="+",BF66="+",BG66="+",BH66="+"),0,BB66) -> 25.5
A67: Сельское поселение Екатериновка | B67: 1 | C67: 10 | F67: =F$31 -> 1.1076106 | G67: 10 | J67: =J$31 -> 1.0428287 | K67: 15 | N67: =N$31 -> 1.285 | O67: 15 | R67: =R$31 -> 1.2137818 | S67: 5 | V67: =V$31 -> 1.0851974 | W67: 10 | Z67: =Z$31 -> 1.0676048 | AA67: 10 | AD67: =AD$31 -> 1.0273825 | AE67: 10 | AF67: Х | AG67: Х | AH67: Х | AI67: Х | AJ67: =(B67*C67+F67*G67+J67*K67+N67*O67+R67*S67+V67*W67+Z67*AA67+AD67*AE67)/(C67+G67+K67+O67+S67+W67+AA67+AE67) -> 1.1042858 | AK67: 186 | AL67: =ROUND(AJ67*AK67,1) -> 205.4 | AM67: =AL67-AK67 -> 19.4 | AO67: 19.7 | AP67: 19 | AQ67: 20.6 | AR67: 15.6 | AT67: 13 | AU67: 16.8 | AV67: 29.2 | AW67: 17.2 | AX67: 23.6 | AY67: 12.7 | AZ67: 12.4 | BB67: =ROUND(AL67-SUM(AN67:BA67),1) -> 5.6 | BI67: =IF(OR(BC67="+",BD67="+",BE67="+",BF67="+",BG67="+",BH67="+"),0,BB67) -> 5.6
A68: Сельское поселение Звезда | B68: 1 | C68: 10 | F68: =F$31 -> 1.1076106 | G68: 10 | J68: =J$31 -> 1.0428287 | K68: 15 | N68: =N$31 -> 1.285 | O68: 15 | R68: =R$31 -> 1.2137818 | S68: 5 | V68: =V$31 -> 1.0851974 | W68: 10 | Z68: =Z$31 -> 1.0676048 | AA68: 10 | AD68: =AD$31 -> 1.0273825 | AE68: 10 | AF68: Х | AG68: Х | AH68: Х | AI68: Х | AJ68: =(B68*C68+F68*G68+J68*K68+N68*O68+R68*S68+V68*W68+Z68*AA68+AD68*AE68)/(C68+G68+K68+O68+S68+W68+AA68+AE68) -> 1.1042858 | AK68: 1399 | AL68: =ROUND(AJ68*AK68,1) -> 1544.9 | AM68: =AL68-AK68 -> 145.9 | AO68: 142.6 | AP68: 143.7 | AQ68: 119.1 | AR68: 117.8 | AT68: 143.7 | AU68: 11.3 | AV68: 207.7 | AW68: 150.1 | AX68: 254.8 | AY68: 95.7 | AZ68: 96.7 | BA68: 23.3 | BB68: =ROUND(AL68-SUM(AN68:BA68),1) -> 38.4 | BI68: =IF(OR(BC68="+",BD68="+",BE68="+",BF68="+",BG68="+",BH68="+"),0,BB68) -> 38.4
A69: Сельское поселение Купино | B69: 1 | C69: 10 | F69: =F$31 -> 1.1076106 | G69: 10 | J69: =J$31 -> 1.0428287 | K69: 15 | N69: =N$31 -> 1.285 | O69: 15 | R69: =R$31 -> 1.2137818 | S69: 5 | V69: =V$31 -> 1.0851974 | W69: 10 | Z69: =Z$31 -> 1.0676048 | AA69: 10 | AD69: =AD$31 -> 1.0273825 | AE69: 10 | AF69: Х | AG69: Х | AH69: Х | AI69: Х | AJ69: =(B69*C69+F69*G69+J69*K69+N69*O69+R69*S69+V69*W69+Z69*AA69+AD69*AE69)/(C69+G69+K69+O69+S69+W69+AA69+AE69) -> 1.1042858 | AK69: 1633 | AL69: =ROUND(AJ69*AK69,1) -> 1803.3 | AM69: =AL69-AK69 -> 170.3 | AO69: 171.5 | AP69: 150.5 | AQ69: 129.1 | AR69: 191 | AT69: 166.7 | AU69: 0 | AV69: 227.6 | AW69: 131.8 | AX69: 365.7 | AY69: 111.7 | AZ69: 109 | BB69: =ROUND(AL69-SUM(AN69:BA69),1) -> 48.7 | BI69: =IF(OR(BC69="+",BD69="+",BE69="+",BF69="+",BG69="+",BH69="+"),0,BB69) -> 48.7
A70: Сельское поселение Натальино | B70: 1 | C70: 10 | F70: =F$31 -> 1.1076106 | G70: 10 | J70: =J$31 -> 1.0428287 | K70: 15 | N70: =N$31 -> 1.285 | O70: 15 | R70: =R$31 -> 1.2137818 | S70: 5 | V70: =V$31 -> 1.0851974 | W70: 10 | Z70: =Z$31 -> 1.0676048 | AA70: 10 | AD70: =AD$31 -> 1.0273825 | AE70: 10 | AF70: Х | AG70: Х | AH70: Х | AI70: Х | AJ70: =(B70*C70+F70*G70+J70*K70+N70*O70+R70*S70+V70*W70+Z70*AA70+AD70*AE70)/(C70+G70+K70+O70+S70+W70+AA70+AE70) -> 1.1042858 | AK70: 1089 | AL70: =ROUND(AJ70*AK70,1) -> 1202.6 | AM70: =AL70-AK70 -> 113.6 | AO70: 68.7 | AP70: 46.7 | AQ70: 135.4 | AR70: 133.7 | AT70: 53.5 | AU70: 0 | AV70: 159 | AW70: 113 | AX70: 312.9 | AY70: 74.5 | AZ70: 72.7 | BB70: =ROUND(AL70-SUM(AN70:BA70),1) -> 32.5 | BC70: + | BI70: =IF(OR(BC70="+",BD70="+",BE70="+",BF70="+",BG70="+",BH70="+"),0,BB70) -> 0
A71: Сельское поселение Ольгино | B71: 1 | C71: 10 | F71: =F$31 -> 1.1076106 | G71: 10 | J71: =J$31 -> 1.0428287 | K71: 15 | N71: =N$31 -> 1.285 | O71: 15 | R71: =R$31 -> 1.2137818 | S71: 5 | V71: =V$31 -> 1.0851974 | W71: 10 | Z71: =Z$31 -> 1.0676048 | AA71: 10 | AD71: =AD$31 -> 1.0273825 | AE71: 10 | AF71: Х | AG71: Х | AH71: Х | AI71: Х | AJ71: =(B71*C71+F71*G71+J71*K71+N71*O71+R71*S71+V71*W71+Z71*AA71+AD71*AE71)/(C71+G71+K71+O71+S71+W71+AA71+AE71) -> 1.1042858 | AK71: 1437 | AL71: =ROUND(AJ71*AK71,1) -> 1586.9 | AM71: =AL71-AK71 -> 149.9 | AO71: 151 | AP71: 148.3 | AQ71: 159.2 | AR71: 78.9 | AT71: 97.5 | AU71: 125.3 | AV71: 181.2 | AW71: 110.8 | AX71: 297.6 | AY71: 98.2 | AZ71: 95.9 | BB71: =ROUND(AL71-SUM(AN71:BA71),1) -> 43 | BI71: =IF(OR(BC71="+",BD71="+",BE71="+",BF71="+",BG71="+",BH71="+"),0,BB71) -> 43
A72: Городское поселение Осинки | B72: 1 | C72: 10 | F72: =F$31 -> 1.1076106 | G72: 10 | J72: =J$31 -> 1.0428287 | K72: 15 | N72: =N$31 -> 1.285 | O72: 15 | R72: =R$31 -> 1.2137818 | S72: 5 | V72: =V$31 -> 1.0851974 | W72: 10 | Z72: =Z$31 -> 1.0676048 | AA72: 10 | AD72: =AD$31 -> 1.0273825 | AE72: 10 | AF72: Х | AG72: Х | AH72: Х | AI72: Х | AJ72: =(B72*C72+F72*G72+J72*K72+N72*O72+R72*S72+V72*W72+Z72*AA72+AD72*AE72)/(C72+G72+K72+O72+S72+W72+AA72+AE72) -> 1.1042858 | AK72: 77 | AL72: =ROUND(AJ72*AK72,1) -> 85 | AM72: =AL72-AK72 -> 8 | AO72: 7.4 | AP72: 7.9 | AQ72: 7.7 | AR72: 8.2 | AT72: 5.9 | AU72: 2 | AV72: 12.2 | AW72: 7.1 | AX72: 13.9 | AY72: 5.3 | AZ72: 5.1 | BB72: =ROUND(AL72-SUM(AN72:BA72),1) -> 2.3 | BI72: =IF(OR(BC72="+",BD72="+",BE72="+",BF72="+",BG72="+",BH72="+"),0,BB72) -> 2.3
A73: Сельское поселение Переволоки | B73: 1 | C73: 10 | F73: =F$31 -> 1.1076106 | G73: 10 | J73: =J$31 -> 1.0428287 | K73: 15 | N73: =N$31 -> 1.285 | O73: 15 | R73: =R$31 -> 1.2137818 | S73: 5 | V73: =V$31 -> 1.0851974 | W73: 10 | Z73: =Z$31 -> 1.0676048 | AA73: 10 | AD73: =AD$31 -> 1.0273825 | AE73: 10 | AF73: Х | AG73: Х | AH73: Х | AI73: Х | AJ73: =(B73*C73+F73*G73+J73*K73+N73*O73+R73*S73+V73*W73+Z73*AA73+AD73*AE73)/(C73+G73+K73+O73+S73+W73+AA73+AE73) -> 1.1042858 | AK73: 852 | AL73: =ROUND(AJ73*AK73,1) -> 940.9 | AM73: =AL73-AK73 -> 88.9 | AO73: 80.3 | AP73: 89.6 | AQ73: 100 | AR73: 81.8 | AT73: 64.5 | AU73: 24.9 | AV73: 134.3 | AW73: 51.3 | AX73: 173.6 | AY73: 58.3 | AZ73: 56.9 | BB73: =ROUND(AL73-SUM(AN73:BA73),1) -> 25.4 | BI73: =IF(OR(BC73="+",BD73="+",BE73="+",BF73="+",BG73="+",BH73="+"),0,BB73) -> 25.4
A74: Сельское поселение Песочное | B74: 1 | C74: 10 | F74: =F$31 -> 1.1076106 | G74: 10 | J74: =J$31 -> 1.0428287 | K74: 15 | N74: =N$31 -> 1.285 | O74: 15 | R74: =R$31 -> 1.2137818 | S74: 5 | V74: =V$31 -> 1.0851974 | W74: 10 | Z74: =Z$31 -> 1.0676048 | AA74: 10 | AD74: =AD$31 -> 1.0273825 | AE74: 10 | AF74: Х | AG74: Х | AH74: Х | AI74: Х | AJ74: =(B74*C74+F74*G74+J74*K74+N74*O74+R74*S74+V74*W74+Z74*AA74+AD74*AE74)/(C74+G74+K74+O74+S74+W74+AA74+AE74) -> 1.1042858 | AK74: 974 | AL74: =ROUND(AJ74*AK74,1) -> 1075.6 | AM74: =AL74-AK74 -> 101.6 | AO74: 104.5 | AP74: 68.1 | AQ74: 142.9 | AR74: 81.4 | AT74: 47.3 | AU74: 49.5 | AV74: 142.8 | AW74: 104.5 | AX74: 173.8 | AY74: 66.5 | AZ74: 65 | BA74: 0.1 | BB74: =ROUND(AL74-SUM(AN74:BA74),1) -> 29.2 | BI74: =IF(OR(BC74="+",BD74="+",BE74="+",BF74="+",BG74="+",BH74="+"),0,BB74) -> 29.2
A75: Сельское поселение Преполовенка | B75: 1 | C75: 10 | F75: =F$31 -> 1.1076106 | G75: 10 | J75: =J$31 -> 1.0428287 | K75: 15 | N75: =N$31 -> 1.285 | O75: 15 | R75: =R$31 -> 1.2137818 | S75: 5 | V75: =V$31 -> 1.0851974 | W75: 10 | Z75: =Z$31 -> 1.0676048 | AA75: 10 | AD75: =AD$31 -> 1.0273825 | AE75: 10 | AF75: Х | AG75: Х | AH75: Х | AI75: Х | AJ75: =(B75*C75+F75*G75+J75*K75+N75*O75+R75*S75+V75*W75+Z75*AA75+AD75*AE75)/(C75+G75+K75+O75+S75+W75+AA75+AE75) -> 1.1042858 | AK75: 1010 | AL75: =ROUND(AJ75*AK75,1) -> 1115.3 | AM75: =AL75-AK75 -> 105.3 | AO75: 95 | AP75: 108.3 | AQ75: 94.3 | AR75: 92.9 | AT75: 88.5 | AU75: 113.5 | AV75: 108.1 | AW75: 103 | AX75: 115.4 | AY75: 69 | AZ75: 73.2 | BA75: 29.7 | BB75: =ROUND(AL75-SUM(AN75:BA75),1) -> 24.4 | BI75: =IF(OR(BC75="+",BD75="+",BE75="+",BF75="+",BG75="+",BH75="+"),0,BB75) -> 24.4
A76: Сельское поселение Прибой | B76: 1 | C76: 10 | F76: =F$31 -> 1.1076106 | G76: 10 | J76: =J$31 -> 1.0428287 | K76: 15 | N76: =N$31 -> 1.285 | O76: 15 | R76: =R$31 -> 1.2137818 | S76: 5 | V76: =V$31 -> 1.0851974 | W76: 10 | Z76: =Z$31 -> 1.0676048 | AA76: 10 | AD76: =AD$31 -> 1.0273825 | AE76: 10 | AF76: Х | AG76: Х | AH76: Х | AI76: Х | AJ76: =(B76*C76+F76*G76+J76*K76+N76*O76+R76*S76+V76*W76+Z76*AA76+AD76*AE76)/(C76+G76+K76+O76+S76+W76+AA76+AE76) -> 1.1042858 | AK76: 1421 | AL76: =ROUND(AJ76*AK76,1) -> 1569.2 | AM76: =AL76-AK76 -> 148.2 | AO76: 76.1 | AP76: 152.4 | AQ76: 72.3 | AR76: 105.4 | AT76: 71.4 | AU76: 0 | AV76: 276.1 | AW76: 152.4 | AX76: 420.2 | AY76: 97.1 | AZ76: 94.9 | BA76: 8.5 | BB76: =ROUND(AL76-SUM(AN76:BA76),1) -> 42.4 | BI76: =IF(OR(BC76="+",BD76="+",BE76="+",BF76="+",BG76="+",BH76="+"),0,BB76) -> 42.4
A77: Муниципальный район Богатовский
A78: Сельское поселение Арзамасцевка | B78: 1 | C78: 10 | F78: =F$32 -> 0.97139694 | G78: 10 | J78: =J$32 -> 1 | K78: 15 | N78: =N$32 -> 1.3 | O78: 15 | R78: =R$32 -> 1.2413158 | S78: 5 | V78: =V$32 -> 1.0894334 | W78: 10 | Z78: =Z$32 -> 0.94018995 | AA78: 10 | AD78: =AD$32 -> 0.86742005 | AE78: 10 | AF78: Х | AG78: Х | AH78: Х | AI78: Х | AJ78: =(B78*C78+F78*G78+J78*K78+N78*O78+R78*S78+V78*W78+Z78*AA78+AD78*AE78)/(C78+G78+K78+O78+S78+W78+AA78+AE78) -> 1.0516586 | AK78: 2289 | AL78: =ROUND(AJ78*AK78,1) -> 2407.2 | AM78: =AL78-AK78 -> 118.2 | AO78: 206.3 | AP78: 224.3 | AQ78: 240.3 | AR78: 129.5 | AT78: 157.9 | AU78: 174.5 | AV78: 317.7 | AW78: 236.3 | AX78: 447 | AY78: 129.8 | AZ78: 159.5 | BB78: =ROUND(AL78-SUM(AN78:BA78),1) -> -15.9 | BI78: =IF(OR(BC78="+",BD78="+",BE78="+",BF78="+",BG78="+",BH78="+"),0,BB78) -> -15.9
A79: Сельское поселение Богатое | B79: 1 | C79: 10 | F79: =F$32 -> 0.97139694 | G79: 10 | J79: =J$32 -> 1 | K79: 15 | N79: =N$32 -> 1.3 | O79: 15 | R79: =R$32 -> 1.2413158 | S79: 5 | V79: =V$32 -> 1.0894334 | W79: 10 | Z79: =Z$32 -> 0.94018995 | AA79: 10 | AD79: =AD$32 -> 0.86742005 | AE79: 10 | AF79: Х | AG79: Х | AH79: Х | AI79: Х | AJ79: =(B79*C79+F79*G79+J79*K79+N79*O79+R79*S79+V79*W79+Z79*AA79+AD79*AE79)/(C79+G79+K79+O79+S79+W79+AA79+AE79) -> 1.0516586 | AK79: 1814 | AL79: =ROUND(AJ79*AK79,1) -> 1907.7 | AM79: =AL79-AK79 -> 93.7 | AO79: 184.9 | AP79: 132.6 | AQ79: 181.8 | AR79: 186.4 | AT79: 138.3 | AU79: 66.8 | AV79: 214.3 | AW79: 130.3 | AX79: 455.6 | AY79: 102.9 | AZ79: 126.4 | BB79: =ROUND(AL79-SUM(AN79:BA79),1) -> -12.6 | BI79: =IF(OR(BC79="+",BD79="+",BE79="+",BF79="+",BG79="+",BH79="+"),0,BB79) -> -12.6
A80: Сельское поселение Виловатое | B80: 1 | C80: 10 | F80: =F$32 -> 0.97139694 | G80: 10 | J80: =J$32 -> 1 | K80: 15 | N80: =N$32 -> 1.3 | O80: 15 | R80: =R$32 -> 1.2413158 | S80: 5 | V80: =V$32 -> 1.0894334 | W80: 10 | Z80: =Z$32 -> 0.94018995 | AA80: 10 | AD80: =AD$32 -> 0.86742005 | AE80: 10 | AF80: Х | AG80: Х | AH80: Х | AI80: Х | AJ80: =(B80*C80+F80*G80+J80*K80+N80*O80+R80*S80+V80*W80+Z80*AA80+AD80*AE80)/(C80+G80+K80+O80+S80+W80+AA80+AE80) -> 1.0516586 | AK80: 2179 | AL80: =ROUND(AJ80*AK80,1) -> 2291.6 | AM80: =AL80-AK80 -> 112.6 | AO80: 120.2 | AP80: 99.6 | AQ80: 339.1 | AR80: 118.5 | AT80: 233.7 | AU80: 24 | AV80: 405.1 | AW80: 170 | AX80: 521.1 | AY80: 123.6 | AZ80: 151.9 | BB80: =ROUND(AL80-SUM(AN80:BA80),1) -> -15.2 | BI80: =IF(OR(BC80="+",BD80="+",BE80="+",BF80="+",BG80="+",BH80="+"),0,BB80) -> -15.2
A81: Сельское поселение Максимовка | B81: 1 | C81: 10 | F81: =F$32 -> 0.97139694 | G81: 10 | J81: =J$32 -> 1 | K81: 15 | N81: =N$32 -> 1.3 | O81: 15 | R81: =R$32 -> 1.2413158 | S81: 5 | V81: =V$32 -> 1.0894334 | W81: 10 | Z81: =Z$32 -> 0.94018995 | AA81: 10 | AD81: =AD$32 -> 0.86742005 | AE81: 10 | AF81: Х | AG81: Х | AH81: Х | AI81: Х | AJ81: =(B81*C81+F81*G81+J81*K81+N81*O81+R81*S81+V81*W81+Z81*AA81+AD81*AE81)/(C81+G81+K81+O81+S81+W81+AA81+AE81) -> 1.0516586 | AK81: 972 | AL81: =ROUND(AJ81*AK81,1) -> 1022.2 | AM81: =AL81-AK81 -> 50.2 | AO81: 97.8 | AP81: 99.3 | AQ81: 108 | AR81: 27.3 | AT81: 82.1 | AU81: 111.8 | AV81: 113.7 | AW81: 98 | AX81: 168.1 | AY81: 55.2 | AZ81: 67.7 | BB81: =ROUND(AL81-SUM(AN81:BA81),1) -> -6.8 | BI81: =IF(OR(BC81="+",BD81="+",BE81="+",BF81="+",BG81="+",BH81="+"),0,BB81) -> -6.8
A82: Сельское поселение Печинено | B82: 1 | C82: 10 | F82: =F$32 -> 0.97139694 | G82: 10 | J82: =J$32 -> 1 | K82: 15 | N82: =N$32 -> 1.3 | O82: 15 | R82: =R$32 -> 1.2413158 | S82: 5 | V82: =V$32 -> 1.0894334 | W82: 10 | Z82: =Z$32 -> 0.94018995 | AA82: 10 | AD82: =AD$32 -> 0.86742005 | AE82: 10 | AF82: Х | AG82: Х | AH82: Х | AI82: Х | AJ82: =(B82*C82+F82*G82+J82*K82+N82*O82+R82*S82+V82*W82+Z82*AA82+AD82*AE82)/(C82+G82+K82+O82+S82+W82+AA82+AE82) -> 1.0516586 | AK82: 2602 | AL82: =ROUND(AJ82*AK82,1) -> 2736.4 | AM82: =AL82-AK82 -> 134.4 | AO82: 233.6 | AP82: 164.5 | AQ82: 309.7 | AR82: 282.8 | AT82: 269.1 | AU82: 296.8 | AV82: 168.2 | AW82: 272.1 | AX82: 428.8 | AY82: 147.5 | AZ82: 181.3 | BB82: =ROUND(AL82-SUM(AN82:BA82),1) -> -18 | BI82: =IF(OR(BC82="+",BD82="+",BE82="+",BF82="+",BG82="+",BH82="+"),0,BB82) -> -18
A83: Муниципальный район Большеглушицкий
A84: Сельское поселение Александровка | B84: 1 | C84: 10 | F84: =F$33 -> 0.99439068 | G84: 10 | J84: =J$33 -> 1.0092105 | K84: 15 | N84: =N$33 -> 1.0333333 | O84: 15 | R84: =R$33 -> 1.0119159 | S84: 5 | V84: =V$33 -> 1.0458197 | W84: 10 | Z84: =Z$33 -> 1.0323861 | AA84: 10 | AD84: =AD$33 -> 0.86758497 | AE84: 10 | AF84: Х | AG84: Х | AH84: Х | AI84: Х | AJ84: =(B84*C84+F84*G84+J84*K84+N84*O84+R84*S84+V84*W84+Z84*AA84+AD84*AE84)/(C84+G84+K84+O84+S84+W84+AA84+AE84) -> 1.0011712 | AK84: 602 | AL84: =ROUND(AJ84*AK84,1) -> 602.7 | AM84: =AL84-AK84 -> 0.7 | AO84: 34.8 | AP84: 43.5 | AQ84: 94.8 | AR84: 54.6 | AT84: 40.9 | AU84: 90.3 | AV84: 38.9 | AW84: 61.5 | AX84: 74 | AY84: 25 | AZ84: 51.8 | BB84: =ROUND(AL84-SUM(AN84:BA84),1) -> -7.4 | BI84: =IF(OR(BC84="+",BD84="+",BE84="+",BF84="+",BG84="+",BH84="+"),0,BB84) -> -7.4
A85: Сельское поселение Большая Глушица | B85: 1 | C85: 10 | F85: =F$33 -> 0.99439068 | G85: 10 | J85: =J$33 -> 1.0092105 | K85: 15 | N85: =N$33 -> 1.0333333 | O85: 15 | R85: =R$33 -> 1.0119159 | S85: 5 | V85: =V$33 -> 1.0458197 | W85: 10 | Z85: =Z$33 -> 1.0323861 | AA85: 10 | AD85: =AD$33 -> 0.86758497 | AE85: 10 | AF85: Х | AG85: Х | AH85: Х | AI85: Х | AJ85: =(B85*C85+F85*G85+J85*K85+N85*O85+R85*S85+V85*W85+Z85*AA85+AD85*AE85)/(C85+G85+K85+O85+S85+W85+AA85+AE85) -> 1.0011712 | AK85: 570 | AL85: =ROUND(AJ85*AK85,1) -> 570.7 | AM85: =AL85-AK85 -> 0.7 | AO85: 44.3 | AP85: 37.2 | AQ85: 64.5 | AR85: 55 | AT85: 40.9 | AU85: 51.4 | AV85: 67.5 | AW85: 54.8 | AX85: 89.4 | AY85: 23.6 | AZ85: 49 | BB85: =ROUND(AL85-SUM(AN85:BA85),1) -> -6.9 | BI85: =IF(OR(BC85="+",BD85="+",BE85="+",BF85="+",BG85="+",BH85="+"),0,BB85) -> -6.9
A86: Сельское поселение Большая Дергуновка | B86: 1 | C86: 10 | F86: =F$33 -> 0.99439068 | G86: 10 | J86: =J$33 -> 1.0092105 | K86: 15 | N86: =N$33 -> 1.0333333 | O86: 15 | R86: =R$33 -> 1.0119159 | S86: 5 | V86: =V$33 -> 1.0458197 | W86: 10 | Z86: =Z$33 -> 1.0323861 | AA86: 10 | AD86: =AD$33 -> 0.86758497 | AE86: 10 | AF86: Х | AG86: Х | AH86: Х | AI86: Х | AJ86: =(B86*C86+F86*G86+J86*K86+N86*O86+R86*S86+V86*W86+Z86*AA86+AD86*AE86)/(C86+G86+K86+O86+S86+W86+AA86+AE86) -> 1.0011712 | AK86: 849 | AL86: =ROUND(AJ86*AK86,1) -> 850 | AM86: =AL86-AK86 -> 1 | AO86: 91.1 | AP86: 61 | AQ86: 92 | AR86: 78.1 | AT86: 51.7 | AU86: 127.6 | AV86: 51.9 | AW86: 88.3 | AX86: 110.5 | AY86: 35.2 | AZ86: 73.1 | BB86: =ROUND(AL86-SUM(AN86:BA86),1) -> -10.5 | BI86: =IF(OR(BC86="+",BD86="+",BE86="+",BF86="+",BG86="+",BH86="+"),0,BB86) -> -10.5
A87: Сельское поселение Малая Глушица | B87: 1 | C87: 10 | F87: =F$33 -> 0.99439068 | G87: 10 | J87: =J$33 -> 1.0092105 | K87: 15 | N87: =N$33 -> 1.0333333 | O87: 15 | R87: =R$33 -> 1.0119159 | S87: 5 | V87: =V$33 -> 1.0458197 | W87: 10 | Z87: =Z$33 -> 1.0323861 | AA87: 10 | AD87: =AD$33 -> 0.86758497 | AE87: 10 | AF87: Х | AG87: Х | AH87: Х | AI87: Х | AJ87: =(B87*C87+F87*G87+J87*K87+N87*O87+R87*S87+V87*W87+Z87*AA87+AD87*AE87)/(C87+G87+K87+O87+S87+W87+AA87+AE87) -> 1.0011712 | AK87: 1096 | AL87: =ROUND(AJ87*AK87,1) -> 1097.3 | AM87: =AL87-AK87 -> 1.3 | AO87: 85.8 | AP87: 65.2 | AQ87: 132.2 | AR87: 112.3 | AT87: 81.3 | AU87: 92.8 | AV87: 131.3 | AW87: 109.9 | AX87: 160.2 | AY87: 45.4 | AZ87: 94.3 | BB87: =ROUND(AL87-SUM(AN87:BA87),1) -> -13.4 | BI87: =IF(OR(BC87="+",BD87="+",BE87="+",BF87="+",BG87="+",BH87="+"),0,BB87) -> -13.4
A88: Сельское поселение Мокша | B88: 1 | C88: 10 | F88: =F$33 -> 0.99439068 | G88: 10 | J88: =J$33 -> 1.0092105 | K88: 15 | N88: =N$33 -> 1.0333333 | O88: 15 | R88: =R$33 -> 1.0119159 | S88: 5 | V88: =V$33 -> 1.0458197 | W88: 10 | Z88: =Z$33 -> 1.0323861 | AA88: 10 | AD88: =AD$33 -> 0.86758497 | AE88: 10 | AF88: Х | AG88: Х | AH88: Х | AI88: Х | AJ88: =(B88*C88+F88*G88+J88*K88+N88*O88+R88*S88+V88*W88+Z88*AA88+AD88*AE88)/(C88+G88+K88+O88+S88+W88+AA88+AE88) -> 1.0011712 | AK88: 433 | AL88: =ROUND(AJ88*AK88,1) -> 433.5 | AM88: =AL88-AK88 -> 0.5 | AO88: 27.5 | AP88: 27.4 | AQ88: 66.5 | AR88: 47.3 | AT88: 21.6 | AU88: 45.6 | AV88: 53.1 | AW88: 39.5 | AX88: 55.1 | AY88: 18 | AZ88: 37.3 | BB88: =ROUND(AL88-SUM(AN88:BA88),1) -> -5.4 | BI88: =IF(OR(BC88="+",BD88="+",BE88="+",BF88="+",BG88="+",BH88="+"),0,BB88) -> -5.4
A89: Сельское поселение Новопавловка | B89: 1 | C89: 10 | F89: =F$33 -> 0.99439068 | G89: 10 | J89: =J$33 -> 1.0092105 | K89: 15 | N89: =N$33 -> 1.0333333 | O89: 15 | R89: =R$33 -> 1.0119159 | S89: 5 | V89: =V$33 -> 1.0458197 | W89: 10 | Z89: =Z$33 -> 1.0323861 | AA89: 10 | AD89: =AD$33 -> 0.86758497 | AE89: 10 | AF89: Х | AG89: Х | AH89: Х | AI89: Х | AJ89: =(B89*C89+F89*G89+J89*K89+N89*O89+R89*S89+V89*W89+Z89*AA89+AD89*AE89)/(C89+G89+K89+O89+S89+W89+AA89+AE89) -> 1.0011712 | AK89: 1576 | AL89: =ROUND(AJ89*AK89,1) -> 1577.8 | AM89: =AL89-AK89 -> 1.8 | AO89: 132.9 | AP89: 84.1 | AQ89: 129.3 | AR89: 113.8 | AT89: 118.8 | AU89: 127.8 | AV89: 261.9 | AW89: 164.1 | AX89: 263.6 | AY89: 65.4 | AZ89: 135.6 | BB89: =ROUND(AL89-SUM(AN89:BA89),1) -> -19.5 | BI89: =IF(OR(BC89="+",BD89="+",BE89="+",BF89="+",BG89="+",BH89="+"),0,BB89) -> -19.5
A90: Сельское поселение Фрунзенское | B90: 1 | C90: 10 | F90: =F$33 -> 0.99439068 | G90: 10 | J90: =J$33 -> 1.0092105 | K90: 15 | N90: =N$33 -> 1.0333333 | O90: 15 | R90: =R$33 -> 1.0119159 | S90: 5 | V90: =V$33 -> 1.0458197 | W90: 10 | Z90: =Z$33 -> 1.0323861 | AA90: 10 | AD90: =AD$33 -> 0.86758497 | AE90: 10 | AF90: Х | AG90: Х | AH90: Х | AI90: Х | AJ90: =(B90*C90+F90*G90+J90*K90+N90*O90+R90*S90+V90*W90+Z90*AA90+AD90*AE90)/(C90+G90+K90+O90+S90+W90+AA90+AE90) -> 1.0011712 | AK90: 1537 | AL90: =ROUND(AJ90*AK90,1) -> 1538.8 | AM90: =AL90-AK90 -> 1.8 | AO90: 76.7 | AP90: 164.9 | AQ90: 200.4 | AR90: 70.1 | AT90: 98 | AU90: 277.4 | AV90: 171.1 | AW90: 130.5 | AX90: 172.6 | AY90: 63.7 | AZ90: 132.2 | BB90: =ROUND(AL90-SUM(AN90:BA90),1) -> -18.8 | BI90: =IF(OR(BC90="+",BD90="+",BE90="+",BF90="+",BG90="+",BH90="+"),0,BB90) -> -18.8
A91: Сельское поселение Южное | B91: 1 | C91: 10 | F91: =F$33 -> 0.99439068 | G91: 10 | J91: =J$33 -> 1.0092105 | K91: 15 | N91: =N$33 -> 1.0333333 | O91: 15 | R91: =R$33 -> 1.0119159 | S91: 5 | V91: =V$33 -> 1.0458197 | W91: 10 | Z91: =Z$33 -> 1.0323861 | AA91: 10 | AD91: =AD$33 -> 0.86758497 | AE91: 10 | AF91: Х | AG91: Х | AH91: Х | AI91: Х | AJ91: =(B91*C91+F91*G91+J91*K91+N91*O91+R91*S91+V91*W91+Z91*AA91+AD91*AE91)/(C91+G91+K91+O91+S91+W91+AA91+AE91) -> 1.0011712 | AK91: 749 | AL91: =ROUND(AJ91*AK91,1) -> 749.9 | AM91: =AL91-AK91 -> 0.9 | AO91: 39.1 | AP91: 43.6 | AQ91: 125 | AR91: 89 | AT91: 38.1 | AU91: 109.6 | AV91: 56.7 | AW91: 76.9 | AX91: 85.6 | AY91: 31.1 | AZ91: 64.4 | BB91: =ROUND(AL91-SUM(AN91:BA91),1) -> -9.2 | BI91: =IF(OR(BC91="+",BD91="+",BE91="+",BF91="+",BG91="+",BH91="+"),0,BB91) -> -9.2
A92: Муниципальный район Большечерниговский
A93: Сельское поселение Августовка | B93: 1 | C93: 10 | F93: =F$34 -> 1.0407769 | G93: 10 | J93: =J$34 -> 1.025 | K93: 15 | N93: =N$34 -> 0.625 | O93: 15 | R93: =R$34 -> 1.052 | S93: 5 | V93: =V$34 -> 1.0058671 | W93: 10 | Z93: =Z$34 -> 0.99667109 | AA93: 10 | AD93: =AD$34 -> 0.98784699 | AE93: 10 | AF93: Х | AG93: Х | AH93: Х | AI93: Х | AJ93: =(B93*C93+F93*G93+J93*K93+N93*O93+R93*S93+V93*W93+Z93*AA93+AD93*AE93)/(C93+G93+K93+O93+S93+W93+AA93+AE93) -> 0.94496025 | AK93: 1663 | AL93: =ROUND(AJ93*AK93,1) -> 1571.5 | AM93: =AL93-AK93 -> -91.5 | AO93: 178.4 | AP93: 60.5 | AQ93: 179.1 | AR93: 187.5 | AT93: 155.5 | AU93: 183.8 | AV93: 74.6 | AW93: 170.4 | AX93: 345.2 | AY93: 5.6 | AZ93: 143.5 | BB93: =ROUND(AL93-SUM(AN93:BA93),1) -> -112.6 | BI93: =IF(OR(BC93="+",BD93="+",BE93="+",BF93="+",BG93="+",BH93="+"),0,BB93) -> -112.6
A94: Сельское поселение Большая Черниговка | B94: 1 | C94: 10 | F94: =F$34 -> 1.0407769 | G94: 10 | J94: =J$34 -> 1.025 | K94: 15 | N94: =N$34 -> 0.625 | O94: 15 | R94: =R$34 -> 1.052 | S94: 5 | V94: =V$34 -> 1.0058671 | W94: 10 | Z94: =Z$34 -> 0.99667109 | AA94: 10 | AD94: =AD$34 -> 0.98784699 | AE94: 10 | AF94: Х | AG94: Х | AH94: Х | AI94: Х | AJ94: =(B94*C94+F94*G94+J94*K94+N94*O94+R94*S94+V94*W94+Z94*AA94+AD94*AE94)/(C94+G94+K94+O94+S94+W94+AA94+AE94) -> 0.94496025 | AK94: 1148 | AL94: =ROUND(AJ94*AK94,1) -> 1084.8 | AM94: =AL94-AK94 -> -63.2 | AO94: 98.6 | AP94: 95.5 | AQ94: 96.1 | AR94: 105.7 | AT94: 89 | AU94: 101.6 | AV94: 50.1 | AW94: 105 | AX94: 318 | AY94: 3.9 | AZ94: 99.1 | BB94: =ROUND(AL94-SUM(AN94:BA94),1) -> -77.8 | BI94: =IF(OR(BC94="+",BD94="+",BE94="+",BF94="+",BG94="+",BH94="+"),0,BB94) -> -77.8
A95: Сельское поселение Восточный | B95: 1 | C95: 10 | F95: =F$34 -> 1.0407769 | G95: 10 | J95: =J$34 -> 1.025 | K95: 15 | N95: =N$34 -> 0.625 | O95: 15 | R95: =R$34 -> 1.052 | S95: 5 | V95: =V$34 -> 1.0058671 | W95: 10 | Z95: =Z$34 -> 0.99667109 | AA95: 10 | AD95: =AD$34 -> 0.98784699 | AE95: 10 | AF95: Х | AG95: Х | AH95: Х | AI95: Х | AJ95: =(B95*C95+F95*G95+J95*K95+N95*O95+R95*S95+V95*W95+Z95*AA95+AD95*AE95)/(C95+G95+K95+O95+S95+W95+AA95+AE95) -> 0.94496025 | AK95: 2926 | AL95: =ROUND(AJ95*AK95,1) -> 2765 | AM95: =AL95-AK95 -> -161 | AO95: 254.4 | AP95: 258.6 | AQ95: 162.3 | AR95: 249.8 | AT95: 216.9 | AU95: 245.2 | AV95: 89.4 | AW95: 313.2 | AX95: 910.9 | AY95: 9.9 | AZ95: 252.6 | BB95: =ROUND(AL95-SUM(AN95:BA95),1) -> -198.2 | BI95: =IF(OR(BC95="+",BD95="+",BE95="+",BF95="+",BG95="+",BH95="+"),0,BB95) -> -198.2
A96: Сельское поселение Глушицкий | B96: 1 | C96: 10 | F96: =F$34 -> 1.0407769 | G96: 10 | J96: =J$34 -> 1.025 | K96: 15 | N96: =N$34 -> 0.625 | O96: 15 | R96: =R$34 -> 1.052 | S96: 5 | V96: =V$34 -> 1.0058671 | W96: 10 | Z96: =Z$34 -> 0.99667109 | AA96: 10 | AD96: =AD$34 -> 0.98784699 | AE96: 10 | AF96: Х | AG96: Х | AH96: Х | AI96: Х | AJ96: =(B96*C96+F96*G96+J96*K96+N96*O96+R96*S96+V96*W96+Z96*AA96+AD96*AE96)/(C96+G96+K96+O96+S96+W96+AA96+AE96) -> 0.94496025 | AK96: 2933 | AL96: =ROUND(AJ96*AK96,1) -> 2771.6 | AM96: =AL96-AK96 -> -161.4 | AO96: 314.6 | AP96: 162.1 | AQ96: 315.2 | AR96: 266.2 | AT96: 218.4 | AU96: 255 | AV96: 103.8 | AW96: 299 | AX96: 772.9 | AY96: 9.8 | AZ96: 253.2 | BB96: =ROUND(AL96-SUM(AN96:BA96),1) -> -198.6 | BI96: =IF(OR(BC96="+",BD96="+",BE96="+",BF96="+",BG96="+",BH96="+"),0,BB96) -> -198.6
A97: Сельское поселение Краснооктябрьский | B97: 1 | C97: 10 | F97: =F$34 -> 1.0407769 | G97: 10 | J97: =J$34 -> 1.025 | K97: 15 | N97: =N$34 -> 0.625 | O97: 15 | R97: =R$34 -> 1.052 | S97: 5 | V97: =V$34 -> 1.0058671 | W97: 10 | Z97: =Z$34 -> 0.99667109 | AA97: 10 | AD97: =AD$34 -> 0.98784699 | AE97: 10 | AF97: Х | AG97: Х | AH97: Х | AI97: Х | AJ97: =(B97*C97+F97*G97+J97*K97+N97*O97+R97*S97+V97*W97+Z97*AA97+AD97*AE97)/(C97+G97+K97+O97+S97+W97+AA97+AE97) -> 0.94496025 | AK97: 2065 | AL97: =ROUND(AJ97*AK97,1) -> 1951.3 | AM97: =AL97-AK97 -> -113.7 | AO97: 221.5 | AP97: 86.7 | AQ97: 142.9 | AR97: 248.8 | AT97: 141.7 | AU97: 51.7 | AV97: 135.4 | AW97: 211 | AX97: 666.3 | AY97: 6.9 | AZ97: 178.2 | BB97: =ROUND(AL97-SUM(AN97:BA97),1) -> -139.8 | BI97: =IF(OR(BC97="+",BD97="+",BE97="+",BF97="+",BG97="+",BH97="+"),0,BB97) -> -139.8
A98: Сельское поселение Пензено | B98: 1 | C98: 10 | F98: =F$34 -> 1.0407769 | G98: 10 | J98: =J$34 -> 1.025 | K98: 15 | N98: =N$34 -> 0.625 | O98: 15 | R98: =R$34 -> 1.052 | S98: 5 | V98: =V$34 -> 1.0058671 | W98: 10 | Z98: =Z$34 -> 0.99667109 | AA98: 10 | AD98: =AD$34 -> 0.98784699 | AE98: 10 | AF98: Х | AG98: Х | AH98: Х | AI98: Х | AJ98: =(B98*C98+F98*G98+J98*K98+N98*O98+R98*S98+V98*W98+Z98*AA98+AD98*AE98)/(C98+G98+K98+O98+S98+W98+AA98+AE98) -> 0.94496025 | AK98: 1735 | AL98: =ROUND(AJ98*AK98,1) -> 1639.5 | AM98: =AL98-AK98 -> -95.5 | AO98: 178.3 | AP98: 176.7 | AQ98: 129.8 | AR98: 141 | AT98: 168.3 | AU98: 225.6 | AV98: 0 | AW98: 182.8 | AX98: 398.9 | AY98: 5.8 | AZ98: 149.8 | BB98: =ROUND(AL98-SUM(AN98:BA98),1) -> -117.5 | BI98: =IF(OR(BC98="+",BD98="+",BE98="+",BF98="+",BG98="+",BH98="+"),0,BB98) -> -117.5
A99: Сельское поселение Петровский | B99: 1 | C99: 10 | F99: =F$34 -> 1.0407769 | G99: 10 | J99: =J$34 -> 1.025 | K99: 15 | N99: =N$34 -> 0.625 | O99: 15 | R99: =R$34 -> 1.052 | S99: 5 | V99: =V$34 -> 1.0058671 | W99: 10 | Z99: =Z$34 -> 0.99667109 | AA99: 10 | AD99: =AD$34 -> 0.98784699 | AE99: 10 | AF99: Х | AG99: Х | AH99: Х | AI99: Х | AJ99: =(B99*C99+F99*G99+J99*K99+N99*O99+R99*S99+V99*W99+Z99*AA99+AD99*AE99)/(C99+G99+K99+O99+S99+W99+AA99+AE99) -> 0.94496025 | AK99: 2058 | AL99: =ROUND(AJ99*AK99,1) -> 1944.7 | AM99: =AL99-AK99 -> -113.3 | AO99: 80.3 | AP99: 183 | AQ99: 275.5 | AR99: 149.6 | AT99: 209.7 | AU99: 213.2 | AV99: 102.7 | AW99: 220.8 | AX99: 464.8 | AY99: 6.9 | AZ99: 177.6 | BB99: =ROUND(AL99-SUM(AN99:BA99),1) -> -139.4 | BI99: =IF(OR(BC99="+",BD99="+",BE99="+",BF99="+",BG99="+",BH99="+"),0,BB99) -> -139.4
A100: Сельское поселение Поляков | B100: 1 | C100: 10 | F100: =F$34 -> 1.0407769 | G100: 10 | J100: =J$34 -> 1.025 | K100: 15 | N100: =N$34 -> 0.625 | O100: 15 | R100: =R$34 -> 1.052 | S100: 5 | V100: =V$34 -> 1.0058671 | W100: 10 | Z100: =Z$34 -> 0.99667109 | AA100: 10 | AD100: =AD$34 -> 0.98784699 | AE100: 10 | AF100: Х | AG100: Х | AH100: Х | AI100: Х | AJ100: =(B100*C100+F100*G100+J100*K100+N100*O100+R100*S100+V100*W100+Z100*AA100+AD100*AE100)/(C100+G100+K100+O100+S100+W100+AA100+AE100) -> 0.94496025 | AK100: 2038 | AL100: =ROUND(AJ100*AK100,1) -> 1925.8 | AM100: =AL100-AK100 -> -112.2 | AO100: 218.6 | AP100: 218.6 | AQ100: 147.7 | AR100: 222 | AT100: 181.2 | AU100: 256.4 | AV100: 60.2 | AW100: 218.6 | AX100: 357.8 | AY100: 6.9 | AZ100: 175.9 | BB100: =ROUND(AL100-SUM(AN100:BA100),1) -> -138.1 | BI100: =IF(OR(BC100="+",BD100="+",BE100="+",BF100="+",BG100="+",BH100="+"),0,BB100) -> -138.1
...

Sheet Плюсы и минусы
A1: Факторный анализ влияния отдельных показателей на итоговое распределение за 2019 год
AD2: тыс. рублей
A3: Наименование муниципального образования | B3: +/- по итогам отчётного периода | C3: Отсутствие просроченной кредиторской задолженности местного бюджета (консолидированного бюджета городского округа с внутригородским делением, консолидированного бюджета муниципального района) | F3: Объем алкогольной продукции, зафиксированный в единой государственной автоматизированной информационной системе | I3: Эффективность муниципального земельного контроля | L3: Уровень задолженности предприятий жилищно-коммунального хозяйства за ранее потребленные топливно-энергетические ресурсы | O3: Общая площадь введенного в эксплуатацию жилья с учетом индивидуального жилищного строительства | R3: Валовой сбор зерна в весе после доработки | U3: Производство молока во всех категориях хозяйств | X3: Производство скота и птицы на убой (в живом весе) во всех категориях хозяйств | AA3: Численность занятых в сфере малого и среднего предпринимательства | AD3: Общая сумма весов влияния
C4: Отклонение от прогноза | D4: Вес влияния на результат | E4: + / - (5)=(2)*(4)/(30) | F4: Отклонение от прогноза | G4: Вес влияния на результат | H4: + / - (8)=(2)*(7)/(30) | I4: Отклонение от прогноза | J4: Вес влияния на результат | K4: + / - (11)=(2)*(10)/(30) | L4: Отклонение от прогноза | M4: Вес влияния на результат | N4: + / - (14)=(2)*(13)/(30) | O4: Отклонение от прогноза | P4: Вес влияния на результат | Q4: + / - (17)=(2)*(16)/(30) | R4: Отклонение от прогноза | S4: Вес влияния на результат | T4: + / - (20)=(2)*(19)/(30) | U4: Отклонение от прогноза | V4: Вес влияния на результат | W4: + / - (14)=(2)*(13)/(15) | X4: Отклонение от прогноза | Y4: Вес влияния на результат | Z4: + / - (14)=(2)*(13)/(15) | AA4: Отклонение от прогноза | AB4: Вес влияния на результат | AC4: + / - (29)=(2)*(28)/(30)
A5: 1 | B5: 2 | C5: 3 | D5: 4 | E5: 5 | F5: 6 | G5: 7 | H5: 8 | I5: 9 | J5: 10 | K5: 11 | L5: 12 | M5: 13 | N5: 14 | O5: 15 | P5: 16 | Q5: 17 | R5: 18 | S5: 19 | T5: 20 | U5: 21 | V5: 22 | W5: 23 | X5: 24 | Y5: 25 | Z5: 26 | AA5: 27 | AB5: 28 | AC5: 29 | AD5: 30
A6: Городские округа | B6: =SUM(B7:B16) -> 69304.8 | E6: =SUM(E7:E16) -> 0 | H6: =SUM(H7:H16) -> 23921.859 | K6: =SUM(K7:K16) -> 55111.091 | N6: =SUM(N7:N16) -> 40413.34 | Q6: =SUM(Q7:Q16) -> -50141.49
A7: Самара | B7: ='Расчет дотаций'!AM9 -> 15149.6 | C7: ='Расчет дотаций'!B9-1 -> 0 | D7: =C7*'Расчет дотаций'!C9 -> 0 | E7: =$B7*D7/$AD7 -> 0 | F7: ='Расчет дотаций'!F9-1 -> 0.086116555 | G7: =F7*'Расчет дотаций'!G9 -> 1.2917483 | H7: =$B7*G7/$AD7 -> 4781.0549 | I7: ='Расчет дотаций'!J9-1 -> 0.24670007 | J7: =I7*'Расчет дотаций'!K9 -> 4.9340014 | K7: =$B7*J7/$AD7 -> 18261.864 | L7: ='Расчет дотаций'!N9-1 -> 0.14514182 | M7: =L7*'Расчет дотаций'!O9 -> 2.1771273 | N7: =$B7*M7/$AD7 -> 8058.0444 | O7: ='Расчет дотаций'!R9-1 -> -0.2873166 | P7: =O7*'Расчет дотаций'!S9 -> -4.309749 | Q7: =$B7*P7/$AD7 -> -15951.363 | R7: Х | S7: Х | T7: Х | U7: Х | V7: Х | W7: Х | X7: Х | Y7: Х | Z7: Х | AA7: н/д | AB7: н/д | AC7: н/д | AD7: =D7+G7+J7+M7+P7 -> 4.0931281
A8: Тольятти | B8: ='Расчет дотаций'!AM10 -> 11674.7 | C8: ='Расчет дотаций'!B10-1 -> 0 | D8: =C8*'Расчет дотаций'!C10 -> 0 | E8: =$B8*D8/$AD8 -> 0 | F8: ='Расчет дотаций'!F10-1 -> 0.077912276 | G8: =F8*'Расчет дотаций'!G10 -> 1.1686841 | H8: =$B8*G8/$AD8 -> 10412.156 | I8: ='Расчет дотаций'!J10-1 -> 0.10106157 | J8: =I8*'Расчет дотаций'!K10 -> 2.0212314 | K8: =$B8*J8/$AD8 -> 18007.754 | L8: ='Расчет дотаций'!N10-1 -> 0.20184655 | M8: =L8*'Расчет дотаций'!O10 -> 3.0276983 | N8: =$B8*M8/$AD8 -> 26974.667 | O8: ='Расчет дотаций'!R10-1 -> -0.32714792 | P8: =O8*'Расчет дотаций'!S10 -> -4.9072189 | Q8: =$B8*P8/$AD8 -> -43719.876 | R8: Х | S8: Х | T8: Х | U8: Х | V8: Х | W8: Х | X8: Х | Y8: Х | Z8: Х | AA8: н/д | AB8: н/д | AC8: н/д | AD8: =D8+G8+J8+M8+P8 -> 1.310395
A9: Сызрань | B9: ='Расчет дотаций'!AM11 -> -1855.4 | C9: ='Расчет дотаций'!B11-1 -> 0 | D9: =C9*'Расчет дотаций'!C11 -> 0 | E9: =$B9*D9/$AD9 -> 0 | F9: ='Расчет дотаций'!F11-1 -> 0.030084942 | G9: =F9*'Расчет дотаций'!G11 -> 0.45127413 | H9: =$B9*G9/$AD9 -> 945.80529 | I9: ='Расчет дотаций'!J11-1 -> 0.069293478 | J9: =I9*'Расчет дотаций'!K11 -> 1.3858696 | K9: =$B9*J9/$AD9 -> 2904.5821 | L9: ='Расчет дотаций'!N11-1 -> -0.14353141 | M9: =L9*'Расчет дотаций'!O11 -> -2.1529712 | N9: =$B9*M9/$AD9 -> -4512.3161 | O9: ='Расчет дотаций'!R11-1 -> -0.037962901 | P9: =O9*'Расчет дотаций'!S11 -> -0.56944352 | Q9: =$B9*P9/$AD9 -> -1193.4712 | R9: Х | S9: Х | T9: Х | U9: Х | V9: Х | W9: Х | X9: Х | Y9: Х | Z9: Х | AA9: н/д | AB9: н/д | AC9: н/д | AD9: =D9+G9+J9+M9+P9 -> -0.88527104
A10: Новокуйбышевск | B10: ='Расчет дотаций'!AM12 -> 5801.2 | C10: ='Расчет дотаций'!B12-1 -> 0 | D10: =C10*'Расчет дотаций'!C12 -> 0 | E10: =$B10*D10/$AD10 -> 0 | F10: ='Расчет дотаций'!F12-1 -> 0.029700702 | G10: =F10*'Расчет дотаций'!G12 -> 0.44551052 | H10: =$B10*G10/$AD10 -> 401.12211 | I10: ='Расчет дотаций'!J12-1 -> 0.069290976 | J10: =I10*'Расчет дотаций'!K12 -> 1.3858195 | K10: =$B10*J10/$AD10 -> 1247.7435 | L10: ='Расчет дотаций'!N12-1 -> 0.2684901 | M10: =L10*'Расчет дотаций'!O12 -> 4.0273515 | N10: =$B10*M10/$AD10 -> 3626.0866 | O10: ='Расчет дотаций'!R12-1 -> 0.038965517 | P10: =O10*'Расчет дотаций'!S12 -> 0.58448276 | Q10: =$B10*P10/$AD10 -> 526.24785 | R10: Х | S10: Х | T10: Х | U10: Х | V10: Х | W10: Х | X10: Х | Y10: Х | Z10: Х | AA10: н/д | AB10: н/д | AC10: н/д | AD10: =D10+G10+J10+M10+P10 -> 6.4431643
A11: Чапаевск | B11: ='Расчет дотаций'!AM13 -> 15242.8 | C11: ='Расчет дотаций'!B13-1 -> 0 | D11: =C11*'Расчет дотаций'!C13 -> 0 | E11: =$B11*D11/$AD11 -> 0 | F11: ='Расчет дотаций'!F13-1 -> 0.12165617 | G11: =F11*'Расчет дотаций'!G13 -> 1.8248426 | H11: =$B11*G11/$AD11 -> 3152.8649 | I11: ='Расчет дотаций'!J13-1 -> 0.23370626 | J11: =I11*'Расчет дотаций'!K13 -> 4.6741252 | K11: =$B11*J11/$AD11 -> 8075.7021 | L11: ='Расчет дотаций'!N13-1 -> 0.025 | M11: =L11*'Расчет дотаций'!O13 -> 0.375 | N11: =$B11*M11/$AD11 -> 647.90483 | O11: ='Расчет дотаций'!R13-1 -> 0.12989285 | P11: =O11*'Расчет дотаций'!S13 -> 1.9483927 | Q11: =$B11*P11/$AD11 -> 3366.3282 | R11: Х | S11: Х | T11: Х | U11: Х | V11: Х | W11: Х | X11: Х | Y11: Х | Z11: Х | AA11: н/д | AB11: н/д | AC11: н/д | AD11: =D11+G11+J11+M11+P11 -> 8.8223606
A12: Отрадный | B12: ='Расчет дотаций'!AM14 -> 3638.9 | C12: ='Расчет дотаций'!B14-1 -> 0 | D12: =C12*'Расчет дотаций'!C14 -> 0 | E12: =$B12*D12/$AD12 -> 0 | F12: ='Расчет дотаций'!F14-1 -> 0.02403349 | G12: =F12*'Расчет дотаций'!G14 -> 0.36050235 | H12: =$B12*G12/$AD12 -> 221.71167 | I12: ='Расчет дотаций'!J14-1 -> 0.0034530387 | J12: =I12*'Расчет дотаций'!K14 -> 0.069060773 | K12: =$B12*J12/$AD12 -> 42.472898 | L12: ='Расчет дотаций'!N14-1 -> 0.26842105 | M12: =L12*'Расчет дотаций'!O14 -> 4.0263158 | N12: =$B12*M12/$AD12 -> 2476.2147 | O12: ='Расчет дотаций'!R14-1 -> 0.09739726 | P12: =O12*'Расчет дотаций'!S14 -> 1.4609589 | Q12: =$B12*P12/$AD12 -> 898.50077 | R12: Х | S12: Х | T12: Х | U12: Х | V12: Х | W12: Х | X12: Х | Y12: Х | Z12: Х | AA12: н/д | AB12: н/д | AC12: н/д | AD12: =D12+G12+J12+M12+P12 -> 5.9168378
A13: Жигулевск | B13: ='Расчет дотаций'!AM15 -> -2739.9 | C13: ='Расчет дотаций'!B15-1 -> 0 | D13: =C13*'Расчет дотаций'!C15 -> 0 | E13: =$B13*D13/$AD13 -> 0 | F13: ='Расчет дотаций'!F15-1 -> 0.043985738 | G13: =F13*'Расчет дотаций'!G15 -> 0.65978608 | H13: =$B13*G13/$AD13 -> 994.88057 | I13: ='Расчет дотаций'!J15-1 -> 0.042587477 | J13: =I13*'Расчет дотаций'!K15 -> 0.85174954 | K13: =$B13*J13/$AD13 -> 1284.3391 | L13: ='Расчет дотаций'!N15-1 -> -0.31861958 | M13: =L13*'Расчет дотаций'!O15 -> -4.7792937 | N13: =$B13*M13/$AD13 -> -7206.6184 | O13: ='Расчет дотаций'!R15-1 -> 0.096713866 | P13: =O13*'Расчет дотаций'!S15 -> 1.450708 | Q13: =$B13*P13/$AD13 -> 2187.4987 | R13: Х | S13: Х | T13: Х | U13: Х | V13: Х | W13: Х | X13: Х | Y13: Х | Z13: Х | AA13: н/д | AB13: н/д | AC13: н/д | AD13: =D13+G13+J13+M13+P13 -> -1.8170501
A14: Октябрьск | B14: ='Расчет дотаций'!AM16 -> 4136.5 | C14: ='Расчет дотаций'!B16-1 -> 0 | D14: =C14*'Расчет дотаций'!C16 -> 0 | E14: =$B14*D14/$AD14 -> 0 | F14: ='Расчет дотаций'!F16-1 -> 0.057277899 | G14: =F14*'Расчет дотаций'!G16 -> 0.85916848 | H14: =$B14*G14/$AD14 -> 1021.6953 | I14: ='Расчет дотаций'!J16-1 -> 0.041061276 | J14: =I14*'Расчет дотаций'!K16 -> 0.82122552 | K14: =$B14*J14/$AD14 -> 976.57481 | L14: ='Расчет дотаций'!N16-1 -> 0.025408348 | M14: =L14*'Расчет дотаций'!O16 -> 0.38112523 | N14: =$B14*M14/$AD14 -> 453.22178 | O14: ='Расчет дотаций'!R16-1 -> 0.094464286 | P14: =O14*'Расчет дотаций'!S16 -> 1.4169643 | Q14: =$B14*P14/$AD14 -> 1685.0081 | R14: Х | S14: Х | T14: Х | U14: Х | V14: Х | W14: Х | X14: Х | Y14: Х | Z14: Х | AA14: н/д | AB14: н/д | AC14: н/д | AD14: =D14+G14+J14+M14+P14 -> 3.4784835
A15: Кинель | B15: ='Расчет дотаций'!AM17 -> 9514.5 | C15: ='Расчет дотаций'!B17-1 -> 0 | D15: =C15*'Расчет дотаций'!C17 -> 0 | E15: =$B15*D15/$AD15 -> 0 | F15: ='Расчет дотаций'!F17-1 -> 0.049631748 | G15: =F15*'Расчет дотаций'!G17 -> 0.74447622 | H15: =$B15*G15/$AD15 -> 1062.6246 | I15: ='Расчет дотаций'!J17-1 -> 0.0011510129 | J15: =I15*'Расчет дотаций'!K17 -> 0.023020258 | K15: =$B15*J15/$AD15 -> 32.857856 | L15: ='Расчет дотаций'!N17-1 -> 0.3 | M15: =L15*'Расчет дотаций'!O17 -> 4.5 | N15: =$B15*M15/$AD15 -> 6423.0536 | O15: ='Расчет дотаций'!R17-1 -> 0.093225 | P15: =O15*'Расчет дотаций'!S17 -> 1.398375 | Q15: =$B15*P15/$AD15 -> 1995.9639 | R15: Х | S15: Х | T15: Х | U15: Х | V15: Х | W15: Х | X15: Х | Y15: Х | Z15: Х | AA15: н/д | AB15: н/д | AC15: н/д | AD15: =D15+G15+J15+M15+P15 -> 6.6658715
A16: Похвистнево | B16: ='Расчет дотаций'!AM18 -> 8741.9 | C16: ='Расчет дотаций'!B18-1 -> 0 | D16: =C16*'Расчет дотаций'!C18 -> 0 | E16: =$B16*D16/$AD16 -> 0 | F16: ='Расчет дотаций'!F18-1 -> 0.080154524 | G16: =F16*'Расчет дотаций'!G18 -> 1.2023179 | H16: =$B16*G16/$AD16 -> 927.9439 | I16: ='Расчет дотаций'!J18-1 -> 0.27709413 | J16: =I16*'Расчет дотаций'!K18 -> 5.5418825 | K16: =$B16*J16/$AD16 -> 4277.2018 | L16: ='Расчет дотаций'!N18-1 -> 0.3 | M16: =L16*'Расчет дотаций'!O18 -> 4.5 | N16: =$B16*M16/$AD16 -> 3473.0812 | O16: ='Расчет дотаций'!R18-1 -> 0.0055 | P16: =O16*'Расчет дотаций'!S18 -> 0.0825 | Q16: =$B16*P16/$AD16 -> 63.673155 | R16: Х | S16: Х | T16: Х | U16: Х | V16: Х | W16: Х | X16: Х | Y16: Х | Z16: Х | AA16: н/д | AB16: н/д | AC16: н/д | AD16: =D16+G16+J16+M16+P16 -> 11.3267
A17: Внутригородские районы г.о.Самара | B17: =SUM(B18:B26) -> 75.8 | E17: =SUM(E18:E26) -> 0 | H17: =SUM(H18:H26) -> 18.978895 | K17: =SUM(K18:K26) -> 88.154455 | N17: =SUM(N18:N26) -> 31.987246 | Q17: =SUM(Q18:Q26) -> -63.320595
A18: Железнодорожный | B18: ='Расчет дотаций'!AM20 -> 0 | C18: ='Расчет дотаций'!B20-1 -> 0 | D18: =C18*'Расчет дотаций'!C20 -> 0 | E18: =$B18*D18/$AD18 -> 0 | F18: ='Расчет дотаций'!F20-1 -> 0.086116555 | G18: =F18*'Расчет дотаций'!G20 -> 1.2917483 | H18: =$B18*G18/$AD18 -> 0 | I18: ='Расчет дотаций'!J20-1 -> 0.25035647 | J18: =I18*'Расчет дотаций'!K20 -> 5.0071295 | K18: =$B18*J18/$AD18 -> 0 | L18: ='Расчет дотаций'!N20-1 -> 0.14514182 | M18: =L18*'Расчет дотаций'!O20 -> 2.1771273 | N18: =$B18*M18/$AD18 -> 0 | O18: ='Расчет дотаций'!R20-1 -> -0.2873166 | P18: =O18*'Расчет дотаций'!S20 -> -4.309749 | Q18: =$B18*P18/$AD18 -> 0 | R18: Х | S18: Х | T18: Х | U18: Х | V18: Х | W18: Х | X18: Х | Y18: Х | Z18: Х | AA18: н/д | AB18: н/д | AC18: н/д | AD18: =D18+G18+J18+M18+P18 -> 4.1662562
A19: Кировский | B19: ='Расчет дотаций'!AM21 -> 0 | C19: ='Расчет дотаций'!B21-1 -> 0 | D19: =C19*'Расчет дотаций'!C21 -> 0 | E19: =$B19*D19/$AD19 -> 0 | F19: ='Расчет дотаций'!F21-1 -> 0.086116555 | G19: =F19*'Расчет дотаций'!G21 -> 1.2917483 | H19: =$B19*G19/$AD19 -> 0 | I19: ='Расчет дотаций'!J21-1 -> 0.26777143 | J19: =I19*'Расчет дотаций'!K21 -> 5.3554286 | K19: =$B19*J19/$AD19 -> 0 | L19: ='Расчет дотаций'!N21-1 -> 0.14514182 | M19: =L19*'Расчет дотаций'!O21 -> 2.1771273 | N19: =$B19*M19/$AD19 -> 0 | O19: ='Расчет дотаций'!R21-1 -> -0.2873166 | P19: =O19*'Расчет дотаций'!S21 -> -4.309749 | Q19: =$B19*P19/$AD19 -> 0 | R19: Х | S19: Х | T19: Х | U19: Х | V19: Х | W19: Х | X19: Х | Y19: Х | Z19: Х | AA19: н/д | AB19: н/д | AC19: н/д | AD19: =D19+G19+J19+M19+P19 -> 4.5145553
A20: Красноглинский | B20: ='Расчет дотаций'!AM22 -> 0 | C20: ='Расчет дотаций'!B22-1 -> 0 | D20: =C20*'Расчет дотаций'!C22 -> 0 | E20: =$B20*D20/$AD20 -> 0 | F20: ='Расчет дотаций'!F22-1 -> 0.086116555 | G20: =F20*'Расчет дотаций'!G22 -> 1.2917483 | H20: =$B20*G20/$AD20 -> 0 | I20: ='Расчет дотаций'!J22-1 -> 0.20659131 | J20: =I20*'Расчет дотаций'!K22 -> 4.1318263 | K20: =$B20*J20/$AD20 -> 0 | L20: ='Расчет дотаций'!N22-1 -> 0.14514182 | M20: =L20*'Расчет дотаций'!O22 -> 2.1771273 | N20: =$B20*M20/$AD20 -> 0 | O20: ='Расчет дотаций'!R22-1 -> -0.2873166 | P20: =O20*'Расчет дотаций'!S22 -> -4.309749 | Q20: =$B20*P20/$AD20 -> 0 | R20: Х | S20: Х | T20: Х | U20: Х | V20: Х | W20: Х | X20: Х | Y20: Х | Z20: Х | AA20: н/д | AB20: н/д | AC20: н/д | AD20: =D20+G20+J20+M20+P20 -> 3.290953
A21: Куйбышевский | B21: ='Расчет дотаций'!AM23 -> 0 | C21: ='Расчет дотаций'!B23-1 -> 0 | D21: =C21*'Расчет дотаций'!C23 -> 0 | E21: =$B21*D21/$AD21 -> 0 | F21: ='Расчет дотаций'!F23-1 -> 0.086116555 | G21: =F21*'Расчет дотаций'!G23 -> 1.2917483 | H21: =$B21*G21/$AD21 -> 0 | I21: ='Расчет дотаций'!J23-1 -> 0.23037369 | J21: =I21*'Расчет дотаций'!K23 -> 4.6074738 | K21: =$B21*J21/$AD21 -> 0 | L21: ='Расчет дотаций'!N23-1 -> 0.14514182 | M21: =L21*'Расчет дотаций'!O23 -> 2.1771273 | N21: =$B21*M21/$AD21 -> 0 | O21: ='Расчет дотаций'!R23-1 -> -0.2873166 | P21: =O21*'Расчет дотаций'!S23 -> -4.309749 | Q21: =$B21*P21/$AD21 -> 0 | R21: Х | S21: Х | T21: Х | U21: Х | V21: Х | W21: Х | X21: Х | Y21: Х | Z21: Х | AA21: н/д | AB21: н/д | AC21: н/д | AD21: =D21+G21+J21+M21+P21 -> 3.7666005
A22: Ленинский | B22: ='Расчет дотаций'!AM24 -> 0 | C22: ='Расчет дотаций'!B24-1 -> 0 | D22: =C22*'Расчет дотаций'!C24 -> 0 | E22: =$B22*D22/$AD22 -> 0 | F22: ='Расчет дотаций'!F24-1 -> 0.086116555 | G22: =F22*'Расчет дотаций'!G24 -> 1.2917483 | H22: =$B22*G22/$AD22 -> 0 | I22: ='Расчет дотаций'!J24-1 -> 0.218125 | J22: =I22*'Расчет дотаций'!K24 -> 4.3625 | K22: =$B22*J22/$AD22 -> 0 | L22: ='Расчет дотаций'!N24-1 -> 0.14514182 | M22: =L22*'Расчет дотаций'!O24 -> 2.1771273 | N22: =$B22*M22/$AD22 -> 0 | O22: ='Расчет дотаций'!R24-1 -> -0.2873166 | P22: =O22*'Расчет дотаций'!S24 -> -4.309749 | Q22: =$B22*P22/$AD22 -> 0 | R22: Х | S22: Х | T22: Х | U22: Х | V22: Х | W22: Х | X22: Х | Y22: Х | Z22: Х | AA22: н/д | AB22: н/д | AC22: н/д | AD22: =D22+G22+J22+M22+P22 -> 3.5216267
A23: Октябрьский | B23: ='Расчет дотаций'!AM25 -> 0 | C23: ='Расчет дотаций'!B25-1 -> 0 | D23: =C23*'Расчет дотаций'!C25 -> 0 | E23: =$B23*D23/$AD23 -> 0 | F23: ='Расчет дотаций'!F25-1 -> 0.086116555 | G23: =F23*'Расчет дотаций'!G25 -> 1.2917483 | H23: =$B23*G23/$AD23 -> 0 | I23: ='Расчет дотаций'!J25-1 -> 0.23 | J23: =I23*'Расчет дотаций'!K25 -> 4.6 | K23: =$B23*J23/$AD23 -> 0 | L23: ='Расчет дотаций'!N25-1 -> 0.14514182 | M23: =L23*'Расчет дотаций'!O25 -> 2.1771273 | N23: =$B23*M23/$AD23 -> 0 | O23: ='Расчет дотаций'!R25-1 -> -0.2873166 | P23: =O23*'Расчет дотаций'!S25 -> -4.309749 | Q23: =$B23*P23/$AD23 -> 0 | R23: Х | S23: Х | T23: Х | U23: Х | V23: Х | W23: Х | X23: Х | Y23: Х | Z23: Х | AA23: н/д | AB23: н/д | AC23: н/д | AD23: =D23+G23+J23+M23+P23 -> 3.7591267
A24: Промышленный | B24: ='Расчет дотаций'!AM26 -> 0 | C24: ='Расчет дотаций'!B26-1 -> 0 | D24: =C24*'Расчет дотаций'!C26 -> 0 | E24: =$B24*D24/$AD24 -> 0 | F24: ='Расчет дотаций'!F26-1 -> 0.086116555 | G24: =F24*'Расчет дотаций'!G26 -> 1.2917483 | H24: =$B24*G24/$AD24 -> 0 | I24: ='Расчет дотаций'!J26-1 -> 0.2467364 | J24: =I24*'Расчет дотаций'!K26 -> 4.934728 | K24: =$B24*J24/$AD24 -> 0 | L24: ='Расчет дотаций'!N26-1 -> 0.14514182 | M24: =L24*'Расчет дотаций'!O26 -> 2.1771273 | N24: =$B24*M24/$AD24 -> 0 | O24: ='Расчет дотаций'!R26-1 -> -0.2873166 | P24: =O24*'Расчет дотаций'!S26 -> -4.309749 | Q24: =$B24*P24/$AD24 -> 0 | R24: Х | S24: Х | T24: Х | U24: Х | V24: Х | W24: Х | X24: Х | Y24: Х | Z24: Х | AA24: н/д | AB24: н/д | AC24: н/д | AD24: =D24+G24+J24+M24+P24 -> 4.0938547
A25: Самарский | B25: ='Расчет дотаций'!AM27 -> 0 | C25: ='Расчет дотаций'!B27-1 -> 0 | D25: =C25*'Расчет дотаций'!C27 -> 0 | E25: =$B25*D25/$AD25 -> 0 | F25: ='Расчет дотаций'!F27-1 -> 0.086116555 | G25: =F25*'Расчет дотаций'!G27 -> 1.2917483 | H25: =$B25*G25/$AD25 -> 0 | I25: ='Расчет дотаций'!J27-1 -> 0.24256684 | J25: =I25*'Расчет дотаций'!K27 -> 4.8513369 | K25: =$B25*J25/$AD25 -> 0 | L25: ='Расчет дотаций'!N27-1 -> 0.14514182 | M25: =L25*'Расчет дотаций'!O27 -> 2.1771273 | N25: =$B25*M25/$AD25 -> 0 | O25: ='Расчет дотаций'!R27-1 -> -0.2873166 | P25: =O25*'Расчет дотаций'!S27 -> -4.309749 | Q25: =$B25*P25/$AD25 -> 0 | R25: Х | S25: Х | T25: Х | U25: Х | V25: Х | W25: Х | X25: Х | Y25: Х | Z25: Х | AA25: н/д | AB25: н/д | AC25: н/д | AD25: =D25+G25+J25+M25+P25 -> 4.0104636
A26: Советский | B26: ='Расчет дотаций'!AM28 -> 75.8 | C26: ='Расчет дотаций'!B28-1 -> 0 | D26: =C26*'Расчет дотаций'!C28 -> 0 | E26: =$B26*D26/$AD26 -> 0 | F26: ='Расчет дотаций'!F28-1 -> 0.086116555 | G26: =F26*'Расчет дотаций'!G28 -> 1.2917483 | H26: =$B26*G26/$AD26 -> 18.978895 | I26: ='Расчет дотаций'!J28-1 -> 0.3 | J26: =I26*'Расчет дотаций'!K28 -> 6 | K26: =$B26*J26/$AD26 -> 88.154455 | L26: ='Расчет дотаций'!N28-1 -> 0.14514182 | M26: =L26*'Расчет дотаций'!O28 -> 2.1771273 | N26: =$B26*M26/$AD26 -> 31.987246 | O26: ='Расчет дотаций'!R28-1 -> -0.2873166 | P26: =O26*'Расчет дотаций'!S28 -> -4.309749 | Q26: =$B26*P26/$AD26 -> -63.320595 | R26: Х | S26: Х | T26: Х | U26: Х | V26: Х | W26: Х | X26: Х | Y26: Х | Z26: Х | AA26: н/д | AB26: н/д | AC26: н/д | AD26: =D26+G26+J26+M26+P26 -> 5.1591267
A27: Муниципальные районы | B27: =SUM(B28:B54) -> 62736.9 | E27: =SUM(E28:E54) -> 0 | H27: =SUM(H28:H54) -> 4686.53 | K27: =SUM(K28:K54) -> 19524.655 | N27: =SUM(N28:N54) -> 22499.609 | Q27: =SUM(Q28:Q54) -> 8845.8712 | T27: =SUM(T28:T54) -> 5809.9089 | W27: =SUM(W28:W54) -> 83.789801 | Z27: =SUM(Z28:Z54) -> 1286.5355
A28: Алексеевский | B28: ='Расчет дотаций'!AM30 -> 2651.9 | C28: ='Расчет дотаций'!B30-1 -> 0 | D28: =C28*'Расчет дотаций'!C30 -> 0 | E28: =$B28*D28/$AD28 -> 0 | F28: ='Расчет дотаций'!F30-1 -> -0.062451663 | G28: =F28*'Расчет дотаций'!G30 -> -0.62451663 | H28: =$B28*G28/$AD28 -> -239.15603 | I28: ='Расчет дотаций'!J30-1 -> -0.048684211 | J28: =I28*'Расчет дотаций'!K30 -> -0.73026316 | K28: =$B28*J28/$AD28 -> -279.65122 | L28: ='Расчет дотаций'!N30-1 -> 0.3 | M28: =L28*'Расчет дотаций'!O30 -> 4.5 | N28: =$B28*M28/$AD28 -> 1723.2562 | O28: ='Расчет дотаций'!R30-1 -> 0.0080769231 | P28: =O28*'Расчет дотаций'!S30 -> 0.040384615 | Q28: =$B28*P28/$AD28 -> 15.46512 | R28: ='Расчет дотаций'!V30-1 -> 0.0094185022 | S28: =R28*'Расчет дотаций'!W30 -> 0.094185022 | T28: =$B28*S28/$AD28 -> 36.06776 | U28: ='Расчет дотаций'!Z30-1 -> 0.16723671 | V28: =U28*'Расчет дотаций'!AA30 -> 1.6723671 | W28: =$B28*V28/$AD28 -> 640.42599 | X28: ='Расчет дотаций'!AD30-1 -> 0.19728436 | Y28: =X28*'Расчет дотаций'!AE30 -> 1.9728436 | Z28: =$B28*Y28/$AD28 -> 755.49221 | AA28: н/д | AB28: н/д | AC28: н/д | AD28: =D28+G28+J28+M28+P28+S28+V28+Y28 -> 6.9250006
A29: Безенчукский | B29: ='Расчет дотаций'!AM31 -> 4008 | C29: ='Расчет дотаций'!B31-1 -> 0 | D29: =C29*'Расчет дотаций'!C31 -> 0 | E29: =$B29*D29/$AD29 -> 0 | F29: ='Расчет дотаций'!F31-1 -> 0.10761056 | G29: =F29*'Расчет дотаций'!G31 -> 1.0761056 | H29: =$B29*G29/$AD29 -> 486.56245 | I29: ='Расчет дотаций'!J31-1 -> 0.042828685 | J29: =I29*'Расчет дотаций'!K31 -> 0.64243028 | K29: =$B29*J29/$AD29 -> 290.47564 | L29: ='Расчет дотаций'!N31-1 -> 0.285 | M29: =L29*'Расчет дотаций'!O31 -> 4.275 | N29: =$B29*M29/$AD29 -> 1932.9465 | O29: ='Расчет дотаций'!R31-1 -> 0.21378182 | P29: =O29*'Расчет дотаций'!S31 -> 1.0689091 | Q29: =$B29*P29/$AD29 -> 483.30856 | R29: ='Расчет дотаций'!V31-1 -> 0.085197365 | S29: =R29*'Расчет дотаций'!W31 -> 0.85197365 | T29: =$B29*S29/$AD29 -> 385.22093 | U29: ='Расчет дотаций'!Z31-1 -> 0.067604763 | V29: =U29*'Расчет дотаций'!AA31 -> 0.67604763 | W29: =$B29*V29/$AD29 -> 305.67577 | X29: ='Расчет дотаций'!AD31-1 -> 0.027382465 | Y29: =X29*'Расчет дотаций'!AE31 -> 0.27382465 | Z29: =$B29*Y29/$AD29 -> 123.81015 | AA29: н/д | AB29: н/д | AC29: н/д | AD29: =D29+G29+J29+M29+P29+S29+V29+Y29 -> 8.8642909
A30: Богатовский | B30: ='Расчет дотаций'!AM32 -> 1686.2 | C30: ='Расчет дотаций'!B32-1 -> 0 | D30: =C30*'Расчет дотаций'!C32 -> 0 | E30: =$B30*D30/$AD30 -> 0 | F30: ='Расчет дотаций'!F32-1 -> -0.028603063 | G30: =F30*'Расчет дотаций'!G32 -> -0.28603063 | H30: =$B30*G30/$AD30 -> -109.83985 | I30: ='Расчет дотаций'!J32-1 -> 0 | J30: =I30*'Расчет дотаций'!K32 -> 0 | K30: =$B30*J30/$AD30 -> 0 | L30: ='Расчет дотаций'!N32-1 -> 0.3 | M30: =L30*'Расчет дотаций'!O32 -> 4.5 | N30: =$B30*M30/$AD30 -> 1728.0643 | O30: ='Расчет дотаций'!R32-1 -> 0.24131579 | P30: =O30*'Расчет дотаций'!S32 -> 1.2065789 | Q30: =$B30*P30/$AD30 -> 463.34356 | R30: ='Расчет дотаций'!V32-1 -> 0.089433414 | S30: =R30*'Расчет дотаций'!W32 -> 0.89433414 | T30: =$B30*S30/$AD30 -> 343.43709 | U30: ='Расчет дотаций'!Z32-1 -> -0.05981005 | V30: =U30*'Расчет дотаций'!AA32 -> -0.5981005 | W30: =$B30*V30/$AD30 -> -229.67914 | X30: ='Расчет дотаций'!AD32-1 -> -0.13257995 | Y30: =X30*'Расчет дотаций'!AE32 -> -1.3257995 | Z30: =$B30*Y30/$AD30 -> -509.12596 | AA30: н/д | AB30: н/д | AC30: н/д | AD30: =D30+G30+J30+M30+P30+S30+V30+Y30 -> 4.3909824
A31: Большеглушицкий | B31: ='Расчет дотаций'!AM33 -> 37.2 | C31: ='Расчет дотаций'!B33-1 -> 0 | D31: =C31*'Расчет дотаций'!C33 -> 0 | E31: =$B31*D31/$AD31 -> 0 | F31: ='Расчет дотаций'!F33-1 -> -0.0056093225 | G31: =F31*'Расчет дотаций'!G33 -> -0.056093225 | H31: =$B31*G31/$AD31 -> -20.960612 | I31: ='Расчет дотаций'!J33-1 -> 0.0092105263 | J31: =I31*'Расчет дотаций'!K33 -> 0.13815789 | K31: =$B31*J31/$AD31 -> 51.626092 | L31: ='Расчет дотаций'!N33-1 -> 0.033333333 | M31: =L31*'Расчет дотаций'!O33 -> 0.5 | N31: =$B31*M31/$AD31 -> 186.83729 | O31: ='Расчет дотаций'!R33-1 -> 0.011915888 | P31: =O31*'Расчет дотаций'!S33 -> 0.059579439 | Q31: =$B31*P31/$AD31 -> 22.263321 | R31: ='Расчет дотаций'!V33-1 -> 0.045819672 | S31: =R31*'Расчет дотаций'!W33 -> 0.45819672 | T31: =$B31*S31/$AD31 -> 171.21646 | U31: ='Расчет дотаций'!Z33-1 -> 0.032386129 | V31: =U31*'Расчет дотаций'!AA33 -> 0.32386129 | W31: =$B31*V31/$AD31 -> 121.01873 | X31: ='Расчет дотаций'!AD33-1 -> -0.13241503 | Y31: =X31*'Расчет дотаций'!AE33 -> -1.3241503 | Z31: =$B31*Y31/$AD31 -> -494.80128 | AA31: н/д | AB31: н/д | AC31: н/д | AD31: =D31+G31+J31+M31+P31+S31+V31+Y31 -> 0.099551864
A32: Большечерниговский | B32: ='Расчет дотаций'!AM34 -> -2308.5 | C32: ='Расчет дотаций'!B34-1 -> 0 | D32: =C32*'Расчет дотаций'!C34 -> 0 | E32: =$B32*D32/$AD32 -> 0 | F32: ='Расчет дотаций'!F34-1 -> 0.040776936 | G32: =F32*'Расчет дотаций'!G34 -> 0.40776936 | H32: =$B32*G32/$AD32 -> 201.20979 | I32: ='Расчет дотаций'!J34-1 -> 0.025 | J32: =I32*'Расчет дотаций'!K34 -> 0.375 | K32: =$B32*J32/$AD32 -> 185.04007 | L32: ='Расчет дотаций'!N34-1 -> -0.375 | M32: =L32*'Расчет дотаций'!O34 -> -5.625 | N32: =$B32*M32/$AD32 -> -2775.6011 | O32: ='Расчет дотаций'!R34-1 -> 0.052 | P32: =O32*'Расчет дотаций'!S34 -> 0.26 | Q32: =$B32*P32/$AD32 -> 128.29445 | R32: ='Расчет дотаций'!V34-1 -> 0.0058671429 | S32: =R32*'Расчет дотаций'!W34 -> 0.058671429 | T32: =$B32*S32/$AD32 -> 28.950841 | U32: ='Расчет дотаций'!Z34-1 -> -0.0033289136 | V32: =U32*'Расчет дотаций'!AA34 -> -0.033289136 | W32: =$B32*V32/$AD32 -> -16.426198 | X32: ='Расчет дотаций'!AD34-1 -> -0.012153014 | Y32: =X32*'Расчет дотаций'!AE34 -> -0.12153014 | Z32: =$B32*Y32/$AD32 -> -59.967854 | AA32: н/д | AB32: н/д | AC32: н/д | AD32: =D32+G32+J32+M32+P32+S32+V32+Y32 -> -4.6783785
A33: Борский | B33: ='Расчет дотаций'!AM35 -> 1906.2 | C33: ='Расчет дотаций'!B35-1 -> 0 | D33: =C33*'Расчет дотаций'!C35 -> 0 | E33: =$B33*D33/$AD33 -> 0 | F33: ='Расчет дотаций'!F35-1 -> 0.088051535 | G33: =F33*'Расчет дотаций'!G35 -> 0.88051535 | H33: =$B33*G33/$AD33 -> 452.14596 | I33: ='Расчет дотаций'!J35-1 -> 0.0029880478 | J33: =I33*'Расчет дотаций'!K35 -> 0.044820717 | K33: =$B33*J33/$AD33 -> 23.015506 | L33: ='Расчет дотаций'!N35-1 -> 0.3 | M33: =L33*'Расчет дотаций'!O35 -> 4.5 | N33: =$B33*M33/$AD33 -> 2310.7568 | O33: ='Расчет дотаций'!R35-1 -> 0.29599156 | P33: =O33*'Расчет дотаций'!S35 -> 1.4799578 | Q33: =$B33*P33/$AD33 -> 759.96057 | R33: ='Расчет дотаций'!V35-1 -> -0.072272727 | S33: =R33*'Расчет дотаций'!W35 -> -0.72272727 | T33: =$B33*S33/$AD33 -> -371.12155 | U33: ='Расчет дотаций'!Z35-1 -> 0.00026720648 | V33: =U33*'Расчет дотаций'!AA35 -> 0.0026720648 | W33: =$B33*V33/$AD33 -> 1.3721093 | X33: ='Расчет дотаций'!AD35-1 -> -0.24730782 | Y33: =X33*'Расчет дотаций'!AE35 -> -2.4730782 | Z33: =$B33*Y33/$AD33 -> -1269.9294 | AA33: н/д | AB33: н/д | AC33: н/д | AD33: =D33+G33+J33+M33+P33+S33+V33+Y33 -> 3.7121605
A34: Волжский | B34: ='Расчет дотаций'!AM36 -> 2596.2 | C34: ='Расчет дотаций'!B36-1 -> 0 | D34: =C34*'Расчет дотаций'!C36 -> 0 | E34: =$B34*D34/$AD34 -> 0 | F34: ='Расчет дотаций'!F36-1 -> 0.14407369 | G34: =F34*'Расчет дотаций'!G36 -> 1.4407369 | H34: =$B34*G34/$AD34 -> 506.11607 | I34: ='Расчет дотаций'!J36-1 -> 0.23102433 | J34: =I34*'Расчет дотаций'!K36 -> 3.4653649 | K34: =$B34*J34/$AD34 -> 1217.3471 | L34: ='Расчет дотаций'!N36-1 -> 0.06277533 | M34: =L34*'Расчет дотаций'!O36 -> 0.94162996 | N34: =$B34*M34/$AD34 -> 330.78494 | O34: ='Расчет дотаций'!R36-1 -> 0.086643416 | P34: =O34*'Расчет дотаций'!S36 -> 0.43321708 | Q34: =$B34*P34/$AD34 -> 152.18471 | R34: ='Расчет дотаций'!V36-1 -> 0.0095094518 | S34: =R34*'Расчет дотаций'!W36 -> 0.095094518 | T34: =$B34*S34/$AD34 -> 33.405728 | U34: ='Расчет дотаций'!Z36-1 -> 0.049374441 | V34: =U34*'Расчет дотаций'!AA36 -> 0.49374441 | W34: =$B34*V34/$AD34 -> 173.44734 | X34: ='Расчет дотаций'!AD36-1 -> 0.0520693 | Y34: =X34*'Расчет дотаций'!AE36 -> 0.520693 | Z34: =$B34*Y34/$AD34 -> 182.9141 | AA34: н/д | AB34: н/д | AC34: н/д | AD34: =D34+G34+J34+M34+P34+S34+V34+Y34 -> 7.3904807
A35: Елховский | B35: ='Расчет дотаций'!AM37 -> -1459 | C35: ='Расчет дотаций'!B37-1 -> 0 | D35: =C35*'Расчет дотаций'!C37 -> 0 | E35: =$B35*D35/$AD35 -> 0 | F35: ='Расчет дотаций'!F37-1 -> 0.031704152 | G35: =F35*'Расчет дотаций'!G37 -> 0.31704152 | H35: =$B35*G35/$AD35 -> 78.359456 | I35: ='Расчет дотаций'!J37-1 -> 0.077631579 | J35: =I35*'Расчет дотаций'!K37 -> 1.1644737 | K35: =$B35*J35/$AD35 -> 287.80938 | L35: ='Расчет дотаций'!N37-1 -> -0.16666667 | M35: =L35*'Расчет дотаций'!O37 -> -2.5 | N35: =$B35*M35/$AD35 -> -617.89584 | O35: ='Расчет дотаций'!R37-1 -> 0.0524 | P35: =O35*'Расчет дотаций'!S37 -> 0.262 | Q35: =$B35*P35/$AD35 -> 64.755484 | R35: ='Расчет дотаций'!V37-1 -> -0.10097749 | S35: =R35*'Расчет дотаций'!W37 -> -1.0097749 | T35: =$B35*S35/$AD35 -> -249.57428 | U35: ='Расчет дотаций'!Z37-1 -> -0.11444999 | V35: =U35*'Расчет дотаций'!AA37 -> -1.1444999 | W35: =$B35*V35/$AD35 -> -282.87268 | X35: ='Расчет дотаций'!AD37-1 -> -0.2992339 | Y35: =X35*'Расчет дотаций'!AE37 -> -2.992339 | Z35: =$B35*Y35/$AD35 -> -739.58152 | AA35: н/д | AB35: н/д | AC35: н/д | AD35: =D35+G35+J35+M35+P35+S35+V35+Y35 -> -5.9030985
A36: Исаклинский | B36: ='Расчет дотаций'!AM38 -> 4451.4 | C36: ='Расчет дотаций'!B38-1 -> 0 | D36: =C36*'Расчет дотаций'!C38 -> 0 | E36: =$B36*D36/$AD36 -> 0 | F36: ='Расчет дотаций'!F38-1 -> -0.0009469697 | G36: =F36*'Расчет дотаций'!G38 -> -0.009469697 | H36: =$B36*G36/$AD36 -> -4.9671855 | I36: ='Расчет дотаций'!J38-1 -> 0.25552632 | J36: =I36*'Расчет дотаций'!K38 -> 3.8328947 | K36: =$B36*J36/$AD36 -> 2010.4866 | L36: ='Расчет дотаций'!N38-1 -> 0.23 | M36: =L36*'Расчет дотаций'!O38 -> 3.45 | N36: =$B36*M36/$AD36 -> 1809.645 | O36: ='Расчет дотаций'!R38-1 -> 0.20035 | P36: =O36*'Расчет дотаций'!S38 -> 1.00175 | Q36: =$B36*P36/$AD36 -> 525.45273 | R36: ='Расчет дотаций'!V38-1 -> 0.018147222 | S36: =R36*'Расчет дотаций'!W38 -> 0.18147222 | T36: =$B36*S36/$AD36 -> 95.188495 | U36: ='Расчет дотаций'!Z38-1 -> -0.025109527 | V36: =U36*'Расчет дотаций'!AA38 -> -0.25109527 | W36: =$B36*V36/$AD36 -> -131.70821 | X36: ='Расчет дотаций'!AD38-1 -> 0.0280825 | Y36: =X36*'Расчет дотаций'!AE38 -> 0.280825 | Z36: =$B36*Y36/$AD36 -> 147.30248 | AA36: н/д | AB36: н/д | AC36: н/д | AD36: =D36+G36+J36+M36+P36+S36+V36+Y36 -> 8.486377
A37: Камышлинский | B37: ='Расчет дотаций'!AM39 -> 4288.9 | C37: ='Расчет дотаций'!B39-1 -> 0 | D37: =C37*'Расчет дотаций'!C39 -> 0 | E37: =$B37*D37/$AD37 -> 0 | F37: ='Расчет дотаций'!F39-1 -> 0.046916667 | G37: =F37*'Расчет дотаций'!G39 -> 0.46916667 | H37: =$B37*G37/$AD37 -> 260.21345 | I37: ='Расчет дотаций'!J39-1 -> 0.0039473684 | J37: =I37*'Расчет дотаций'!K39 -> 0.059210526 | K37: =$B37*J37/$AD37 -> 32.839876 | L37: ='Расчет дотаций'!N39-1 -> 0.19047619 | M37: =L37*'Расчет дотаций'!O39 -> 2.8571429 | N37: =$B37*M37/$AD37 -> 1584.6543 | O37: ='Расчет дотаций'!R39-1 -> 0.016363636 | P37: =O37*'Расчет дотаций'!S39 -> 0.081818182 | Q37: =$B37*P37/$AD37 -> 45.378738 | R37: ='Расчет дотаций'!V39-1 -> 0.28448561 | S37: =R37*'Расчет дотаций'!W39 -> 2.8448561 | T37: =$B37*S37/$AD37 -> 1577.8397 | U37: ='Расчет дотаций'!Z39-1 -> -0.058291136 | V37: =U37*'Расчет дотаций'!AA39 -> -0.58291136 | W37: =$B37*V37/$AD37 -> -323.29956 | X37: ='Расчет дотаций'!AD39-1 -> 0.20036338 | Y37: =X37*'Расчет дотаций'!AE39 -> 2.0036338 | Z37: =$B37*Y37/$AD37 -> 1111.2735 | AA37: н/д | AB37: н/д | AC37: н/д | AD37: =D37+G37+J37+M37+P37+S37+V37+Y37 -> 7.7329167
A38: Кинельский | B38: ='Расчет дотаций'!AM40 -> 902.1 | C38: ='Расчет дотаций'!B40-1 -> 0 | D38: =C38*'Расчет дотаций'!C40 -> 0 | E38: =$B38*D38/$AD38 -> 0 | F38: ='Расчет дотаций'!F40-1 -> 0.016341637 | G38: =F38*'Расчет дотаций'!G40 -> 0.16341637 | H38: =$B38*G38/$AD38 -> 14.413664 | I38: ='Расчет дотаций'!J40-1 -> 0.00052631579 | J38: =I38*'Расчет дотаций'!K40 -> 0.0078947368 | K38: =$B38*J38/$AD38 -> 0.69633223 | L38: ='Расчет дотаций'!N40-1 -> 0.25777778 | M38: =L38*'Расчет дотаций'!O40 -> 3.8666667 | N38: =$B38*M38/$AD38 -> 341.04805 | O38: ='Расчет дотаций'!R40-1 -> 0.20909787 | P38: =O38*'Расчет дотаций'!S40 -> 1.0454894 | Q38: =$B38*P38/$AD38 -> 92.214339 | R38: ='Расчет дотаций'!V40-1 -> 0.20624486 | S38: =R38*'Расчет дотаций'!W40 -> 2.0624486 | T38: =$B38*S38/$AD38 -> 181.91226 | U38: ='Расчет дотаций'!Z40-1 -> 0.095861565 | V38: =U38*'Расчет дотаций'!AA40 -> 0.95861565 | W38: =$B38*V38/$AD38 -> 84.551897 | X38: ='Расчет дотаций'!AD40-1 -> 0.21231183 | Y38: =X38*'Расчет дотаций'!AE40 -> 2.1231183 | Z38: =$B38*Y38/$AD38 -> 187.26345 | AA38: н/д | AB38: н/д | AC38: н/д | AD38: =D38+G38+J38+M38+P38+S38+V38+Y38 -> 10.22765
A39: Кинель-Черкасский | B39: ='Расчет дотаций'!AM41 -> 1447.4 | C39: ='Расчет дотаций'!B41-1 -> 0 | D39: =C39*'Расчет дотаций'!C41 -> 0 | E39: =$B39*D39/$AD39 -> 0 | F39: ='Расчет дотаций'!F41-1 -> 0.048220463 | G39: =F39*'Расчет дотаций'!G41 -> 0.48220463 | H39: =$B39*G39/$AD39 -> 110.58178 | I39: ='Расчет дотаций'!J41-1 -> 0.20221116 | J39: =I39*'Расчет дотаций'!K41 -> 3.0331673 | K39: =$B39*J39/$AD39 -> 695.58235 | L39: ='Расчет дотаций'!N41-1 -> 0.24268657 | M39: =L39*'Расчет дотаций'!O41 -> 3.6402985 | N39: =$B39*M39/$AD39 -> 834.81296 | O39: ='Расчет дотаций'!R41-1 -> 0.21833229 | P39: =O39*'Расчет дотаций'!S41 -> 1.0916614 | Q39: =$B39*P39/$AD39 -> 250.34571 | R39: ='Расчет дотаций'!V41-1 -> 0.15123011 | S39: =R39*'Расчет дотаций'!W41 -> 1.5123011 | T39: =$B39*S39/$AD39 -> 346.80907 | U39: ='Расчет дотаций'!Z41-1 -> -0.36610545 | V39: =U39*'Расчет дотаций'!AA41 -> -3.6610545 | W39: =$B39*V39/$AD39 -> -839.57285 | X39: ='Расчет дотаций'!AD41-1 -> 0.021297673 | Y39: =X39*'Расчет дотаций'!AE41 -> 0.21297673 | Z39: =$B39*Y39/$AD39 -> 48.840978 | AA39: н/д | AB39: н/д | AC39: н/д | AD39: =D39+G39+J39+M39+P39+S39+V39+Y39 -> 6.3115552
... A54: Шигонский | B54: ='Расчет дотаций'!AM56 -> 6230.4 | C54: ='Расчет дотаций'!B56-1 -> 0 | D54: =C54*'Расчет дотаций'!C56 -> 0 | E54: =$B54*D54/$AD54 -> 0 | F54: ='Расчет дотаций'!F56-1 -> -0.010155938 | G54: =F54*'Расчет дотаций'!G56 -> -0.10155938 | H54: =$B54*G54/$AD54 -> -52.060306 | I54: ='Расчет дотаций'!J56-1 -> 0.21974104 | J54: =I54*'Расчет дотаций'!K56 -> 3.2961155 | K54: =$B54*J54/$AD54 -> 1689.6203 | L54: ='Расчет дотаций'!N56-1 -> 0.3 | M54: =L54*'Расчет дотаций'!O56 -> 4.5 | N54: =$B54*M54/$AD54 -> 2306.743 | O54: ='Расчет дотаций'!R56-1 -> 0.21691429 | P54: =O54*'Расчет дотаций'!S56 -> 1.0845714 | Q54: =$B54*P54/$AD54 -> 555.96167 | R54: ='Расчет дотаций'!V56-1 -> -0.051020408 | S54: =R54*'Расчет дотаций'!W56 -> -0.51020408 | T54: =$B54*S54/$AD54 -> -261.53549 | U54: ='Расчет дотаций'!Z56-1 -> 0.19716492 | V54: =U54*'Расчет дотаций'!AA56 -> 1.9716492 | W54: =$B54*V54/$AD54 -> 1010.6862 | X54: ='Расчет дотаций'!AD56-1 -> 0.19137073 | Y54: =X54*'Расчет дотаций'!AE56 -> 1.9137073 | Z54: =$B54*Y54/$AD54 -> 980.98463 | AA54: н/д | AB54: н/д | AC54: н/д | AD54: =D54+G54+J54+M54+P54+S54+V54+Y54 -> 12.15428
A55: Городские и сельские поселения | B55: =SUM(B57:B378) -> 34015.1 | E55: =SUM(E57:E378) -> #DIV/0! | H55: =SUM(H57:H378) -> 2504.9103 | K55: =SUM(K57:K378) -> 9984.0569 | N55: =SUM(N57:N378) -> 12592.834 | Q55: =SUM(Q57:Q378) -> 4564.4592 | T55: =SUM(T57:T378) -> 3015.1908 | W55: =SUM(W57:W378) -> -322.30424 | Z55: =SUM(Z57:Z378) -> 1675.9534
A56: Муниципальный район Алексеевский
A57: Сельское поселение Авангард | B57: ='Расчет дотаций'!AM59 -> 140.6 | C57: ='Расчет дотаций'!B59-1 -> 0 | D57: =C57*'Расчет дотаций'!C59 -> 0 | E57: =$B57*D57/$AD57 -> 0 | F57: ='Расчет дотаций'!F59-1 -> -0.062451663 | G57: =F57*'Расчет дотаций'!G59 -> -0.62451663 | H57: =$B57*G57/$AD57 -> -12.679716 | I57: ='Расчет дотаций'!J59-1 -> -0.048684211 | J57: =I57*'Расчет дотаций'!K59 -> -0.73026316 | K57: =$B57*J57/$AD57 -> -14.826714 | L57: ='Расчет дотаций'!N59-1 -> 0.3 | M57: =L57*'Расчет дотаций'!O59 -> 4.5 | N57: =$B57*M57/$AD57 -> 91.364614 | O57: ='Расчет дотаций'!R59-1 -> 0.0080769231 | P57: =O57*'Расчет дотаций'!S59 -> 0.040384615 | Q57: =$B57*P57/$AD57 -> 0.81993884 | R57: ='Расчет дотаций'!V59-1 -> 0.0094185022 | S57: =R57*'Расчет дотаций'!W59 -> 0.094185022 | T57: =$B57*S57/$AD57 -> 1.9122618 | U57: ='Расчет дотаций'!Z59-1 -> 0.16723671 | V57: =U57*'Расчет дотаций'!AA59 -> 1.6723671 | W57: =$B57*V57/$AD57 -> 33.954483 | X57: ='Расчет дотаций'!AD59-1 -> 0.19728436 | Y57: =X57*'Расчет дотаций'!AE59 -> 1.9728436 | Z57: =$B57*Y57/$AD57 -> 40.055132 | AA57: н/д | AB57: н/д | AC57: н/д | AD57: =D57+G57+J57+M57+P57+S57+V57+Y57 -> 6.9250006
A58: Сельское поселение Алексеевка | B58: ='Расчет дотаций'!AM60 -> 163.5 | C58: ='Расчет дотаций'!B60-1 -> 0 | D58: =C58*'Расчет дотаций'!C60 -> 0 | E58: =$B58*D58/$AD58 -> 0 | F58: ='Расчет дотаций'!F60-1 -> -0.062451663 | G58: =F58*'Расчет дотаций'!G60 -> -0.62451663 | H58: =$B58*G58/$AD58 -> -14.744904 | I58: ='Расчет дотаций'!J60-1 -> -0.048684211 | J58: =I58*'Расчет дотаций'!K60 -> -0.73026316 | K58: =$B58*J58/$AD58 -> -17.241591 | L58: ='Расчет дотаций'!N60-1 -> 0.3 | M58: =L58*'Расчет дотаций'!O60 -> 4.5 | N58: =$B58*M58/$AD58 -> 106.24548 | O58: ='Расчет дотаций'!R60-1 -> 0.0080769231 | P58: =O58*'Расчет дотаций'!S60 -> 0.040384615 | Q58: =$B58*P58/$AD58 -> 0.95348507 | R58: ='Расчет дотаций'!V60-1 -> 0.0094185022 | S58: =R58*'Расчет дотаций'!W60 -> 0.094185022 | T58: =$B58*S58/$AD58 -> 2.2237184 | U58: ='Расчет дотаций'!Z60-1 -> 0.16723671 | V58: =U58*'Расчет дотаций'!AA60 -> 1.6723671 | W58: =$B58*V58/$AD58 -> 39.484765 | X58: ='Расчет дотаций'!AD60-1 -> 0.19728436 | Y58: =X58*'Расчет дотаций'!AE60 -> 1.9728436 | Z58: =$B58*Y58/$AD58 -> 46.579048 | AA58: н/д | AB58: н/д | AC58: н/д | AD58: =D58+G58+J58+M58+P58+S58+V58+Y58 -> 6.9250006
A59: Сельское поселение Гавриловка | B59: ='Расчет дотаций'!AM61 -> 149 | C59: ='Расчет дотаций'!B61-1 -> 0 | D59: =C59*'Расчет дотаций'!C61 -> 0 | E59: =$B59*D59/$AD59 -> 0 | F59: ='Расчет дотаций'!F61-1 -> -0.062451663 | G59: =F59*'Расчет дотаций'!G61 -> -0.62451663 | H59: =$B59*G59/$AD59 -> -13.437252 | I59: ='Расчет дотаций'!J61-1 -> -0.048684211 | J59: =I59*'Расчет дотаций'!K61 -> -0.73026316 | K59: =$B59*J59/$AD59 -> -15.71252 | L59: ='Расчет дотаций'!N61-1 -> 0.3 | M59: =L59*'Расчет дотаций'!O61 -> 4.5 | N59: =$B59*M59/$AD59 -> 96.823097 | O59: ='Расчет дотаций'!R61-1 -> 0.0080769231 | P59: =O59*'Расчет дотаций'!S61 -> 0.040384615 | Q59: =$B59*P59/$AD59 -> 0.86892523 | R59: ='Расчет дотаций'!V61-1 -> 0.0094185022 | S59: =R59*'Расчет дотаций'!W61 -> 0.094185022 | T59: =$B59*S59/$AD59 -> 2.0265079 | U59: ='Расчет дотаций'!Z61-1 -> 0.16723671 | V59: =U59*'Расчет дотаций'!AA61 -> 1.6723671 | W59: =$B59*V59/$AD59 -> 35.983058 | X59: ='Расчет дотаций'!AD61-1 -> 0.19728436 | Y59: =X59*'Расчет дотаций'!AE61 -> 1.9728436 | Z59: =$B59*Y59/$AD59 -> 42.448184 | AA59: н/д | AB59: н/д | AC59: н/д | AD59: =D59+G59+J59+M59+P59+S59+V59+Y59 -> 6.9250006
A60: Сельское поселение Герасимовка | B60: ='Расчет дотаций'!AM62 -> 86 | C60: ='Расчет дотаций'!B62-1 -> 0 | D60: =C60*'Расчет дотаций'!C62 -> 0 | E60: =$B60*D60/$AD60 -> 0 | F60: ='Расчет дотаций'!F62-1 -> -0.062451663 | G60: =F60*'Расчет дотаций'!G62 -> -0.62451663 | H60: =$B60*G60/$AD60 -> -7.7557293 | I60: ='Расчет дотаций'!J62-1 -> -0.048684211 | J60: =I60*'Расчет дотаций'!K62 -> -0.73026316 | K60: =$B60*J60/$AD60 -> -9.0689713 | L60: ='Расчет дотаций'!N62-1 -> 0.3 | M60: =L60*'Расчет дотаций'!O62 -> 4.5 | N60: =$B60*M60/$AD60 -> 55.884472 | O60: ='Расчет дотаций'!R62-1 -> 0.0080769231 | P60: =O60*'Расчет дотаций'!S62 -> 0.040384615 | Q60: =$B60*P60/$AD60 -> 0.50152731 | R60: ='Расчет дотаций'!V62-1 -> 0.0094185022 | S60: =R60*'Расчет дотаций'!W62 -> 0.094185022 | T60: =$B60*S60/$AD60 -> 1.1696623 | U60: ='Расчет дотаций'!Z62-1 -> 0.16723671 | V60: =U60*'Расчет дотаций'!AA62 -> 1.6723671 | W60: =$B60*V60/$AD60 -> 20.768745 | X60: ='Расчет дотаций'!AD62-1 -> 0.19728436 | Y60: =X60*'Расчет дотаций'!AE62 -> 1.9728436 | Z60: =$B60*Y60/$AD60 -> 24.500294 | AA60: н/д | AB60: н/д | AC60: н/д | AD60: =D60+G60+J60+M60+P60+S60+V60+Y60 -> 6.9250006
A61: Сельское поселение Летниково | B61: ='Расчет дотаций'!AM63 -> 201.7 | C61: ='Расчет дотаций'!B63-1 -> 0 | D61: =C61*'Расчет дотаций'!C63 -> 0 | E61: =$B61*D61/$AD61 -> 0 | F61: ='Расчет дотаций'!F63-1 -> -0.062451663 | G61: =F61*'Расчет дотаций'!G63 -> -0.62451663 | H61: =$B61*G61/$AD61 -> -18.189891 | I61: ='Расчет дотаций'!J63-1 -> -0.048684211 | J61: =I61*'Расчет дотаций'!K63 -> -0.73026316 | K61: =$B61*J61/$AD61 -> -21.269901 | L61: ='Расчет дотаций'!N63-1 -> 0.3 | M61: =L61*'Расчет дотаций'!O63 -> 4.5 | N61: =$B61*M61/$AD61 -> 131.06858 | O61: ='Расчет дотаций'!R63-1 -> 0.0080769231 | P61: =O61*'Расчет дотаций'!S63 -> 0.040384615 | Q61: =$B61*P61/$AD61 -> 1.1762565 | R61: ='Расчет дотаций'!V63-1 -> 0.0094185022 | S61: =R61*'Расчет дотаций'!W63 -> 0.094185022 | T61: =$B61*S61/$AD61 -> 2.7432661 | U61: ='Расчет дотаций'!Z63-1 -> 0.16723671 | V61: =U61*'Расчет дотаций'!AA63 -> 1.6723671 | W61: =$B61*V61/$AD61 -> 48.709952 | X61: ='Расчет дотаций'!AD63-1 -> 0.19728436 | Y61: =X61*'Расчет дотаций'!AE63 -> 1.9728436 | Z61: =$B61*Y61/$AD61 -> 57.461736 | AA61: н/д | AB61: н/д | AC61: н/д | AD61: =D61+G61+J61+M61+P61+S61+V61+Y61 -> 6.9250006
A62: Муниципальный район Безенчукский | B62: ='Расчет дотаций'!AM64 -> 0 | C62: ='Расчет дотаций'!B64-1 -> -1 | D62: =C62*'Расчет дотаций'!C64 -> 0 | E62: =$B62*D62/$AD62 -> #DIV/0!
A63: Городское поселение Безенчук | B63: ='Расчет дотаций'!AM65 -> 5.9 | C63: ='Расчет дотаций'!B65-1 -> 0 | D63: =C63*'Расчет дотаций'!C65 -> 0 | E63: =$B63*D63/$AD63 -> 0 | F63: ='Расчет дотаций'!F65-1 -> 0.10761056 | G63: =F63*'Расчет дотаций'!G65 -> 1.0761056 | H63: =$B63*G63/$AD63 -> 0.71624713 | I63: ='Расчет дотаций'!J65-1 -> 0.042828685 | J63: =I63*'Расчет дотаций'!K65 -> 0.64243028 | K63: =$B63*J63/$AD63 -> 0.42759638 | L63: ='Расчет дотаций'!N65-1 -> 0.285 | M63: =L63*'Расчет дотаций'!O65 -> 4.275 | N63: =$B63*M63/$AD63 -> 2.8454053 | O63: ='Расчет дотаций'!R65-1 -> 0.21378182 | P63: =O63*'Расчет дотаций'!S65 -> 1.0689091 | Q63: =$B63*P63/$AD63 -> 0.71145721 | R63: ='Расчет дотаций'!V65-1 -> 0.085197365 | S63: =R63*'Расчет дотаций'!W65 -> 0.85197365 | T63: =$B63*S63/$AD63 -> 0.56706674 | U63: ='Расчет дотаций'!Z65-1 -> 0.067604763 | V63: =U63*'Расчет дотаций'!AA65 -> 0.67604763 | W63: =$B63*V63/$AD63 -> 0.44997181 | X63: ='Расчет дотаций'!AD65-1 -> 0.027382465 | Y63: =X63*'Расчет дотаций'!AE65 -> 0.27382465 | Z63: =$B63*Y63/$AD63 -> 0.18225546 | AA63: н/д | AB63: н/д | AC63: н/д | AD63: =D63+G63+J63+M63+P63+S63+V63+Y63 -> 8.8642909
A64: Сельское поселение Васильевка | B64: ='Расчет дотаций'!AM66 -> 92.5 | C64: ='Расчет дотаций'!B66-1 -> 0 | D64: =C64*'Расчет дотаций'!C66 -> 0 | E64: =$B64*D64/$AD64 -> 0 | F64: ='Расчет дотаций'!F66-1 -> 0.10761056 | G64: =F64*'Расчет дотаций'!G66 -> 1.0761056 | H64: =$B64*G64/$AD64 -> 11.229298 | I64: ='Расчет дотаций'!J66-1 -> 0.042828685 | J64: =I64*'Расчет дотаций'!K66 -> 0.64243028 | K64: =$B64*J64/$AD64 -> 6.7038415 | L64: ='Расчет дотаций'!N66-1 -> 0.285 | M64: =L64*'Расчет дотаций'!O66 -> 4.275 | N64: =$B64*M64/$AD64 -> 44.610167 | O64: ='Расчет дотаций'!R66-1 -> 0.21378182 | P64: =O64*'Расчет дотаций'!S66 -> 1.0689091 | Q64: =$B64*P64/$AD64 -> 11.154202 | R64: ='Расчет дотаций'!V66-1 -> 0.085197365 | S64: =R64*'Расчет дотаций'!W66 -> 0.85197365 | T64: =$B64*S64/$AD64 -> 8.8904531 | U64: ='Расчет дотаций'!Z66-1 -> 0.067604763 | V64: =U64*'Расчет дотаций'!AA66 -> 0.67604763 | W64: =$B64*V64/$AD64 -> 7.0546428 | X64: ='Расчет дотаций'!AD66-1 -> 0.027382465 | Y64: =X64*'Расчет дотаций'!AE66 -> 0.27382465 | Z64: =$B64*Y64/$AD64 -> 2.857395 | AA64: н/д | AB64: н/д | AC64: н/д | AD64: =D64+G64+J64+M64+P64+S64+V64+Y64 -> 8.8642909
A65: Сельское поселение Екатериновка | B65: ='Расчет дотаций'!AM67 -> 19.4 | C65: ='Расчет дотаций'!B67-1 -> 0 | D65: =C65*'Расчет дотаций'!C67 -> 0 | E65: =$B65*D65/$AD65 -> 0 | F65: ='Расчет дотаций'!F67-1 -> 0.10761056 | G65: =F65*'Расчет дотаций'!G67 -> 1.0761056 | H65: =$B65*G65/$AD65 -> 2.3551177 | I65: ='Расчет дотаций'!J67-1 -> 0.042828685 | J65: =I65*'Расчет дотаций'!K67 -> 0.64243028 | K65: =$B65*J65/$AD65 -> 1.4059949 | L65: ='Расчет дотаций'!N67-1 -> 0.285 | M65: =L65*'Расчет дотаций'!O67 -> 4.275 | N65: =$B65*M65/$AD65 -> 9.3560784 | O65: ='Расчет дотаций'!R67-1 -> 0.21378182 | P65: =O65*'Расчет дотаций'!S67 -> 1.0689091 | Q65: =$B65*P65/$AD65 -> 2.3393678 | R65: ='Расчет дотаций'!V67-1 -> 0.085197365 | S65: =R65*'Расчет дотаций'!W67 -> 0.85197365 | T65: =$B65*S65/$AD65 -> 1.8645923 | U65: ='Расчет дотаций'!Z67-1 -> 0.067604763 | V65: =U65*'Расчет дотаций'!AA67 -> 0.67604763 | W65: =$B65*V65/$AD65 -> 1.4795683 | X65: ='Расчет дотаций'!AD67-1 -> 0.027382465 | Y65: =X65*'Расчет дотаций'!AE67 -> 0.27382465 | Z65: =$B65*Y65/$AD65 -> 0.59928068 | AA65: н/д | AB65: н/д | AC65: н/д | AD65: =D65+G65+J65+M65+P65+S65+V65+Y65 -> 8.8642909
A66: Сельское поселение Звезда | B66: ='Расчет дотаций'!AM68 -> 145.9 | C66: ='Расчет дотаций'!B68-1 -> 0 | D66: =C66*'Расчет дотаций'!C68 -> 0 | E66: =$B66*D66/$AD66 -> 0 | F66: ='Расчет дотаций'!F68-1 -> 0.10761056 | G66: =F66*'Расчет дотаций'!G68 -> 1.0761056 | H66: =$B66*G66/$AD66 -> 17.711942 | I66: ='Расчет дотаций'!J68-1 -> 0.042828685 | J66: =I66*'Расчет дотаций'!K68 -> 0.64243028 | K66: =$B66*J66/$AD66 -> 10.573951 | L66: ='Расчет дотаций'!N68-1 -> 0.285 | M66: =L66*'Расчет дотаций'!O68 -> 4.275 | N66: =$B66*M66/$AD66 -> 70.363497 | O66: ='Расчет дотаций'!R68-1 -> 0.21378182 | P66: =O66*'Расчет дотаций'!S68 -> 1.0689091 | Q66: =$B66*P66/$AD66 -> 17.593493 | R66: ='Расчет дотаций'!V68-1 -> 0.085197365 | S66: =R66*'Расчет дотаций'!W68 -> 0.85197365 | T66: =$B66*S66/$AD66 -> 14.022888 | U66: ='Расчет дотаций'!Z68-1 -> 0.067604763 | V66: =U66*'Расчет дотаций'!AA68 -> 0.67604763 | W66: =$B66*V66/$AD66 -> 11.127269 | X66: ='Расчет дотаций'!AD68-1 -> 0.027382465 | Y66: =X66*'Расчет дотаций'!AE68 -> 0.27382465 | Z66: =$B66*Y66/$AD66 -> 4.5069614 | AA66: н/д | AB66: н/д | AC66: н/д | AD66: =D66+G66+J66+M66+P66+S66+V66+Y66 -> 8.8642909
A67: Сельское поселение Купино | B67: ='Расчет дотаций'!AM69 -> 170.3 | C67: ='Расчет дотаций'!B69-1 -> 0 | D67: =C67*'Расчет дотаций'!C69 -> 0 | E67: =$B67*D67/$AD67 -> 0 | F67: ='Расчет дотаций'!F69-1 -> 0.10761056 | G67: =F67*'Расчет дотаций'!G69 -> 1.0761056 | H67: =$B67*G67/$AD67 -> 20.674048 | I67: ='Расчет дотаций'!J69-1 -> 0.042828685 | J67: =I67*'Расчет дотаций'!K69 -> 0.64243028 | K67: =$B67*J67/$AD67 -> 12.342316 | L67: ='Расчет дотаций'!N69-1 -> 0.285 | M67: =L67*'Расчет дотаций'!O69 -> 4.275 | N67: =$B67*M67/$AD67 -> 82.130935 | O67: ='Расчет дотаций'!R69-1 -> 0.21378182 | P67: =O67*'Расчет дотаций'!S69 -> 1.0689091 | Q67: =$B67*P67/$AD67 -> 20.53579 | R67: ='Расчет дотаций'!V69-1 -> 0.085197365 | S67: =R67*'Расчет дотаций'!W69 -> 0.85197365 | T67: =$B67*S67/$AD67 -> 16.368045 | U67: ='Расчет дотаций'!Z69-1 -> 0.067604763 | V67: =U67*'Расчет дотаций'!AA69 -> 0.67604763 | W67: =$B67*V67/$AD67 -> 12.988169 | X67: ='Расчет дотаций'!AD69-1 -> 0.027382465 | Y67: =X67*'Расчет дотаций'!AE69 -> 0.27382465 | Z67: =$B67*Y67/$AD67 -> 5.2606958 | AA67: н/д | AB67: н/д | AC67: н/д | AD67: =D67+G67+J67+M67+P67+S67+V67+Y67 -> 8.8642909
A68: Сельское поселение Натальино | B68: ='Расчет дотаций'!AM70 -> 113.6 | C68: ='Расчет дотаций'!B70-1 -> 0 | D68: =C68*'Расчет дотаций'!C70 -> 0 | E68: =$B68*D68/$AD68 -> 0 | F68: ='Расчет дотаций'!F70-1 -> 0.10761056 | G68: =F68*'Расчет дотаций'!G70 -> 1.0761056 | H68: =$B68*G68/$AD68 -> 13.790792 | I68: ='Расчет дотаций'!J70-1 -> 0.042828685 | J68: =I68*'Расчет дотаций'!K70 -> 0.64243028 | K68: =$B68*J68/$AD68 -> 8.2330421 | L68: ='Расчет дотаций'!N70-1 -> 0.285 | M68: =L68*'Расчет дотаций'!O70 -> 4.275 | N68: =$B68*M68/$AD68 -> 54.786108 | O68: ='Расчет дотаций'!R70-1 -> 0.21378182 | P68: =O68*'Расчет дотаций'!S70 -> 1.0689091 | Q68: =$B68*P68/$AD68 -> 13.698566 | R68: ='Расчет дотаций'!V70-1 -> 0.085197365 | S68: =R68*'Расчет дотаций'!W70 -> 0.85197365 | T68: =$B68*S68/$AD68 -> 10.918438 | U68: ='Расчет дотаций'!Z70-1 -> 0.067604763 | V68: =U68*'Расчет дотаций'!AA70 -> 0.67604763 | W68: =$B68*V68/$AD68 -> 8.663864 | X68: ='Расчет дотаций'!AD70-1 -> 0.027382465 | Y68: =X68*'Расчет дотаций'!AE70 -> 0.27382465 | Z68: =$B68*Y68/$AD68 -> 3.5091899 | AA68: н/д | AB68: н/д | AC68: н/д | AD68: =D68+G68+J68+M68+P68+S68+V68+Y68 -> 8.8642909
A69: Сельское поселение Ольгино | B69: ='Расчет дотаций'!AM71 -> 149.9 | C69: ='Расчет дотаций'!B71-1 -> 0 | D69: =C69*'Расчет дотаций'!C71 -> 0 | E69: =$B69*D69/$AD69 -> 0 | F69: ='Расчет дотаций'!F71-1 -> 0.10761056 | G69: =F69*'Расчет дотаций'!G71 -> 1.0761056 | H69: =$B69*G69/$AD69 -> 18.197533 | I69: ='Расчет дотаций'!J71-1 -> 0.042828685 | J69: =I69*'Расчет дотаций'!K71 -> 0.64243028 | K69: =$B69*J69/$AD69 -> 10.863847 | L69: ='Расчет дотаций'!N71-1 -> 0.285 | M69: =L69*'Расчет дотаций'!O71 -> 4.275 | N69: =$B69*M69/$AD69 -> 72.292585 | O69: ='Расчет дотаций'!R71-1 -> 0.21378182 | P69: =O69*'Расчет дотаций'!S71 -> 1.0689091 | Q69: =$B69*P69/$AD69 -> 18.075837 | R69: ='Расчет дотаций'!V71-1 -> 0.085197365 | S69: =R69*'Расчет дотаций'!W71 -> 0.85197365 | T69: =$B69*S69/$AD69 -> 14.40734 | U69: ='Расчет дотаций'!Z71-1 -> 0.067604763 | V69: =U69*'Расчет дотаций'!AA71 -> 0.67604763 | W69: =$B69*V69/$AD69 -> 11.432335 | X69: ='Расчет дотаций'!AD71-1 -> 0.027382465 | Y69: =X69*'Расчет дотаций'!AE71 -> 0.27382465 | Z69: =$B69*Y69/$AD69 -> 4.6305244 | AA69: н/д | AB69: н/д | AC69: н/д | AD69: =D69+G69+J69+M69+P69+S69+V69+Y69 -> 8.8642909
A70: Городское поселение Осинки | B70: ='Расчет дотаций'!AM72 -> 8 | C70: ='Расчет дотаций'!B72-1 -> 0 | D70: =C70*'Расчет дотаций'!C72 -> 0 | E70: =$B70*D70/$AD70 -> 0 | F70: ='Расчет дотаций'!F72-1 -> 0.10761056 | G70: =F70*'Расчет дотаций'!G72 -> 1.0761056 | H70: =$B70*G70/$AD70 -> 0.97118254 | I70: ='Расчет дотаций'!J72-1 -> 0.042828685 | J70: =I70*'Расчет дотаций'!K72 -> 0.64243028 | K70: =$B70*J70/$AD70 -> 0.5797917 | L70: ='Расчет дотаций'!N72-1 -> 0.285 | M70: =L70*'Расчет дотаций'!O72 -> 4.275 | N70: =$B70*M70/$AD70 -> 3.8581766 | O70: ='Расчет дотаций'!R72-1 -> 0.21378182 | P70: =O70*'Расчет дотаций'!S72 -> 1.0689091 | Q70: =$B70*P70/$AD70 -> 0.96468774 | R70: ='Расчет дотаций'!V72-1 -> 0.085197365 | S70: =R70*'Расчет дотаций'!W72 -> 0.85197365 | T70: =$B70*S70/$AD70 -> 0.76890405 | U70: ='Расчет дотаций'!Z72-1 -> 0.067604763 | V70: =U70*'Расчет дотаций'!AA72 -> 0.67604763 | W70: =$B70*V70/$AD70 -> 0.61013127 | X70: ='Расчет дотаций'!AD72-1 -> 0.027382465 | Y70: =X70*'Расчет дотаций'!AE72 -> 0.27382465 | Z70: =$B70*Y70/$AD70 -> 0.24712605 | AA70: н/д | AB70: н/д | AC70: н/д | AD70: =D70+G70+J70+M70+P70+S70+V70+Y70 -> 8.8642909
A71: Сельское поселение Переволоки | B71: ='Расчет дотаций'!AM73 -> 88.9 | C71: ='Расчет дотаций'!B73-1 -> 0 | D71: =C71*'Расчет дотаций'!C73 -> 0 | E71: =$B71*D71/$AD71 -> 0 | F71: ='Расчет дотаций'!F73-1 -> 0.10761056 | G71: =F71*'Расчет дотаций'!G73 -> 1.0761056 | H71: =$B71*G71/$AD71 -> 10.792266 | I71: ='Расчет дотаций'!J73-1 -> 0.042828685 | J71: =I71*'Расчет дотаций'!K73 -> 0.64243028 | K71: =$B71*J71/$AD71 -> 6.4429352 | L71: ='Расчет дотаций'!N73-1 -> 0.285 | M71: =L71*'Расчет дотаций'!O73 -> 4.275 | N71: =$B71*M71/$AD71 -> 42.873988 | O71: ='Расчет дотаций'!R73-1 -> 0.21378182 | P71: =O71*'Расчет дотаций'!S73 -> 1.0689091 | Q71: =$B71*P71/$AD71 -> 10.720093 | R71: ='Расчет дотаций'!V73-1 -> 0.085197365 | S71: =R71*'Расчет дотаций'!W73 -> 0.85197365 | T71: =$B71*S71/$AD71 -> 8.5444463 | U71: ='Расчет дотаций'!Z73-1 -> 0.067604763 | V71: =U71*'Расчет дотаций'!AA73 -> 0.67604763 | W71: =$B71*V71/$AD71 -> 6.7800837 | X71: ='Расчет дотаций'!AD73-1 -> 0.027382465 | Y71: =X71*'Расчет дотаций'!AE73 -> 0.27382465 | Z71: =$B71*Y71/$AD71 -> 2.7461883 | AA71: н/д | AB71: н/д | AC71: н/д | AD71: =D71+G71+J71+M71+P71+S71+V71+Y71 -> 8.8642909
A72: Сельское поселение Песочное | B72: ='Расчет дотаций'!AM74 -> 101.6 | C72: ='Расчет дотаций'!B74-1 -> 0 | D72: =C72*'Расчет дотаций'!C74 -> 0 | E72: =$B72*D72/$AD72 -> 0 | F72: ='Расчет дотаций'!F74-1 -> 0.10761056 | G72: =F72*'Расчет дотаций'!G74 -> 1.0761056 | H72: =$B72*G72/$AD72 -> 12.334018 | I72: ='Расчет дотаций'!J74-1 -> 0.042828685 | J72: =I72*'Расчет дотаций'!K74 -> 0.64243028 | K72: =$B72*J72/$AD72 -> 7.3633545 | L72: ='Расчет дотаций'!N74-1 -> 0.285 | M72: =L72*'Расчет дотаций'!O74 -> 4.275 | N72: =$B72*M72/$AD72 -> 48.998843 | O72: ='Расчет дотаций'!R74-1 -> 0.21378182 | P72: =O72*'Расчет дотаций'!S74 -> 1.0689091 | Q72: =$B72*P72/$AD72 -> 12.251534 | R72: ='Расчет дотаций'!V74-1 -> 0.085197365 | S72: =R72*'Расчет дотаций'!W74 -> 0.85197365 | T72: =$B72*S72/$AD72 -> 9.7650815 | U72: ='Расчет дотаций'!Z74-1 -> 0.067604763 | V72: =U72*'Расчет дотаций'!AA74 -> 0.67604763 | W72: =$B72*V72/$AD72 -> 7.7486671 | X72: ='Расчет дотаций'!AD74-1 -> 0.027382465 | Y72: =X72*'Расчет дотаций'!AE74 -> 0.27382465 | Z72: =$B72*Y72/$AD72 -> 3.1385009 | AA72: н/д | AB72: н/д | AC72: н/д | AD72: =D72+G72+J72+M72+P72+S72+V72+Y72 -> 8.8642909
A73: Сельское поселение Преполовенка | B73: ='Расчет дотаций'!AM75 -> 105.3 | C73: ='Расчет дотаций'!B75-1 -> 0 | D73: =C73*'Расчет дотаций'!C75 -> 0 | E73: =$B73*D73/$AD73 -> 0 | F73: ='Расчет дотаций'!F75-1 -> 0.10761056 | G73: =F73*'Расчет дотаций'!G75 -> 1.0761056 | H73: =$B73*G73/$AD73 -> 12.78319 | I73: ='Расчет дотаций'!J75-1 -> 0.042828685 | J73: =I73*'Расчет дотаций'!K75 -> 0.64243028 | K73: =$B73*J73/$AD73 -> 7.6315082 | L73: ='Расчет дотаций'!N75-1 -> 0.285 | M73: =L73*'Расчет дотаций'!O75 -> 4.275 | N73: =$B73*M73/$AD73 -> 50.78325 | O73: ='Расчет дотаций'!R75-1 -> 0.21378182 | P73: =O73*'Расчет дотаций'!S75 -> 1.0689091 | Q73: =$B73*P73/$AD73 -> 12.697702 | R73: ='Расчет дотаций'!V75-1 -> 0.085197365 | S73: =R73*'Расчет дотаций'!W75 -> 0.85197365 | T73: =$B73*S73/$AD73 -> 10.1207 | U73: ='Расчет дотаций'!Z75-1 -> 0.067604763 | V73: =U73*'Расчет дотаций'!AA75 -> 0.67604763 | W73: =$B73*V73/$AD73 -> 8.0308528 | X73: ='Расчет дотаций'!AD75-1 -> 0.027382465 | Y73: =X73*'Расчет дотаций'!AE75 -> 0.27382465 | Z73: =$B73*Y73/$AD73 -> 3.2527967 | AA73: н/д | AB73: н/д | AC73: н/д | AD73: =D73+G73+J73+M73+P73+S73+V73+Y73 -> 8.8642909
A74: Сельское поселение Прибой | B74: ='Расчет дотаций'!AM76 -> 148.2 | C74: ='Расчет дотаций'!B76-1 -> 0 | D74: =C74*'Расчет дотаций'!C76 -> 0 | E74: =$B74*D74/$AD74 -> 0 | F74: ='Расчет дотаций'!F76-1 -> 0.10761056 | G74: =F74*'Расчет дотаций'!G76 -> 1.0761056 | H74: =$B74*G74/$AD74 -> 17.991157 | I74: ='Расчет дотаций'!J76-1 -> 0.042828685 | J74: =I74*'Расчет дотаций'!K76 -> 0.64243028 | K74: =$B74*J74/$AD74 -> 10.740641 | L74: ='Расчет дотаций'!N76-1 -> 0.285 | M74: =L74*'Расчет дотаций'!O76 -> 4.275 | N74: =$B74*M74/$AD74 -> 71.472722 | O74: ='Расчет дотаций'!R76-1 -> 0.21378182 | P74: =O74*'Расчет дотаций'!S76 -> 1.0689091 | Q74: =$B74*P74/$AD74 -> 17.87084 | R74: ='Расчет дотаций'!V76-1 -> 0.085197365 | S74: =R74*'Расчет дотаций'!W76 -> 0.85197365 | T74: =$B74*S74/$AD74 -> 14.243948 | U74: ='Расчет дотаций'!Z76-1 -> 0.067604763 | V74: =U74*'Расчет дотаций'!AA76 -> 0.67604763 | W74: =$B74*V74/$AD74 -> 11.302682 | X74: ='Расчет дотаций'!AD76-1 -> 0.027382465 | Y74: =X74*'Расчет дотаций'!AE76 -> 0.27382465 | Z74: =$B74*Y74/$AD74 -> 4.5780101 | AA74: н/д | AB74: н/д | AC74: н/д | AD74: =D74+G74+J74+M74+P74+S74+V74+Y74 -> 8.8642909
A75: Муниципальный район Богатовский | B75: ='Расчет дотаций'!AM77 -> 0 | C75: ='Расчет дотаций'!B77-1 -> -1 | D75: =C75*'Расчет дотаций'!C77 -> 0 | E75: =$B75*D75/$AD75 -> #DIV/0!
A76: Сельское поселение Арзамасцевка | B76: ='Расчет дотаций'!AM78 -> 118.2 | C76: ='Расчет дотаций'!B78-1 -> 0 | D76: =C76*'Расчет дотаций'!C78 -> 0 | E76: =$B76*D76/$AD76 -> 0 | F76: ='Расчет дотаций'!F78-1 -> -0.028603063 | G76: =F76*'Расчет дотаций'!G78 -> -0.28603063 | H76: =$B76*G76/$AD76 -> -7.6996028 | I76: ='Расчет дотаций'!J78-1 -> 0 | J76: =I76*'Расчет дотаций'!K78 -> 0 | K76: =$B76*J76/$AD76 -> 0 | L76: ='Расчет дотаций'!N78-1 -> 0.3 | M76: =L76*'Расчет дотаций'!O78 -> 4.5 | N76: =$B76*M76/$AD76 -> 121.13462 | O76: ='Расчет дотаций'!R78-1 -> 0.24131579 | P76: =O76*'Расчет дотаций'!S78 -> 1.2065789 | Q76: =$B76*P76/$AD76 -> 32.479663 | R76: ='Расчет дотаций'!V78-1 -> 0.089433414 | S76: =R76*'Расчет дотаций'!W78 -> 0.89433414 | T76: =$B76*S76/$AD76 -> 24.074406 | U76: ='Расчет дотаций'!Z78-1 -> -0.05981005 | V76: =U76*'Расчет дотаций'!AA78 -> -0.5981005 | W76: =$B76*V76/$AD76 -> -16.100151 | X76: ='Расчет дотаций'!AD78-1 -> -0.13257995 | Y76: =X76*'Расчет дотаций'!AE78 -> -1.3257995 | Z76: =$B76*Y76/$AD76 -> -35.688939 | AA76: н/д | AB76: н/д | AC76: н/д | AD76: =D76+G76+J76+M76+P76+S76+V76+Y76 -> 4.3909824
A77: Сельское поселение Богатое | B77: ='Расчет дотаций'!AM79 -> 93.7 | C77: ='Расчет дотаций'!B79-1 -> 0 | D77: =C77*'Расчет дотаций'!C79 -> 0 | E77: =$B77*D77/$AD77 -> 0 | F77: ='Расчет дотаций'!F79-1 -> -0.028603063 | G77: =F77*'Расчет дотаций'!G79 -> -0.28603063 | H77: =$B77*G77/$AD77 -> -6.1036615 | I77: ='Расчет дотаций'!J79-1 -> 0 | J77: =I77*'Расчет дотаций'!K79 -> 0 | K77: =$B77*J77/$AD77 -> 0 | L77: ='Расчет дотаций'!N79-1 -> 0.3 | M77: =L77*'Расчет дотаций'!O79 -> 4.5 | N77: =$B77*M77/$AD77 -> 96.026346 | O77: ='Расчет дотаций'!R79-1 -> 0.24131579 | P77: =O77*'Расчет дотаций'!S79 -> 1.2065789 | Q77: =$B77*P77/$AD77 -> 25.747415 | R77: ='Расчет дотаций'!V79-1 -> 0.089433414 | S77: =R77*'Расчет дотаций'!W79 -> 0.89433414 | T77: =$B77*S77/$AD77 -> 19.084364 | U77: ='Расчет дотаций'!Z79-1 -> -0.05981005 | V77: =U77*'Расчет дотаций'!AA79 -> -0.5981005 | W77: =$B77*V77/$AD77 -> -12.762979 | X77: ='Расчет дотаций'!AD79-1 -> -0.13257995 | Y77: =X77*'Расчет дотаций'!AE79 -> -1.3257995 | Z77: =$B77*Y77/$AD77 -> -28.291485 | AA77: н/д | AB77: н/д | AC77: н/д | AD77: =D77+G77+J77+M77+P77+S77+V77+Y77 -> 4.3909824
A78: Сельское поселение Виловатое | B78: ='Расчет дотаций'!AM80 -> 112.6 | C78: ='Расчет дотаций'!B80-1 -> 0 | D78: =C78*'Расчет дотаций'!C80 -> 0 | E78: =$B78*D78/$AD78 -> 0 | F78: ='Расчет дотаций'!F80-1 -> -0.028603063 | G78: =F78*'Расчет дотаций'!G80 -> -0.28603063 | H78: =$B78*G78/$AD78 -> -7.3348162 | I78: ='Расчет дотаций'!J80-1 -> 0 | J78: =I78*'Расчет дотаций'!K80 -> 0 | K78: =$B78*J78/$AD78 -> 0 | L78: ='Расчет дотаций'!N80-1 -> 0.3 | M78: =L78*'Расчет дотаций'!O80 -> 4.5 | N78: =$B78*M78/$AD78 -> 115.39559 | O78: ='Расчет дотаций'!R80-1 -> 0.24131579 | P78: =O78*'Расчет дотаций'!S80 -> 1.2065789 | Q78: =$B78*P78/$AD78 -> 30.940864 | R78: ='Расчет дотаций'!V80-1 -> 0.089433414 | S78: =R78*'Расчет дотаций'!W80 -> 0.89433414 | T78: =$B78*S78/$AD78 -> 22.933825 | U78: ='Расчет дотаций'!Z80-1 -> -0.05981005 | V78: =U78*'Расчет дотаций'!AA80 -> -0.5981005 | W78: =$B78*V78/$AD78 -> -15.337369 | X78: ='Расчет дотаций'!AD80-1 -> -0.13257995 | Y78: =X78*'Расчет дотаций'!AE80 -> -1.3257995 | Z78: =$B78*Y78/$AD78 -> -33.998092 | AA78: н/д | AB78: н/д | AC78: н/д | AD78: =D78+G78+J78+M78+P78+S78+V78+Y78 -> 4.3909824
A79: Сельское поселение Максимовка | B79: ='Расчет дотаций'!AM81 -> 50.2 | C79: ='Расчет дотаций'!B81-1 -> 0 | D79: =C79*'Расчет дотаций'!C81 -> 0 | E79: =$B79*D79/$AD79 -> 0 | F79: ='Расчет дотаций'!F81-1 -> -0.028603063 | G79: =F79*'Расчет дотаций'!G81 -> -0.28603063 | H79: =$B79*G79/$AD79 -> -3.2700513 | I79: ='Расчет дотаций'!J81-1 -> 0 | J79: =I79*'Расчет дотаций'!K81 -> 0 | K79: =$B79*J79/$AD79 -> 0 | L79: ='Расчет дотаций'!N81-1 -> 0.3 | M79: =L79*'Расчет дотаций'!O81 -> 4.5 | N79: =$B79*M79/$AD79 -> 51.446346 | O79: ='Расчет дотаций'!R81-1 -> 0.24131579 | P79: =O79*'Расчет дотаций'!S81 -> 1.2065789 | Q79: =$B79*P79/$AD79 -> 13.794239 | R79: ='Расчет дотаций'!V81-1 -> 0.089433414 | S79: =R79*'Расчет дотаций'!W81 -> 0.89433414 | T79: =$B79*S79/$AD79 -> 10.224494 | U79: ='Расчет дотаций'!Z81-1 -> -0.05981005 | V79: =U79*'Расчет дотаций'!AA81 -> -0.5981005 | W79: =$B79*V79/$AD79 -> -6.8377967 | X79: ='Расчет дотаций'!AD81-1 -> -0.13257995 | Y79: =X79*'Расчет дотаций'!AE81 -> -1.3257995 | Z79: =$B79*Y79/$AD79 -> -15.157231 | AA79: н/д | AB79: н/д | AC79: н/д | AD79: =D79+G79+J79+M79+P79+S79+V79+Y79 -> 4.3909824
A80: Сельское поселение Печинено | B80: ='Расчет дотаций'!AM82 -> 134.4 | C80: ='Расчет дотаций'!B82-1 -> 0 | D80: =C80*'Расчет дотаций'!C82 -> 0 | E80: =$B80*D80/$AD80 -> 0 | F80: ='Расчет дотаций'!F82-1 -> -0.028603063 | G80: =F80*'Расчет дотаций'!G82 -> -0.28603063 | H80: =$B80*G80/$AD80 -> -8.7548783 | I80: ='Расчет дотаций'!J82-1 -> 0 | J80: =I80*'Расчет дотаций'!K82 -> 0 | K80: =$B80*J80/$AD80 -> 0 | L80: ='Расчет дотаций'!N82-1 -> 0.3 | M80: =L80*'Расчет дотаций'!O82 -> 4.5 | N80: =$B80*M80/$AD80 -> 137.73683 | O80: ='Расчет дотаций'!R82-1 -> 0.24131579 | P80: =O80*'Расчет дотаций'!S82 -> 1.2065789 | Q80: =$B80*P80/$AD80 -> 36.931191 | R80: ='Расчет дотаций'!V82-1 -> 0.089433414 | S80: =R80*'Расчет дотаций'!W82 -> 0.89433414 | T80: =$B80*S80/$AD80 -> 27.373944 | U80: ='Расчет дотаций'!Z82-1 -> -0.05981005 | V80: =U80*'Расчет дотаций'!AA82 -> -0.5981005 | W80: =$B80*V80/$AD80 -> -18.30677 | X80: ='Расчет дотаций'!AD82-1 -> -0.13257995 | Y80: =X80*'Расчет дотаций'!AE82 -> -1.3257995 | Z80: =$B80*Y80/$AD80 -> -40.580316 | AA80: н/д | AB80: н/д | AC80: н/д | AD80: =D80+G80+J80+M80+P80+S80+V80+Y80 -> 4.3909824
A81: Муниципальный район Большеглушицкий | B81: ='Расчет дотаций'!AM83 -> 0 | C81: ='Расчет дотаций'!B83-1 -> -1 | D81: =C81*'Расчет дотаций'!C83 -> 0 | E81: =$B81*D81/$AD81 -> #DIV/0!
A82: Сельское поселение Александровка | B82: ='Расчет дотаций'!AM84 -> 0.7 | C82: ='Расчет дотаций'!B84-1 -> 0 | D82: =C82*'Расчет дотаций'!C84 -> 0 | E82: =$B82*D82/$AD82 -> 0 | F82: ='Расчет дотаций'!F84-1 -> -0.0056093225 | G82: =F82*'Расчет дотаций'!G84 -> -0.056093225 | H82: =$B82*G82/$AD82 -> -0.39442012 | I82: ='Расчет дотаций'!J84-1 -> 0.0092105263 | J82: =I82*'Расчет дотаций'!K84 -> 0.13815789 | K82: =$B82*J82/$AD82 -> 0.97145872 | L82: ='Расчет дотаций'!N84-1 -> 0.033333333 | M82: =L82*'Расчет дотаций'!O84 -> 0.5 | N82: =$B82*M82/$AD82 -> 3.5157554 | O82: ='Расчет дотаций'!R84-1 -> 0.011915888 | P82: =O82*'Расчет дотаций'!S84 -> 0.059579439 | Q82: =$B82*P82/$AD82 -> 0.41893347 | R82: ='Расчет дотаций'!V84-1 -> 0.045819672 | S82: =R82*'Расчет дотаций'!W84 -> 0.45819672 | T82: =$B82*S82/$AD82 -> 3.2218152 | U82: ='Расчет дотаций'!Z84-1 -> 0.032386129 | V82: =U82*'Расчет дотаций'!AA84 -> 0.32386129 | W82: =$B82*V82/$AD82 -> 2.2772342 | X82: ='Расчет дотаций'!AD84-1 -> -0.13241503 | Y82: =X82*'Расчет дотаций'!AE84 -> -1.3241503 | Z82: =$B82*Y82/$AD82 -> -9.3107768 | AA82: н/д | AB82: н/д | AC82: н/д | AD82: =D82+G82+J82+M82+P82+S82+V82+Y82 -> 0.099551864
A83: Сельское поселение Большая Глушица | B83: ='Расчет дотаций'!AM85 -> 0.7 | C83: ='Расчет дотаций'!B85-1 -> 0 | D83: =C83*'Расчет дотаций'!C85 -> 0 | E83: =$B83*D83/$AD83 -> 0 | F83: ='Расчет дотаций'!F85-1 -> -0.0056093225 | G83: =F83*'Расчет дотаций'!G85 -> -0.056093225 | H83: =$B83*G83/$AD83 -> -0.39442012 | I83: ='Расчет дотаций'!J85-1 -> 0.0092105263 | J83: =I83*'Расчет дотаций'!K85 -> 0.13815789 | K83: =$B83*J83/$AD83 -> 0.97145872 | L83: ='Расчет дотаций'!N85-1 -> 0.033333333 | M83: =L83*'Расчет дотаций'!O85 -> 0.5 | N83: =$B83*M83/$AD83 -> 3.5157554 | O83: ='Расчет дотаций'!R85-1 -> 0.011915888 | P83: =O83*'Расчет дотаций'!S85 -> 0.059579439 | Q83: =$B83*P83/$AD83 -> 0.41893347 | R83: ='Расчет дотаций'!V85-1 -> 0.045819672 | S83: =R83*'Расчет дотаций'!W85 -> 0.45819672 | T83: =$B83*S83/$AD83 -> 3.2218152 | U83: ='Расчет дотаций'!Z85-1 -> 0.032386129 | V83: =U83*'Расчет дотаций'!AA85 -> 0.32386129 | W83: =$B83*V83/$AD83 -> 2.2772342 | X83: ='Расчет дотаций'!AD85-1 -> -0.13241503 | Y83: =X83*'Расчет дотаций'!AE85 -> -1.3241503 | Z83: =$B83*Y83/$AD83 -> -9.3107768 | AA83: н/д | AB83: н/д | AC83: н/д | AD83: =D83+G83+J83+M83+P83+S83+V83+Y83 -> 0.099551864
A84: Сельское поселение Большая Дергуновка | B84: ='Расчет дотаций'!AM86 -> 1 | C84: ='Расчет дотаций'!B86-1 -> 0 | D84: =C84*'Расчет дотаций'!C86 -> 0 | E84: =$B84*D84/$AD84 -> 0 | F84: ='Расчет дотаций'!F86-1 -> -0.0056093225 | G84: =F84*'Расчет дотаций'!G86 -> -0.056093225 | H84: =$B84*G84/$AD84 -> -0.56345731 | I84: ='Расчет дотаций'!J86-1 -> 0.0092105263 | J84: =I84*'Расчет дотаций'!K86 -> 0.13815789 | K84: =$B84*J84/$AD84 -> 1.3877982 | L84: ='Расчет дотаций'!N86-1 -> 0.033333333 | M84: =L84*'Расчет дотаций'!O86 -> 0.5 | N84: =$B84*M84/$AD84 -> 5.0225077 | O84: ='Расчет дотаций'!R86-1 -> 0.011915888 | P84: =O84*'Расчет дотаций'!S86 -> 0.059579439 | Q84: =$B84*P84/$AD84 -> 0.59847638 | R84: ='Расчет дотаций'!V86-1 -> 0.045819672 | S84: =R84*'Расчет дотаций'!W86 -> 0.45819672 | T84: =$B84*S84/$AD84 -> 4.6025931 | U84: ='Расчет дотаций'!Z86-1 -> 0.032386129 | V84: =U84*'Расчет дотаций'!AA86 -> 0.32386129 | W84: =$B84*V84/$AD84 -> 3.2531917 | X84: ='Расчет дотаций'!AD86-1 -> -0.13241503 | Y84: =X84*'Расчет дотаций'!AE86 -> -1.3241503 | Z84: =$B84*Y84/$AD84 -> -13.30111 | AA84: н/д | AB84: н/д | AC84: н/д | AD84: =D84+G84+J84+M84+P84+S84+V84+Y84 -> 0.099551864
A85: Сельское поселение Малая Глушица | B85: ='Расчет дотаций'!AM87 -> 1.3 | C85: ='Расчет дотаций'!B87-1 -> 0 | D85: =C85*'Расчет дотаций'!C87 -> 0 | E85: =$B85*D85/$AD85 -> 0 | F85: ='Расчет дотаций'!F87-1 -> -0.0056093225 | G85: =F85*'Расчет дотаций'!G87 -> -0.056093225 | H85: =$B85*G85/$AD85 -> -0.7324945 | I85: ='Расчет дотаций'!J87-1 -> 0.0092105263 | J85: =I85*'Расчет дотаций'!K87 -> 0.13815789 | K85: =$B85*J85/$AD85 -> 1.8041376 | L85: ='Расчет дотаций'!N87-1 -> 0.033333333 | M85: =L85*'Расчет дотаций'!O87 -> 0.5 | N85: =$B85*M85/$AD85 -> 6.52926 | O85: ='Расчет дотаций'!R87-1 -> 0.011915888 | P85: =O85*'Расчет дотаций'!S87 -> 0.059579439 | Q85: =$B85*P85/$AD85 -> 0.7780193 | R85: ='Расчет дотаций'!V87-1 -> 0.045819672 | S85: =R85*'Расчет дотаций'!W87 -> 0.45819672 | T85: =$B85*S85/$AD85 -> 5.983371 | U85: ='Расчет дотаций'!Z87-1 -> 0.032386129 | V85: =U85*'Расчет дотаций'!AA87 -> 0.32386129 | W85: =$B85*V85/$AD85 -> 4.2291492 | X85: ='Расчет дотаций'!AD87-1 -> -0.13241503 | Y85: =X85*'Расчет дотаций'!AE87 -> -1.3241503 | Z85: =$B85*Y85/$AD85 -> -17.291443 | AA85: н/д | AB85: н/д | AC85: н/д | AD85: =D85+G85+J85+M85+P85+S85+V85+Y85 -> 0.099551864
A86: Сельское поселение Мокша | B86: ='Расчет дотаций'!AM88 -> 0.5 | C86: ='Расчет дотаций'!B88-1 -> 0 | D86: =C86*'Расчет дотаций'!C88 -> 0 | E86: =$B86*D86/$AD86 -> 0 | F86: ='Расчет дотаций'!F88-1 -> -0.0056093225 | G86: =F86*'Расчет дотаций'!G88 -> -0.056093225 | H86: =$B86*G86/$AD86 -> -0.28172865 | I86: ='Расчет дотаций'!J88-1 -> 0.0092105263 | J86: =I86*'Расчет дотаций'!K88 -> 0.13815789 | K86: =$B86*J86/$AD86 -> 0.69389909 | L86: ='Расчет дотаций'!N88-1 -> 0.033333333 | M86: =L86*'Расчет дотаций'!O88 -> 0.5 | N86: =$B86*M86/$AD86 -> 2.5112538 | O86: ='Расчет дотаций'!R88-1 -> 0.011915888 | P86: =O86*'Расчет дотаций'!S88 -> 0.059579439 | Q86: =$B86*P86/$AD86 -> 0.29923819 | R86: ='Расчет дотаций'!V88-1 -> 0.045819672 | S86: =R86*'Расчет дотаций'!W88 -> 0.45819672 | T86: =$B86*S86/$AD86 -> 2.3012965 | U86: ='Расчет дотаций'!Z88-1 -> 0.032386129 | V86: =U86*'Расчет дотаций'!AA88 -> 0.32386129 | W86: =$B86*V86/$AD86 -> 1.6265958 | X86: ='Расчет дотаций'!AD88-1 -> -0.13241503 | Y86: =X86*'Расчет дотаций'!AE88 -> -1.3241503 | Z86: =$B86*Y86/$AD86 -> -6.6505548 | AA86: н/д | AB86: н/д | AC86: н/д | AD86: =D86+G86+J86+M86+P86+S86+V86+Y86 -> 0.099551864
A87: Сельское поселение Новопавловка | B87: ='Расчет дотаций'!AM89 -> 1.8 | C87: ='Расчет дотаций'!B89-1 -> 0 | D87: =C87*'Расчет дотаций'!C89 -> 0 | E87: =$B87*D87/$AD87 -> 0 | F87: ='Расчет дотаций'!F89-1 -> -0.0056093225 | G87: =F87*'Расчет дотаций'!G89 -> -0.056093225 | H87: =$B87*G87/$AD87 -> -1.0142232 | I87: ='Расчет дотаций'!J89-1 -> 0.0092105263 | J87: =I87*'Расчет дотаций'!K89 -> 0.13815789 | K87: =$B87*J87/$AD87 -> 2.4980367 | L87: ='Расчет дотаций'!N89-1 -> 0.033333333 | M87: =L87*'Расчет дотаций'!O89 -> 0.5 | N87: =$B87*M87/$AD87 -> 9.0405138 | O87: ='Расчет дотаций'!R89-1 -> 0.011915888 | P87: =O87*'Расчет дотаций'!S89 -> 0.059579439 | Q87: =$B87*P87/$AD87 -> 1.0772575 | R87: ='Расчет дотаций'!V89-1 -> 0.045819672 | S87: =R87*'Расчет дотаций'!W89 -> 0.45819672 | T87: =$B87*S87/$AD87 -> 8.2846676 | U87: ='Расчет дотаций'!Z89-1 -> 0.032386129 | V87: =U87*'Расчет дотаций'!AA89 -> 0.32386129 | W87: =$B87*V87/$AD87 -> 5.855745 | X87: ='Расчет дотаций'!AD89-1 -> -0.13241503 | Y87: =X87*'Расчет дотаций'!AE89 -> -1.3241503 | Z87: =$B87*Y87/$AD87 -> -23.941997 | AA87: н/д | AB87: н/д | AC87: н/д | AD87: =D87+G87+J87+M87+P87+S87+V87+Y87 -> 0.099551864
A88: Сельское поселение Фрунзенское | B88: ='Расчет дотаций'!AM90 -> 1.8 | C88: ='Расчет дотаций'!B90-1 -> 0 | D88: =C88*'Расчет дотаций'!C90 -> 0 | E88: =$B88*D88/$AD88 -> 0 | F88: ='Расчет дотаций'!F90-1 -> -0.0056093225 | G88: =F88*'Расчет дотаций'!G90 -> -0.056093225 | H88: =$B88*G88/$AD88 -> -1.0142232 | I88: ='Расчет дотаций'!J90-1 -> 0.0092105263 | J88: =I88*'Расчет дотаций'!K90 -> 0.13815789 | K88: =$B88*J88/$AD88 -> 2.4980367 | L88: ='Расчет дотаций'!N90-1 -> 0.033333333 | M88: =L88*'Расчет дотаций'!O90 -> 0.5 | N88: =$B88*M88/$AD88 -> 9.0405138 | O88: ='Расчет дотаций'!R90-1 -> 0.011915888 | P88: =O88*'Расчет дотаций'!S90 -> 0.059579439 | Q88: =$B88*P88/$AD88 -> 1.0772575 | R88: ='Расчет дотаций'!V90-1 -> 0.045819672 | S88: =R88*'Расчет дотаций'!W90 -> 0.45819672 | T88: =$B88*S88/$AD88 -> 8.2846676 | U88: ='Расчет дотаций'!Z90-1 -> 0.032386129 | V88: =U88*'Расчет дотаций'!AA90 -> 0.32386129 | W88: =$B88*V88/$AD88 -> 5.855745 | X88: ='Расчет дотаций'!AD90-1 -> -0.13241503 | Y88: =X88*'Расчет дотаций'!AE90 -> -1.3241503 | Z88: =$B88*Y88/$AD88 -> -23.941997 | AA88: н/д | AB88: н/д | AC88: н/д | AD88: =D88+G88+J88+M88+P88+S88+V88+Y88 -> 0.099551864
A89: Сельское поселение Южное | B89: ='Расчет дотаций'!AM91 -> 0.9 | C89: ='Расчет дотаций'!B91-1 -> 0 | D89: =C89*'Расчет дотаций'!C91 -> 0 | E89: =$B89*D89/$AD89 -> 0 | F89: ='Расчет дотаций'!F91-1 -> -0.0056093225 | G89: =F89*'Расчет дотаций'!G91 -> -0.056093225 | H89: =$B89*G89/$AD89 -> -0.50711158 | I89: ='Расчет дотаций'!J91-1 -> 0.0092105263 | J89: =I89*'Расчет дотаций'!K91 -> 0.13815789 | K89: =$B89*J89/$AD89 -> 1.2490184 | L89: ='Расчет дотаций'!N91-1 -> 0.033333333 | M89: =L89*'Расчет дотаций'!O91 -> 0.5 | N89: =$B89*M89/$AD89 -> 4.5202569 | O89: ='Расчет дотаций'!R91-1 -> 0.011915888 | P89: =O89*'Расчет дотаций'!S91 -> 0.059579439 | Q89: =$B89*P89/$AD89 -> 0.53862874 | R89: ='Расчет дотаций'!V91-1 -> 0.045819672 | S89: =R89*'Расчет дотаций'!W91 -> 0.45819672 | T89: =$B89*S89/$AD89 -> 4.1423338 | U89: ='Расчет дотаций'!Z91-1 -> 0.032386129 | V89: =U89*'Расчет дотаций'!AA91 -> 0.32386129 | W89: =$B89*V89/$AD89 -> 2.9278725 | X89: ='Расчет дотаций'!AD91-1 -> -0.13241503 | Y89: =X89*'Расчет дотаций'!AE91 -> -1.3241503 | Z89: =$B89*Y89/$AD89 -> -11.970999 | AA89: н/д | AB89: н/д | AC89: н/д | AD89: =D89+G89+J89+M89+P89+S89+V89+Y89 -> 0.099551864
A90: Муниципальный район Большечерниговский | B90: ='Расчет дотаций'!AM92 -> 0 | C90: ='Расчет дотаций'!B92-1 -> -1 | D90: =C90*'Расчет дотаций'!C92 -> 0 | E90: =$B90*D90/$AD90 -> #DIV/0!
A91: Сельское поселение Августовка | B91: ='Расчет дотаций'!AM93 -> -91.5 | C91: ='Расчет дотаций'!B93-1 -> 0 | D91: =C91*'Расчет дотаций'!C93 -> 0 | E91: =$B91*D91/$AD91 -> 0 | F91: ='Расчет дотаций'!F93-1 -> 0.040776936 | G91: =F91*'Расчет дотаций'!G93 -> 0.40776936 | H91: =$B91*G91/$AD91 -> 7.975177 | I91: ='Расчет дотаций'!J93-1 -> 0.025 | J91: =I91*'Расчет дотаций'!K93 -> 0.375 | K91: =$B91*J91/$AD91 -> 7.3342719 | L91: ='Расчет дотаций'!N93-1 -> -0.375 | M91: =L91*'Расчет дотаций'!O93 -> -5.625 | N91: =$B91*M91/$AD91 -> -110.01408 | O91: ='Расчет дотаций'!R93-1 -> 0.052 | P91: =O91*'Расчет дотаций'!S93 -> 0.26 | Q91: =$B91*P91/$AD91 -> 5.0850952 | R91: ='Расчет дотаций'!V93-1 -> 0.0058671429 | S91: =R91*'Расчет дотаций'!W93 -> 0.058671429 | T91: =$B91*S91/$AD91 -> 1.1474992 | U91: ='Расчет дотаций'!Z93-1 -> -0.0033289136 | V91: =U91*'Расчет дотаций'!AA93 -> -0.033289136 | W91: =$B91*V91/$AD91 -> -0.65107087 | X91: ='Расчет дотаций'!AD93-1 -> -0.012153014 | Y91: =X91*'Расчет дотаций'!AE93 -> -0.12153014 | Z91: =$B91*Y91/$AD91 -> -2.3768935 | AA91: н/д | AB91: н/д | AC91: н/д | AD91: =D91+G91+J91+M91+P91+S91+V91+Y91 -> -4.6783785
A92: Сельское поселение Большая Черниговка | B92: ='Расчет дотаций'!AM94 -> -63.2 | C92: ='Расчет дотаций'!B94-1 -> 0 | D92: =C92*'Расчет дотаций'!C94 -> 0 | E92: =$B92*D92/$AD92 -> 0 | F92: ='Расчет дотаций'!F94-1 -> 0.040776936 | G92: =F92*'Расчет дотаций'!G94 -> 0.40776936 | H92: =$B92*G92/$AD92 -> 5.5085376 | I92: ='Расчет дотаций'!J94-1 -> 0.025 | J92: =I92*'Расчет дотаций'!K94 -> 0.375 | K92: =$B92*J92/$AD92 -> 5.0658578 | L92: ='Расчет дотаций'!N94-1 -> -0.375 | M92: =L92*'Расчет дотаций'!O94 -> -5.625 | N92: =$B92*M92/$AD92 -> -75.987867 | O92: ='Расчет дотаций'!R94-1 -> 0.052 | P92: =O92*'Расчет дотаций'!S94 -> 0.26 | Q92: =$B92*P92/$AD92 -> 3.5123281 | R92: ='Расчет дотаций'!V94-1 -> 0.0058671429 | S92: =R92*'Расчет дотаций'!W94 -> 0.058671429 | T92: =$B92*S92/$AD92 -> 0.79258963 | U92: ='Расчет дотаций'!Z94-1 -> -0.0033289136 | V92: =U92*'Расчет дотаций'!AA94 -> -0.033289136 | W92: =$B92*V92/$AD92 -> -0.44970141 | X92: ='Расчет дотаций'!AD94-1 -> -0.012153014 | Y92: =X92*'Расчет дотаций'!AE94 -> -0.12153014 | Z92: =$B92*Y92/$AD92 -> -1.641745 | AA92: н/д | AB92: н/д | AC92: н/д | AD92: =D92+G92+J92+M92+P92+S92+V92+Y92 -> -4.6783785
A93: Сельское поселение Восточный | B93: ='Расчет дотаций'!AM95 -> -161 | C93: ='Расчет дотаций'!B95-1 -> 0 | D93: =C93*'Расчет дотаций'!C95 -> 0 | E93: =$B93*D93/$AD93 -> 0 | F93: ='Расчет дотаций'!F95-1 -> 0.040776936 | G93: =F93*'Расчет дотаций'!G95 -> 0.40776936 | H93: =$B93*G93/$AD93 -> 14.032825 | I93: ='Расчет дотаций'!J95-1 -> 0.025 | J93: =I93*'Расчет дотаций'!K95 -> 0.375 | K93: =$B93*J93/$AD93 -> 12.905112 | L93: ='Расчет дотаций'!N95-1 -> -0.375 | M93: =L93*'Расчет дотаций'!O95 -> -5.625 | N93: =$B93*M93/$AD93 -> -193.57669 | O93: ='Расчет дотаций'!R95-1 -> 0.052 | P93: =O93*'Расчет дотаций'!S95 -> 0.26 | Q93: =$B93*P93/$AD93 -> 8.9475446 | R93: ='Расчет дотаций'!V95-1 -> 0.0058671429 | S93: =R93*'Расчет дотаций'!W95 -> 0.058671429 | T93: =$B93*S93/$AD93 -> 2.019097 | U93: ='Расчет дотаций'!Z95-1 -> -0.0033289136 | V93: =U93*'Расчет дотаций'!AA95 -> -0.033289136 | W93: =$B93*V93/$AD93 -> -1.1456001 | X93: ='Расчет дотаций'!AD95-1 -> -0.012153014 | Y93: =X93*'Расчет дотаций'!AE95 -> -0.12153014 | Z93: =$B93*Y93/$AD93 -> -4.1822935 | AA93: н/д | AB93: н/д | AC93: н/д | AD93: =D93+G93+J93+M93+P93+S93+V93+Y93 -> -4.6783785
A94: Сельское поселение Глушицкий | B94: ='Расчет дотаций'!AM96 -> -161.4 | C94: ='Расчет дотаций'!B96-1 -> 0 | D94: =C94*'Расчет дотаций'!C96 -> 0 | E94: =$B94*D94/$AD94 -> 0 | F94: ='Расчет дотаций'!F96-1 -> 0.040776936 | G94: =F94*'Расчет дотаций'!G96 -> 0.40776936 | H94: =$B94*G94/$AD94 -> 14.067689 | I94: ='Расчет дотаций'!J96-1 -> 0.025 | J94: =I94*'Расчет дотаций'!K96 -> 0.375 | K94: =$B94*J94/$AD94 -> 12.937175 | L94: ='Расчет дотаций'!N96-1 -> -0.375 | M94: =L94*'Расчет дотаций'!O96 -> -5.625 | N94: =$B94*M94/$AD94 -> -194.05762 | O94: ='Расчет дотаций'!R96-1 -> 0.052 | P94: =O94*'Расчет дотаций'!S96 -> 0.26 | Q94: =$B94*P94/$AD94 -> 8.9697745 | R94: ='Расчет дотаций'!V96-1 -> 0.0058671429 | S94: =R94*'Расчет дотаций'!W96 -> 0.058671429 | T94: =$B94*S94/$AD94 -> 2.0241134 | U94: ='Расчет дотаций'!Z96-1 -> -0.0033289136 | V94: =U94*'Расчет дотаций'!AA96 -> -0.033289136 | W94: =$B94*V94/$AD94 -> -1.1484463 | X94: ='Расчет дотаций'!AD96-1 -> -0.012153014 | Y94: =X94*'Расчет дотаций'!AE96 -> -0.12153014 | Z94: =$B94*Y94/$AD94 -> -4.1926843 | AA94: н/д | AB94: н/д | AC94: н/д | AD94: =D94+G94+J94+M94+P94+S94+V94+Y94 -> -4.6783785
A95: Сельское поселение Краснооктябрьский | B95: ='Расчет дотаций'!AM97 -> -113.7 | C95: ='Расчет дотаций'!B97-1 -> 0 | D95: =C95*'Расчет дотаций'!C97 -> 0 | E95: =$B95*D95/$AD95 -> 0 | F95: ='Расчет дотаций'!F97-1 -> 0.040776936 | G95: =F95*'Расчет дотаций'!G97 -> 0.40776936 | H95: =$B95*G95/$AD95 -> 9.910138 | I95: ='Расчет дотаций'!J97-1 -> 0.025 | J95: =I95*'Расчет дотаций'!K97 -> 0.375 | K95: =$B95*J95/$AD95 -> 9.1137346 | L95: ='Расчет дотаций'!N97-1 -> -0.375 | M95: =L95*'Расчет дотаций'!O97 -> -5.625 | N95: =$B95*M95/$AD95 -> -136.70602 | O95: ='Расчет дотаций'!R97-1 -> 0.052 | P95: =O95*'Расчет дотаций'!S97 -> 0.26 | Q95: =$B95*P95/$AD95 -> 6.318856 | R95: ='Расчет дотаций'!V97-1 -> 0.0058671429 | S95: =R95*'Расчет дотаций'!W97 -> 0.058671429 | T95: =$B95*S95/$AD95 -> 1.4259089 | U95: ='Расчет дотаций'!Z97-1 -> -0.0033289136 | V95: =U95*'Расчет дотаций'!AA97 -> -0.033289136 | W95: =$B95*V95/$AD95 -> -0.80903561 | X95: ='Расчет дотаций'!AD97-1 -> -0.012153014 | Y95: =X95*'Расчет дотаций'!AE97 -> -0.12153014 | Z95: =$B95*Y95/$AD95 -> -2.9535824 | AA95: н/д | AB95: н/д | AC95: н/д | AD95: =D95+G95+J95+M95+P95+S95+V95+Y95 -> -4.6783785
A96: Сельское поселение Пензено | B96: ='Расчет дотаций'!AM98 -> -95.5 | C96: ='Расчет дотаций'!B98-1 -> 0 | D96: =C96*'Расчет дотаций'!C98 -> 0 | E96: =$B96*D96/$AD96 -> 0 | F96: ='Расчет дотаций'!F98-1 -> 0.040776936 | G96: =F96*'Расчет дотаций'!G98 -> 0.40776936 | H96: =$B96*G96/$AD96 -> 8.3238187 | I96: ='Расчет дотаций'!J98-1 -> 0.025 | J96: =I96*'Расчет дотаций'!K98 -> 0.375 | K96: =$B96*J96/$AD96 -> 7.6548958 | L96: ='Расчет дотаций'!N98-1 -> -0.375 | M96: =L96*'Расчет дотаций'!O98 -> -5.625 | N96: =$B96*M96/$AD96 -> -114.82344 | O96: ='Расчет дотаций'!R98-1 -> 0.052 | P96: =O96*'Расчет дотаций'!S98 -> 0.26 | Q96: =$B96*P96/$AD96 -> 5.3073945 | R96: ='Расчет дотаций'!V98-1 -> 0.0058671429 | S96: =R96*'Расчет дотаций'!W98 -> 0.058671429 | T96: =$B96*S96/$AD96 -> 1.1976631 | U96: ='Расчет дотаций'!Z98-1 -> -0.0033289136 | V96: =U96*'Расчет дотаций'!AA98 -> -0.033289136 | W96: =$B96*V96/$AD96 -> -0.67953299 | X96: ='Расчет дотаций'!AD98-1 -> -0.012153014 | Y96: =X96*'Расчет дотаций'!AE98 -> -0.12153014 | Z96: =$B96*Y96/$AD96 -> -2.4808014 | AA96: н/д | AB96: н/д | AC96: н/д | AD96: =D96+G96+J96+M96+P96+S96+V96+Y96 -> -4.6783785
A97: Сельское поселение Петровский | B97: ='Расчет дотаций'!AM99 -> -113.3 | C97: ='Расчет дотаций'!B99-1 -> 0 | D97: =C97*'Расчет дотаций'!C99 -> 0 | E97: =$B97*D97/$AD97 -> 0 | F97: ='Расчет дотаций'!F99-1 -> 0.040776936 | G97: =F97*'Расчет дотаций'!G99 -> 0.40776936 | H97: =$B97*G97/$AD97 -> 9.8752739 | I97: ='Расчет дотаций'!J99-1 -> 0.025 | J97: =I97*'Расчет дотаций'!K99 -> 0.375 | K97: =$B97*J97/$AD97 -> 9.0816722 | L97: ='Расчет дотаций'!N99-1 -> -0.375 | M97: =L97*'Расчет дотаций'!O99 -> -5.625 | N97: =$B97*M97/$AD97 -> -136.22508 | O97: ='Расчет дотаций'!R99-1 -> 0.052 | P97: =O97*'Расчет дотаций'!S99 -> 0.26 | Q97: =$B97*P97/$AD97 -> 6.2966261 | R97: ='Расчет дотаций'!V99-1 -> 0.0058671429 | S97: =R97*'Расчет дотаций'!W99 -> 0.058671429 | T97: =$B97*S97/$AD97 -> 1.4208925 | U97: ='Расчет дотаций'!Z99-1 -> -0.0033289136 | V97: =U97*'Расчет дотаций'!AA99 -> -0.033289136 | W97: =$B97*V97/$AD97 -> -0.8061894 | X97: ='Расчет дотаций'!AD99-1 -> -0.012153014 | Y97: =X97*'Расчет дотаций'!AE99 -> -0.12153014 | Z97: =$B97*Y97/$AD97 -> -2.9431916 | AA97: н/д | AB97: н/д | AC97: н/д | AD97: =D97+G97+J97+M97+P97+S97+V97+Y97 -> -4.6783785
A98: Сельское поселение Поляков | B98: ='Расчет дотаций'!AM100 -> -112.2 | C98: ='Расчет дотаций'!B100-1 -> 0 | D98: =C98*'Расчет дотаций'!C100 -> 0 | E98: =$B98*D98/$AD98 -> 0 | F98: ='Расчет дотаций'!F100-1 -> 0.040776936 | G98: =F98*'Расчет дотаций'!G100 -> 0.40776936 | H98: =$B98*G98/$AD98 -> 9.7793974 | I98: ='Расчет дотаций'!J100-1 -> 0.025 | J98: =I98*'Расчет дотаций'!K100 -> 0.375 | K98: =$B98*J98/$AD98 -> 8.9935007 | L98: ='Расчет дотаций'!N100-1 -> -0.375 | M98: =L98*'Расчет дотаций'!O100 -> -5.625 | N98: =$B98*M98/$AD98 -> -134.90251 | O98: ='Расчет дотаций'!R100-1 -> 0.052 | P98: =O98*'Расчет дотаций'!S100 -> 0.26 | Q98: =$B98*P98/$AD98 -> 6.2354938 | R98: ='Расчет дотаций'!V100-1 -> 0.0058671429 | S98: =R98*'Расчет дотаций'!W100 -> 0.058671429 | T98: =$B98*S98/$AD98 -> 1.4070974 | U98: ='Расчет дотаций'!Z100-1 -> -0.0033289136 | V98: =U98*'Расчет дотаций'!AA100 -> -0.033289136 | W98: =$B98*V98/$AD98 -> -0.79836232 | X98: ='Расчет дотаций'!AD100-1 -> -0.012153014 | Y98: =X98*'Расчет дотаций'!AE100 -> -0.12153014 | Z98: =$B98*Y98/$AD98 -> -2.914617 | AA98: н/д | AB98: н/д | AC98: н/д | AD98: =D98+G98+J98+M98+P98+S98+V98+Y98 -> -4.6783785
A99: Сельское поселение Украинка | B99: ='Расчет дотаций'!AM101 -> -115.2 | C99: ='Расчет дотаций'!B101-1 -> 0 | D99: =C99*'Расчет дотаций'!C101 -> 0 | E99: =$B99*D99/$AD99 -> 0 | F99: ='Расчет дотаций'!F101-1 -> 0.040776936 | G99: =F99*'Расчет дотаций'!G101 -> 0.40776936 | H99: =$B99*G99/$AD99 -> 10.040879 | I99: ='Расчет дотаций'!J101-1 -> 0.025 | J99: =I99*'Расчет дотаций'!K101 -> 0.375 | K99: =$B99*J99/$AD99 -> 9.2339686 | L99: ='Расчет дотаций'!N101-1 -> -0.375 | M99: =L99*'Расчет дотаций'!O101 -> -5.625 | N99: =$B99*M99/$AD99 -> -138.50953 | O99: ='Расчет дотаций'!R101-1 -> 0.052 | P99: =O99*'Расчет дотаций'!S101 -> 0.26 | Q99: =$B99*P99/$AD99 -> 6.4022182 | R99: ='Расчет дотаций'!V101-1 -> 0.0058671429 | S99: =R99*'Расчет дотаций'!W101 -> 0.058671429 | T99: =$B99*S99/$AD99 -> 1.4447203 | U99: ='Расчет дотаций'!Z101-1 -> -0.0033289136 | V99: =U99*'Расчет дотаций'!AA101 -> -0.033289136 | W99: =$B99*V99/$AD99 -> -0.8197089 | X99: ='Расчет дотаций'!AD101-1 -> -0.012153014 | Y99: =X99*'Расчет дотаций'!AE101 -> -0.12153014 | Z99: =$B99*Y99/$AD99 -> -2.9925479 | AA99: н/д | AB99: н/д | AC99: н/д | AD99: =D99+G99+J99+M99+P99+S99+V99+Y99 -> -4.6783785
A100: Муниципальный район Борский | B100: ='Расчет дотаций'!AM102 -> 0 | C100: ='Расчет дотаций'!B102-1 -> -1 | D100: =C100*'Расчет дотаций'!C102 -> 0 | E100: =$B100*D100/$AD100 -> #DIV/0!
A101: Сельское поселение Большое Алдаркино | B101: ='Расчет дотаций'!AM103 -> 46.4 | C101: ='Расчет дотаций'!B103-1 -> 0 | D101: =C101*'Расчет дотаций'!C103 -> 0 | E101: =$B101*D101/$AD101 -> 0 | F101: ='Расчет дотаций'!F103-1 -> 0.088051535 | G101: =F101*'Расчет дотаций'!G103 -> 0.88051535 | H101: =$B101*G101/$AD101 -> 11.005966 | I101: ='Расчет дотаций'!J103-1 -> 0.0029880478 | J101: =I101*'Расчет дотаций'!K103 -> 0.044820717 | K101: =$B101*J101/$AD101 -> 0.56023475 | L101: ='Расчет дотаций'!N103-1 -> 0.3 | M101: =L101*'Расчет дотаций'!O103 -> 4.5 | N101: =$B101*M101/$AD101 -> 56.247569 | O101: ='Расчет дотаций'!R103-1 -> 0.29599156 | P101: =O101*'Расчет дотаций'!S103 -> 1.4799578 | Q101: =$B101*P101/$AD101 -> 18.498673 | R101: ='Расчет дотаций'!V103-1 -> -0.072272727 | S101: =R101*'Расчет дотаций'!W103 -> -0.72272727 | T101: =$B101*S101/$AD101 -> -9.0337004 | U101: ='Расчет дотаций'!Z103-1 -> 0.00026720648 | V101: =U101*'Расчет дотаций'!AA103 -> 0.0026720648 | W101: =$B101*V101/$AD101 -> 0.033399366 | X101: ='Расчет дотаций'!AD103-1 -> -0.24730782 | Y101: =X101*'Расчет дотаций'!AE103 -> -2.4730782 | Z101: =$B101*Y101/$AD101 -> -30.912141 | AA101: н/д | AB101: н/д | AC101: н/д | AD101: =D101+G101+J101+M101+P101+S101+V101+Y101 -> 3.7121605
A102: Сельское поселение Борское | B102: ='Расчет дотаций'!AM104 -> 102.5 | C102: ='Расчет дотаций'!B104-1 -> 0 | D102: =C102*'Расчет дотаций'!C104 -> 0 | E102: =$B102*D102/$AD102 -> 0 | F102: ='Расчет дотаций'!F104-1 -> 0.088051535 | G102: =F102*'Расчет дотаций'!G104 -> 0.88051535 | H102: =$B102*G102/$AD102 -> 24.312749 | I102: ='Расчет дотаций'!J104-1 -> 0.0029880478 | J102: =I102*'Расчет дотаций'!K104 -> 0.044820717 | K102: =$B102*J102/$AD102 -> 1.2375875 | L102: ='Расчет дотаций'!N104-1 -> 0.3 | M102: =L102*'Расчет дотаций'!O104 -> 4.5 | N102: =$B102*M102/$AD102 -> 124.25379 | O102: ='Расчет дотаций'!R104-1 -> 0.29599156 | P102: =O102*'Расчет дотаций'!S104 -> 1.4799578 | Q102: =$B102*P102/$AD102 -> 40.864525 | R102: ='Расчет дотаций'!V104-1 -> -0.072272727 | S102: =R102*'Расчет дотаций'!W104 -> -0.72272727 | T102: =$B102*S102/$AD102 -> -19.955911 | U102: ='Расчет дотаций'!Z104-1 -> 0.00026720648 | V102: =U102*'Расчет дотаций'!AA104 -> 0.0026720648 | W102: =$B102*V102/$AD102 -> 0.073780927 | X102: ='Расчет дотаций'!AD104-1 -> -0.24730782 | Y102: =X102*'Расчет дотаций'!AE104 -> -2.4730782 | Z102: =$B102*Y102/$AD102 -> -68.286519 | AA102: н/д | AB102: н/д | AC102: н/д | AD102: =D102+G102+J102+M102+P102+S102+V102+Y102 -> 3.7121605
A103: Сельское поселение Гвардейцы | B103: ='Расчет дотаций'!AM105 -> 49.9 | C103: ='Расчет дотаций'!B105-1 -> 0 | D103: =C103*'Расчет дотаций'!C105 -> 0 | E103: =$B103*D103/$AD103 -> 0 | F103: ='Расчет дотаций'!F105-1 -> 0.088051535 | G103: =F103*'Расчет дотаций'!G105 -> 0.88051535 | H103: =$B103*G103/$AD103 -> 11.836158 | I103: ='Расчет дотаций'!J105-1 -> 0.0029880478 | J103: =I103*'Расчет дотаций'!K105 -> 0.044820717 | K103: =$B103*J103/$AD103 -> 0.60249383 | L103: ='Расчет дотаций'!N105-1 -> 0.3 | M103: =L103*'Расчет дотаций'!O105 -> 4.5 | N103: =$B103*M103/$AD103 -> 60.490381 | O103: ='Расчет дотаций'!R105-1 -> 0.29599156 | P103: =O103*'Расчет дотаций'!S105 -> 1.4799578 | Q103: =$B103*P103/$AD103 -> 19.894047 | R103: ='Расчет дотаций'!V105-1 -> -0.072272727 | S103: =R103*'Расчет дотаций'!W105 -> -0.72272727 | T103: =$B103*S103/$AD103 -> -9.7151218 | U103: ='Расчет дотаций'!Z105-1 -> 0.00026720648 | V103: =U103*'Расчет дотаций'!AA105 -> 0.0026720648 | W103: =$B103*V103/$AD103 -> 0.035918715 | X103: ='Расчет дотаций'!AD105-1 -> -0.24730782 | Y103: =X103*'Расчет дотаций'!AE105 -> -2.4730782 | Z103: =$B103*Y103/$AD103 -> -33.243876 | AA103: н/д | AB103: н/д | AC103: н/д | AD103: =D103+G103+J103+M103+P103+S103+V103+Y103 -> 3.7121605
A104: Сельское поселение Долматовка | B104: ='Расчет дотаций'!AM106 -> 53.5 | C104: ='Расчет дотаций'!B106-1 -> 0 | D104: =C104*'Расчет дотаций'!C106 -> 0 | E104: =$B104*D104/$AD104 -> 0 | F104: ='Расчет дотаций'!F106-1 -> 0.088051535 | G104: =F104*'Расчет дотаций'!G106 -> 0.88051535 | H104: =$B104*G104/$AD104 -> 12.690069 | I104: ='Расчет дотаций'!J106-1 -> 0.0029880478 | J104: =I104*'Расчет дотаций'!K106 -> 0.044820717 | K104: =$B104*J104/$AD104 -> 0.64596032 | L104: ='Расчет дотаций'!N106-1 -> 0.3 | M104: =L104*'Расчет дотаций'!O106 -> 4.5 | N104: =$B104*M104/$AD104 -> 64.854416 | O104: ='Расчет дотаций'!R106-1 -> 0.29599156 | P104: =O104*'Расчет дотаций'!S106 -> 1.4799578 | Q104: =$B104*P104/$AD104 -> 21.329289 | R104: ='Расчет дотаций'!V106-1 -> -0.072272727 | S104: =R104*'Расчет дотаций'!W106 -> -0.72272727 | T104: =$B104*S104/$AD104 -> -10.416012 | U104: ='Расчет дотаций'!Z106-1 -> 0.00026720648 | V104: =U104*'Расчет дотаций'!AA106 -> 0.0026720648 | W104: =$B104*V104/$AD104 -> 0.038510045 | X104: ='Расчет дотаций'!AD106-1 -> -0.24730782 | Y104: =X104*'Расчет дотаций'!AE106 -> -2.4730782 | Z104: =$B104*Y104/$AD104 -> -35.642232 | AA104: н/д | AB104: н/д | AC104: н/д | AD104: =D104+G104+J104+M104+P104+S104+V104+Y104 -> 3.7121605
A105: Сельское поселение Заплавное | B105: ='Расчет дотаций'!AM107 -> 77.1 | C105: ='Расчет дотаций'!B107-1 -> 0 | D105: =C105*'Расчет дотаций'!C107 -> 0 | E105: =$B105*D105/$AD105 -> 0 | F105: ='Расчет дотаций'!F107-1 -> 0.088051535 | G105: =F105*'Расчет дотаций'!G107 -> 0.88051535 | H105: =$B105*G105/$AD105 -> 18.287931 | I105: ='Расчет дотаций'!J107-1 -> 0.0029880478 | J105: =I105*'Расчет дотаций'!K107 -> 0.044820717 | K105: =$B105*J105/$AD105 -> 0.9309073 | L105: ='Расчет дотаций'!N107-1 -> 0.3 | M105: =L105*'Расчет дотаций'!O107 -> 4.5 | N105: =$B105*M105/$AD105 -> 93.463093 | O105: ='Расчет дотаций'!R107-1 -> 0.29599156 | P105: =O105*'Расчет дотаций'!S107 -> 1.4799578 | Q105: =$B105*P105/$AD105 -> 30.738097 | R105: ='Расчет дотаций'!V107-1 -> -0.072272727 | S105: =R105*'Расчет дотаций'!W107 -> -0.72272727 | T105: =$B105*S105/$AD105 -> -15.010739 | U105: ='Расчет дотаций'!Z107-1 -> 0.00026720648 | V105: =U105*'Расчет дотаций'!AA107 -> 0.0026720648 | W105: =$B105*V105/$AD105 -> 0.055497653 | X105: ='Расчет дотаций'!AD107-1 -> -0.24730782 | Y105: =X105*'Расчет дотаций'!AE107 -> -2.4730782 | Z105: =$B105*Y105/$AD105 -> -51.364787 | AA105: н/д | AB105: н/д | AC105: н/д | AD105: =D105+G105+J105+M105+P105+S105+V105+Y105 -> 3.7121605
A106: Сельское поселение Коноваловка | B106: ='Расчет дотаций'!AM108 -> 55.5 | C106: ='Расчет дотаций'!B108-1 -> 0 | D106: =C106*'Расчет дотаций'!C108 -> 0 | E106: =$B106*D106/$AD106 -> 0 | F106: ='Расчет дотаций'!F108-1 -> 0.088051535 | G106: =F106*'Расчет дотаций'!G108 -> 0.88051535 | H106: =$B106*G106/$AD106 -> 13.164464 | I106: ='Расчет дотаций'!J108-1 -> 0.0029880478 | J106: =I106*'Расчет дотаций'!K108 -> 0.044820717 | K106: =$B106*J106/$AD106 -> 0.67010837 | L106: ='Расчет дотаций'!N108-1 -> 0.3 | M106: =L106*'Расчет дотаций'!O108 -> 4.5 | N106: =$B106*M106/$AD106 -> 67.27888 | O106: ='Расчет дотаций'!R108-1 -> 0.29599156 | P106: =O106*'Расчет дотаций'!S108 -> 1.4799578 | Q106: =$B106*P106/$AD106 -> 22.126645 | R106: ='Расчет дотаций'!V108-1 -> -0.072272727 | S106: =R106*'Расчет дотаций'!W108 -> -0.72272727 | T106: =$B106*S106/$AD106 -> -10.805396 | U106: ='Расчет дотаций'!Z108-1 -> 0.00026720648 | V106: =U106*'Расчет дотаций'!AA108 -> 0.0026720648 | W106: =$B106*V106/$AD106 -> 0.039949673 | X106: ='Расчет дотаций'!AD108-1 -> -0.24730782 | Y106: =X106*'Расчет дотаций'!AE108 -> -2.4730782 | Z106: =$B106*Y106/$AD106 -> -36.974652 | AA106: н/д | AB106: н/д | AC106: н/д | AD106: =D106+G106+J106+M106+P106+S106+V106+Y106 -> 3.7121605
